Workbook

Sheet Summary
A1: Budgetary Central Government Statistics
A3: 1. | B3: Monthly Data
A4: 1.1. | B4: =MID('1.1'!$A$1,13,98)&" - Current Prices" -> Budgetary Central Government Statement of Government Operations - Brazil - Time Series - Monthly - Current Prices
A5: 1.2. | B5: =MID('1.2'!$A$1,13,98)&" - Current Prices" -> Budgetary Central Government Revenue - Brazil - Time Series - Monthly - Current Prices
A6: 1.3. | B6: =MID('1.3'!$A$1,13,98)&" - Current Prices" -> Budgetary Central Government Expenditure - Brazil - Time Series - Monthly - Current Prices
A7: 1.4. | B7: =MID('1.4'!$A$1,13,98)&" - Current Prices" -> Budgetary Central Government Statement of Sources & Uses of Cash - Brazil - Time Series - Monthly - Current Prices
A8: 2. | B8: Quarterly Data
A9: 2.1. | B9: =MID('2.1'!$A$1,13,98)&" - Current Prices" -> Budgetary Central Government Statement of Government Operations - Brazil - Time Series - Quarterl - Current Prices
A10: 2.1.a. | B10: =MID('2.1.a'!$A$1,15,130)&" - GDP %" -> Budgetary Central Government Statement of Government Operations - Brazil - Time Series - Quarterly - GDP %
A11: 2.2. | B11: =MID('2.2'!$A$1,13,98)&" - Current Prices" -> Budgetary Central Government Revenue - Brazil - Time Series - Quarterly - Current Prices
A12: 2.2.a. | B12: =MID('2.2.a'!$A$1,15,130)&" - GDP %" -> Budgetary Central Government Revenue - Brazil - Time Series - Quarterly - GDP %
A13: 2.3. | B13: =MID('2.3'!$A$1,13,98)&" - Current Prices" -> Budgetary Central Government Expenditure - Brazil - Time Series - Quarterly - Current Prices
A14: 2.3.a. | B14: =MID('2.3.a'!$A$1,15,130)&" - GDP %" -> Budgetary Central Government Expenditure - Brazil - Time Series - Quarterly - GDP %
A15: 2.4. | B15: =MID('2.4'!$A$1,13,99)&" - Current Prices" -> Budgetary Central Government Statement of Sources & Uses of Cash - Brazil - Time Series - Quarterly - Current Prices
A16: 2.4.a. | B16: =MID('2.4.a'!$A$1,15,130)&" - GDP %" -> Budgetary Central Government Statement of Sources & Uses of Cash - Brazil - Time Series - Quarterly - GDP %
A17: 3. | B17: Yearly Data
A18: 3.1. | B18: =MID('3.1'!$A$1,13,98)&" - Current Prices" -> Budgetary Central Government Statement of Government Operations - Brazil - Time Series - Yearly - Current Prices
A19: 3.1.a. | B19: =MID('3.1.a'!$A$1,15,130)&" - GDP %" -> Budgetary Central Government Statement of Government Operations - Brazil - Time Series - Yearly - GDP %
A20: 3.2. | B20: =MID('3.2'!$A$1,13,98)&" - Current Prices" -> Budgetary Central Government Revenue - Brazil - Time Series - Yearly - Current Prices
A21: 3.2.a. | B21: =MID('3.2.a'!$A$1,15,130)&" - GDP %" -> Budgetary Central Government Revenue - Brazil - Time Series - Yearly - GDP %
A22: 3.3. | B22: =MID('3.3'!$A$1,13,98)&" - Current Prices" -> Budgetary Central Government Expenditure - Brazil - Time Series - Yearly - Current Prices
A23: 3.3.a. | B23: =MID('3.3.a'!$A$1,15,130)&" - GDP %" -> Budgetary Central Government Expenditure - Brazil - Time Series - Yearly - GDP %
A24: 3.4. | B24: =MID('3.4'!$A$1,13,98)&" - Current Prices" -> Budgetary Central Government Statement of Sources & Uses of Cash - Brazil - Time Series - Yearly - Current Prices
A25: 3.4.a. | B25: =MID('3.4.a'!$A$1,15,130)&" - GDP %" -> Budgetary Central Government Statement of Sources & Uses of Cash - Brazil - Time Series - Yearly - GDP %
A26: 4. | B26: Bridge tables between GFS and official statistics
A27: 4.1. | B27: =MID('4.1'!$A$1,13,130)&" - Current Prices" -> Bridge table between the RTN primary balance and the Budgetary Central Government (BCG) Statement of Operations - Quarterly - Current Prices
A28: 4.2. | B28: =MID('4.2'!$A$1,13,130)&" - Current Prices" -> Bridge table between the RTN primary balance and the Budgetary Central Government (BCG) Statement of Operations - Yearly - Current Prices
A30: Glossary
A31: Metadata

Sheet 1.1
A1: Table 1.1. Budgetary Central Government Statement of Government Operations - Brazil - Time Series - Monthly
A2: R$ Million - Current Prices
A4: Statement of Government Operations - Budgetary Cental Government 1/ | C4: 38718 | D4: 38749 | E4: 38777 | F4: 38808 | G4: 38838 | H4: 38869 | I4: 38899 | J4: 38930 | K4: 38961 | L4: 38991 | M4: 39022 | N4: 39052 | O4: 39083 | P4: 39114 | Q4: 39142 | R4: 39173 | S4: 39203 | T4: 39234 | U4: 39264 | V4: 39295 | W4: 39326 | X4: 39356 | Y4: 39387 | Z4: 39417 | AA4: 39448 | AB4: 39479 | AC4: 39508 | AD4: 39539 | AE4: 39569 | AF4: 39600 | AG4: 39630 | AH4: 39661 | AI4: 39692 | AJ4: 39722 | AK4: 39753 | AL4: 39783 | AM4: 39814 | AN4: 39845 | AO4: 39873 | AP4: 39904 | AQ4: 39934 | AR4: 39965 | AS4: 39995 | AT4: 40026 | AU4: 40057 | AV4: 40087 | AW4: 40118 | AX4: 40148 | AY4: 40179 | AZ4: 40210 | BA4: 40238 | BB4: 40269 | BC4: 40299 | BD4: 40330 | BE4: 40360 | BF4: 40391 | BG4: 40422 | BH4: 40452 | BI4: 40483 | BJ4: 40513 | BK4: 40544 | BL4: 40575 | BM4: 40603 | BN4: 40634 | BO4: 40664 | BP4: 40695 | BQ4: 40725 | BR4: 40756 | BS4: 40787 | BT4: 40817 | BU4: 40848 | BV4: 40878 | BW4: 40909 | BX4: 40940 | BY4: 40969 | BZ4: 41000 | CA4: 41030 | CB4: 41061 | CC4: 41091 | CD4: 41122 | CE4: 41153 | CF4: 41183 | CG4: 41214 | CH4: 41244 | CI4: 41275 | CJ4: 41306 | CK4: 41334 | CL4: 41365 | CM4: 41395 | CN4: 41426 | CO4: 41456 | CP4: 41487 | CQ4: 41518 | CR4: 41548 | CS4: 41579 | CT4: 41609 | CU4: 41640 | CV4: 41671 | CW4: 41699 | CX4: 41730 | CY4: 41760 | CZ4: 41791 | DA4: 41821 | DB4: 41852 | DC4: 41883 | DD4: 41913 | DE4: 41944 | DF4: 41974 | DG4: 42005 | DH4: 42036 | DI4: 42064 | DJ4: 42095 | DK4: 42125 | DL4: 42156 | DM4: 42186 | DN4: 42217 | DO4: 42248 | DP4: 42278 | DQ4: 42309 | DR4: 42339 | DS4: 42370 | DT4: 42401 | DU4: 42430 | DV4: 42461 | DW4: 42491 | DX4: 42522 | DY4: 42552 | DZ4: 42583 | EA4: 42614 | EB4: 42644 | EC4: 42675 | ED4: 42705 | EE4: 42736 | EF4: 42767 | EG4: 42795 | EH4: 42826 | EI4: 42856 | EJ4: 42887 | EK4: 42917 | EL4: 42948 | EM4: 42979 | EN4: 43009 | EO4: 43040 | EP4: 43070 | EQ4: 43101 | ER4: 43132 | ES4: 43160 | ET4: 43191 | EU4: 43221 | EV4: 43252 | EW4: 43282 | EX4: 43313 | EY4: 43344 | EZ4: 43374 | FA4: 43405 | FB4: 43435 | FC4: 43466 | FD4: 43497 | FE4: 43525 | FF4: 43556 | FG4: 43586 | FH4: 43617 | FI4: 43647 | FJ4: 43678 | FK4: 43709 | FL4: 43739 | FM4: 43770 | FN4: 43800 | FO4: 43831 | FP4: 43862 | FQ4: 43891 | FR4: 43922 | FS4: 43952 | FT4: 43983 | FU4: 44013 | FV4: 44044 | FW4: 44075 | FX4: 44105 | FY4: 44136 | FZ4: 44166 | GA4: 44197 | GB4: 44228 | GC4: 44256 | GD4: 44287 | GE4: 44317 | GF4: 44348 | GG4: 44378 | GH4: 44409 | GI4: 44440 | GJ4: 44470 | GK4: 44501 | GL4: 44531 | GM4: 44562 | GN4: 44593 | GO4: 44621 | GP4: 44652 | GQ4: 44682 | GR4: 44713 | GS4: 44743 | GT4: 44774 | GU4: 44805 | GV4: 44835 | GW4: 44866 | GX4: 44896 | GY4: 44927 | GZ4: 44958 | HA4: 44986 | HB4: 45017 | HC4: 45047 | HD4: 45078 | HE4: 45108 | HF4: 45139 | HG4: 45170 | HH4: 45200 | HI4: 45231 | HJ4: 45261 | HK4: 45292 | HL4: 45323 | HM4: 45352 | HN4: 45383 | HO4: 45413 | HP4: 45444 | HQ4: 45474 | HR4: 45505 | HS4: 45536 | HT4: 45566 | HU4: 45597 | HV4: 45627 | HW4: 45658 | HX4: 45689 | HY4: 45717 | HZ4: 45748 | IA4: 45778 | IB4: 45809 | IC4: 45839 | ID4: 45870 | IE4: 45901 | IF4: 45931 | IG4: 45962 | IH4: 45992 | II4: 46023 | IJ4: 46054 | IK4: 46082 | IL4: 46113 | IM4: 46143 | IN4: 46174 | IO4: 46204 | IP4: 46235
A5: 1 | B5: Revenue 2/ | C5: 51583.138 | D5: 46610.786 | E5: 51184.126 | F5: 53091.496 | G5: 50678.202 | H5: 49593.103 | I5: 52549.236 | J5: 51026.967 | K5: 55034.145 | L5: 53751.91 | M5: 51938.27 | N5: 68748.274 | O5: 58506.412 | P5: 51542.301 | Q5: 56217.26 | R5: 60606.323 | S5: 52261.693 | T5: 57918.853 | U5: 57767.1 | V5: 58183.093 | W5: 60725.012 | X5: 63695.747 | Y5: 62546.573 | Z5: 88098.279 | AA5: 76128.005 | AB5: 59252.303 | AC5: 67830.874 | AD5: 70877.021 | AE5: 63842.718 | AF5: 70363.374 | AG5: 76820.806 | AH5: 71251.406 | AI5: 70278.229 | AJ5: 86048.609 | AK5: 69945.842 | AL5: 75150.157 | AM5: 69675.709 | AN5: 56544.888 | AO5: 63934.774 | AP5: 65365.302 | AQ5: 61215.777 | AR5: 63557.921 | AS5: 66745.723 | AT5: 67524.845 | AU5: 56810.137 | AV5: 76850.094 | AW5: 79741.923 | AX5: 88573.011 | AY5: 82709.211 | AZ5: 68345.286 | BA5: 77944.694 | BB5: 88647.432 | BC5: 78528.746 | BD5: 75943.062 | BE5: 79549.498 | BF5: 80326.229 | BG5: 84550.317 | BH5: 88474.272 | BI5: 85607.025 | BJ5: 116155.02 | BK5: 107075.73 | BL5: 80511.147 | BM5: 90457.323 | BN5: 102107.62 | BO5: 88540.647 | BP5: 88255.485 | BQ5: 98835.078 | BR5: 84594.485 | BS5: 92446.56 | BT5: 101720.31 | BU5: 91923.467 | BV5: 111753.08 | BW5: 115287.22 | BX5: 91237.286 | BY5: 97444.585 | BZ5: 110509.68 | CA5: 98518.721 | CB5: 97217.767 | CC5: 123247.35 | CD5: 100556.55 | CE5: 101021.99 | CF5: 106700.04 | CG5: 96463.061 | CH5: 132161.6 | CI5: 135033.31 | CJ5: 91935.908 | CK5: 95626.4 | CL5: 115654.37 | CM5: 104483.79 | CN5: 104575.72 | CO5: 113088.14 | CP5: 100125.39 | CQ5: 101998.07 | CR5: 118309.74 | CS5: 122770.32 | CT5: 153218.21 | CU5: 142976.77 | CV5: 104698.29 | CW5: 115265.66 | CX5: 130512.51 | CY5: 105630.75 | CZ5: 103562.51 | DA5: 108806.95 | DB5: 107155.34 | DC5: 102576.85 | DD5: 116066.18 | DE5: 114427.44 | DF5: 138155.06 | DG5: 144991.94 | DH5: 110353.21 | DI5: 121740.15 | DJ5: 159912.78 | DK5: 121284.15 | DL5: 116734.98 | DM5: 125701.83 | DN5: 117949.92 | DO5: 115069.62 | DP5: 137887.97 | DQ5: 124182.32 | DR5: 152401.82 | DS5: 164950.34 | DT5: 118747.99 | DU5: 157992.11 | DV5: 135636.17 | DW5: 119623.54 | DX5: 136782.13 | DY5: 136706.36 | DZ5: 111621.37 | EA5: 116467.89 | EB5: 167723.24 | EC5: 122662.23 | ED5: 152613.6 | EE5: 161208.28 | EF5: 115755.83 | EG5: 127654.89 | EH5: 141252.41 | EI5: 116990.56 | EJ5: 123403.68 | EK5: 124299.86 | EL5: 124504.4 | EM5: 123777.74 | EN5: 139834.04 | EO5: 146401.86 | EP5: 155863.75 | EQ5: 175241.5 | ER5: 125177.38 | ES5: 128497.69 | ET5: 155355.01 | EU5: 137152.67 | EV5: 128686.13 | EW5: 151377.5 | EX5: 141743.87 | EY5: 140523.39 | EZ5: 163043.7 | FA5: 148044.35 | FB5: 171391.75 | FC5: 188435.5 | FD5: 133682.5 | FE5: 137567.25 | FF5: 163135.47 | FG5: 137146.24 | FH5: 134010.59 | FI5: 153167.84 | FJ5: 137871.05 | FK5: 138320.7 | FL5: 154093.36 | FM5: 149164.24 | FN5: 258059.52 | FO5: 196796.71 | FP5: 135888.26 | FQ5: 134473.5 | FR5: 117667.15 | FS5: 90555.752 | FT5: 94716.502 | FU5: 130069.02 | FV5: 133182.97 | FW5: 135835.01 | FX5: 167997.92 | FY5: 157996.87 | FZ5: 190039.48 | GA5: 208580.43 | GB5: 148370.99 | GC5: 166826.39 | GD5: 184594.36 | GE5: 166670.98 | GF5: 152300.14 | GG5: 189214.11 | GH5: 177266.7 | GI5: 175585.06 | GJ5: 206086.77 | GK5: 197025.3 | GL5: 243874.06 | GM5: 267782.77 | GN5: 194165.79 | GO5: 200355.51 | GP5: 236090.43 | GQ5: 208859.25 | GR5: 259020.34 | GS5: 235841.94 | GT5: 205857.28 | GU5: 205344.6 | GV5: 231866.48 | GW5: 205933.58 | GX5: 259795.16 | GY5: 292296.15 | GZ5: 188679.33 | HA5: 219794.23 | HB5: 239151.86 | HC5: 223911.44 | HD5: 213009.84 | HE5: 227298.29 | HF5: 205279.59 | HG5: 234132.11 | HH5: 245404.96 | HI5: 214397.95 | HJ5: 269564.19 | HK5: 312416.7 | HL5: 222257.34 | HM5: 240644.4 | HN5: 261361.84 | HO5: 247150.46 | HP5: 240234.28 | HQ5: 256898.82 | HR5: 230744.02 | HS5: 233143.39 | HT5: 280313.03 | HU5: 253287.85 | HV5: 331519.12 | HW5: 340447.95 | HX5: 242432.37 | HY5: 260248.68 | HZ5: 295717.42 | IA5: 266555.76 | IB5: 263825.25 | IC5: 285902.04 | ID5: 260074.01 | IE5: 258060.99 | IF5: 313126.66 | IG5: 269885.21 | IH5: 353033.79 | II5: 377013.28 | IJ5: 261393.87 | IK5: 280640.74 | IL5: 325691.08 | IM5: 307205.46 | IN5: 303294.37 | IO5: 317731.54 | IP5: 282658.95
A6: 11 | B6: Taxes | C6: 31868.529 | D6: 27123.089 | E6: 29981.444 | F6: 32596.08 | G6: 27962.585 | H6: 32218.418 | I6: 29928.851 | J6: 29314.209 | K6: 30082.029 | L6: 31688.324 | M6: 29439.191 | N6: 37893.15 | O6: 36316.319 | P6: 30501.359 | Q6: 33756.322 | R6: 38155.658 | S6: 33211.044 | T6: 35928.966 | U6: 35165.067 | V6: 33976.012 | W6: 34188.59 | X6: 38039.343 | Y6: 37311.977 | Z6: 44056.842 | AA6: 46767.193 | AB6: 34493.686 | AC6: 39075.925 | AD6: 42676.233 | AE6: 36068.39 | AF6: 38391.955 | AG6: 42496.777 | AH6: 37392.203 | AI6: 39227.597 | AJ6: 44928.548 | AK6: 37858.045 | AL6: 42433.117 | AM6: 45588.061 | AN6: 31054.178 | AO6: 39376.255 | AP6: 40819.723 | AQ6: 33660.074 | AR6: 36570.657 | AS6: 38924.079 | AT6: 33842.277 | AU6: 36279.117 | AV6: 45411.073 | AW6: 41040.519 | AX6: 43572.261 | AY6: 52732.169 | AZ6: 36328 | BA6: 43851.318 | BB6: 50405.949 | BC6: 41850.895 | BD6: 41509.376 | BE6: 44775.774 | BF6: 42622.609 | BG6: 43641.088 | BH6: 50042.93 | BI6: 45799.974 | BJ6: 60156.638 | BK6: 67917.132 | BL6: 43721.451 | BM6: 52491.642 | BN6: 59817.99 | BO6: 48918.24 | BP6: 51452.7 | BQ6: 60822.442 | BR6: 47729.733 | BS6: 48626.354 | BT6: 59592.523 | BU6: 50986.014 | BV6: 57873.346 | BW6: 74785.984 | BX6: 49043.207 | BY6: 57932.52 | BZ6: 64825.798 | CA6: 51439.989 | CB6: 53393.228 | CC6: 63387.019 | CD6: 48567.364 | CE6: 50705.856 | CF6: 58976.339 | CG6: 54301.216 | CH6: 62712.677 | CI6: 86187.197 | CJ6: 50187.156 | CK6: 53774.281 | CL6: 69077.187 | CM6: 59902.82 | CN6: 54399.733 | CO6: 61347.719 | CP6: 53282.444 | CQ6: 54283.498 | CR6: 65549.273 | CS6: 58014.814 | CT6: 87101.362 | CU6: 90407.734 | CV6: 54856.603 | CW6: 63093.976 | CX6: 72577.429 | CY6: 58503.317 | CZ6: 59563.297 | DA6: 63522.699 | DB6: 58084.306 | DC6: 56619.59 | DD6: 66930.993 | DE6: 62982.368 | DF6: 72442.754 | DG6: 91199.839 | DH6: 61894.853 | DI6: 69022.553 | DJ6: 76896.109 | DK6: 62923.513 | DL6: 64406.058 | DM6: 66806.158 | DN6: 58452.942 | DO6: 62937.154 | DP6: 69259.865 | DQ6: 60067.74 | DR6: 73336.761 | DS6: 96684.123 | DT6: 58275.215 | DU6: 69592.975 | DV6: 80171.283 | DW6: 64842.59 | DX6: 63986.734 | DY6: 71552.178 | DZ6: 57442.271 | EA6: 60325.271 | EB6: 93190.734 | EC6: 65120.499 | ED6: 78368.014 | EE6: 102087.86 | EF6: 62055.864 | EG6: 70077.835 | EH6: 82242.962 | EI6: 63681.039 | EJ6: 68295.958 | EK6: 70330.574 | EL6: 65088.747 | EM6: 66143.496 | EN6: 77620.44 | EO6: 81947.986 | EP6: 81837.474 | EQ6: 111240.7 | ER6: 71159.681 | ES6: 73223.164 | ET6: 91782.244 | EU6: 74896.449 | EV6: 71164.361 | EW6: 80863.381 | EX6: 70559.537 | EY6: 75794.931 | EZ6: 82433.278 | FA6: 78117.836 | FB6: 90350.437 | FC6: 117578.25 | FD6: 77620.016 | FE6: 75638.028 | FF6: 93465.932 | FG6: 74822.568 | FH6: 73773.06 | FI6: 87369.63 | FJ6: 77422.796 | FK6: 71453.045 | FL6: 86937.71 | FM6: 82300.603 | FN6: 91649.143 | FO6: 125744.23 | FP6: 75354.605 | FQ6: 73831.424 | FR6: 68713.255 | FS6: 49698.964 | FT6: 55189.07 | FU6: 72468.663 | FV6: 74785.974 | FW6: 77394.987 | FX6: 99698.818 | FY6: 90984.16 | FZ6: 99629.286 | GA6: 134278.99 | GB6: 86565.556 | GC6: 98125.214 | GD6: 106949.05 | GE6: 93933.58 | GF6: 87152.297 | GG6: 109365.75 | GH6: 95662.8 | GI6: 101783.56 | GJ6: 120031.1 | GK6: 106657.77 | GL6: 129074.05 | GM6: 172901.47 | GN6: 100888.71 | GO6: 115918.22 | GP6: 128337.52 | GQ6: 107903.08 | GR6: 121015.95 | GS6: 125954.31 | GT6: 110081.28 | GU6: 110233.38 | GV6: 134016.51 | GW6: 116504.36 | GX6: 135411.59 | GY6: 182381.82 | GZ6: 102938.39 | HA6: 116237.72 | HB6: 137590.8 | HC6: 112720.11 | HD6: 119055.38 | HE6: 125624.69 | HF6: 108511.02 | HG6: 115676.47 | HH6: 140429.12 | HI6: 118861.4 | HJ6: 151367.18 | HK6: 205004.96 | HL6: 128108.03 | HM6: 133964.33 | HN6: 159896.42 | HO6: 136671.08 | HP6: 137753.79 | HQ6: 153597.9 | HR6: 128276.74 | HS6: 140231.89 | HT6: 169228.46 | HU6: 140799.81 | HV6: 175865.77 | HW6: 227157.82 | HX6: 137899.65 | HY6: 145444.27 | HZ6: 174642.43 | IA6: 153637.75 | IB6: 149926.71 | IC6: 171111.43 | ID6: 140642.2 | IE6: 147143.33 | IF6: 188041.13 | IG6: 152754.54 | IH6: 194894.4 | II6: 243575.36 | IJ6: 144050.26 | IK6: 161491.46 | IL6: 194520.13 | IM6: 175570.15 | IN6: 173659.34 | IO6: 189782.01 | IP6: 155956.6
A7: 111 | B7: Taxes on income, profits, and capital gains | C7: 13973.32 | D7: 11802.118 | E7: 12969.923 | F7: 16008.025 | G7: 11524.045 | H7: 15339.476 | I7: 13265.999 | J7: 11553.453 | K7: 11420.932 | L7: 13339.858 | M7: 10935.571 | N7: 17819.909 | O7: 16428.675 | P7: 13714.008 | Q7: 15795.976 | R7: 18060.729 | S7: 13781.364 | T7: 16175.578 | U7: 15863.182 | V7: 13219.828 | W7: 12919.783 | X7: 17107.501 | Y7: 15568.674 | Z7: 21841.681 | AA7: 25571.54 | AB7: 15739.279 | AC7: 18770.607 | AD7: 22458.012 | AE7: 16445.862 | AF7: 18119.94 | AG7: 21543.515 | AH7: 16241.424 | AI7: 16595.857 | AJ7: 22090.596 | AK7: 16022.582 | AL7: 23363.369 | AM7: 26451.471 | AN7: 15148.735 | AO7: 20722.901 | AP7: 22739.403 | AQ7: 16915.972 | AR7: 18227.802 | AS7: 19724.465 | AT7: 14683.778 | AU7: 16118.665 | AV7: 23995.813 | AW7: 17906.425 | AX7: 19934.806 | AY7: 28910.603 | AZ7: 15843.57 | BA7: 19971.895 | BB7: 27484.248 | BC7: 18797.809 | BD7: 17579.351 | BE7: 21247.618 | BF7: 18461.257 | BG7: 17742.193 | BH7: 23071.372 | BI7: 19577.182 | BJ7: 29797.508 | BK7: 38940.461 | BL7: 19036.632 | BM7: 23882.396 | BN7: 32762.062 | BO7: 22188.575 | BP7: 24034.781 | BQ7: 33084.349 | BR7: 18953.744 | BS7: 18999.323 | BT7: 29921.553 | BU7: 21874.679 | BV7: 30319.541 | BW7: 43126.11 | BX7: 23278.994 | BY7: 28339.641 | BZ7: 34633.877 | CA7: 22268.429 | CB7: 24563.487 | CC7: 24702.671 | CD7: 18971.234 | CE7: 20839.44 | CF7: 28631.432 | CG7: 24596.053 | CH7: 30984.087 | CI7: 50887.848 | CJ7: 23919.976 | CK7: 24762.325 | CL7: 36225.053 | CM7: 28179.252 | CN7: 24236.19 | CO7: 29492.432 | CP7: 21587.868 | CQ7: 22303.015 | CR7: 33040.987 | CS7: 25420.99 | CT7: 40704.109 | CU7: 53830.623 | CV7: 24652.239 | CW7: 28568.397 | CX7: 40888.374 | CY7: 27146.586 | CZ7: 28029.696 | DA7: 31870.891 | DB7: 26411.506 | DC7: 23359.905 | DD7: 32564.999 | DE7: 27850.376 | DF7: 36979.478 | DG7: 53221.067 | DH7: 29662.877 | DI7: 33119.198 | DJ7: 42384.06 | DK7: 30061.671 | DL7: 31035.841 | DM7: 32118.989 | DN7: 24022.646 | DO7: 26351.245 | DP7: 34545.444 | DQ7: 25573.049 | DR7: 39025.399 | DS7: 57859.367 | DT7: 27234.468 | DU7: 32860.31 | DV7: 47193.178 | DW7: 30713.834 | DX7: 31937.604 | DY7: 37650.261 | DZ7: 25420.411 | EA7: 27475.348 | EB7: 59687.668 | EC7: 31825.759 | ED7: 43338.471 | EE7: 64828.707 | EF7: 31978.84 | EG7: 35745.337 | EH7: 48548.738 | EI7: 31226.01 | EJ7: 35512.689 | EK7: 37319.384 | EL7: 29687.124 | EM7: 28379.351 | EN7: 39740.821 | EO7: 31329.68 | EP7: 44384.796 | EQ7: 67647.023 | ER7: 35232.869 | ES7: 37135.915 | ET7: 50839.303 | EU7: 36498.146 | EV7: 33724.563 | EW7: 41840.822 | EX7: 28769.223 | EY7: 32113.629 | EZ7: 40359.792 | FA7: 37503.637 | FB7: 49074.94 | FC7: 73366.496 | FD7: 41331.375 | FE7: 38889.869 | FF7: 54044.557 | FG7: 37568.721 | FH7: 34769.076 | FI7: 49216.49 | FJ7: 35636.075 | FK7: 31278.044 | FL7: 47272.91 | FM7: 41310.344 | FN7: 50893.159 | FO7: 82210.916 | FP7: 40400.625 | FQ7: 37247.595 | FR7: 45290.527 | FS7: 32139.275 | FT7: 36307.709 | FU7: 37860.131 | FV7: 28175.088 | FW7: 36261.29 | FX7: 51795.054 | FY7: 44440.196 | FZ7: 54447.536 | GA7: 87704.13 | GB7: 44253.184 | GC7: 51040.682 | GD7: 61393.919 | GE7: 52561.489 | GF7: 45838.506 | GG7: 62750.695 | GH7: 46166.603 | GI7: 49014.395 | GJ7: 69776.016 | GK7: 54496.514 | GL7: 73125.329 | GM7: 121013.54 | GN7: 55858.834 | GO7: 66842.276 | GP7: 83932.645 | GQ7: 64051.583 | GR7: 76208.079 | GS7: 81087.139 | GT7: 61420.86 | GU7: 57432.344 | GV7: 83067.954 | GW7: 72335.789 | GX7: 85797.832 | GY7: 131831.37 | GZ7: 63412.039 | HA7: 68732.915 | HB7: 92888.052 | HC7: 67523.797 | HD7: 68125.672 | HE7: 76927.954 | HF7: 57075.395 | HG7: 59007.852 | HH7: 88415.484 | HI7: 70725.606 | HJ7: 95305.201 | HK7: 144498.84 | HL7: 76734.177 | HM7: 75266.671 | HN7: 98397.653 | HO7: 82227.241 | HP7: 75836.785 | HQ7: 92595.761 | HR7: 65397.857 | HS7: 68403.008 | HT7: 103093.23 | HU7: 75151.098 | HV7: 107428.54 | HW7: 156705.99 | HX7: 77976.739 | HY7: 82613.849 | HZ7: 111484.58 | IA7: 92841.711 | IB7: 83524.649 | IC7: 104797.88 | ID7: 71027.707 | IE7: 71531.179 | IF7: 114005.35 | IG7: 82347.456 | IH7: 118604.29 | II7: 168337.78 | IJ7: 78399.626 | IK7: 90085.35 | IL7: 120918.08 | IM7: 103267.15 | IN7: 91016.219 | IO7: 118362.56 | IP7: 75146.635
A8: 112 | B8: Taxes on payroll & workforce | C8: 826.55875 | D8: 556.6854 | E8: 576.5828 | F8: 562.83294 | G8: 577.94048 | H8: 614.5757 | I8: 603.82675 | J8: 715.70301 | K8: 631.91103 | L8: 633.78619 | M8: 667.62192 | N8: 945.14789 | O8: 932.13454 | P8: 407.72906 | Q8: 626.53418 | R8: 677.28167 | S8: 640.52453 | T8: 649.43577 | U8: 648.28973 | V8: 895.30623 | W8: 672.10152 | X8: 686.66742 | Y8: 724.85237 | Z8: 709.67033 | AA8: 1246.6408 | AB8: 718.81531 | AC8: 731.96203 | AD8: 743.44624 | AE8: 749.65139 | AF8: 786.90356 | AG8: 840.87987 | AH8: 813.14021 | AI8: 943.34686 | AJ8: 806.03023 | AK8: 814.61905 | AL8: 875.3549 | AM8: 1406.3973 | AN8: 815.94426 | AO8: 801.12608 | AP8: 833.6558 | AQ8: 834.84038 | AR8: 846.24358 | AS8: 953.92835 | AT8: 872.90411 | AU8: 905.02344 | AV8: 848.61493 | AW8: 882.35138 | AX8: 905.35212 | AY8: 1577.8118 | AZ8: 923.83809 | BA8: 917.10999 | BB8: 943.30078 | BC8: 1172.6358 | BD8: 982.29297 | BE8: 949.56307 | BF8: 973.51472 | BG8: 1033.7741 | BH8: 990.63682 | BI8: 1016.3005 | BJ8: 1050.2536 | BK8: 1869.4665 | BL8: 1135.6698 | BM8: 1080.2516 | BN8: 1178.1671 | BO8: 1104.1022 | BP8: 1115.3672 | BQ8: 1111.3906 | BR8: 1147.86 | BS8: 1443.9563 | BT8: 1167.4745 | BU8: 1175.409 | BV8: 1315.4917 | BW8: 2130.2535 | BX8: 1262.7887 | BY8: 1237.8735 | BZ8: 1372.7927 | CA8: 1272.0948 | CB8: 1277.674 | CC8: 1495.4611 | CD8: 1359.9231 | CE8: 1263.4431 | CF8: 1314.1371 | CG8: 1343.3429 | CH8: 1357.8122 | CI8: 2357.9233 | CJ8: 1436.1913 | CK8: 1385.8333 | CL8: 1407.2212 | CM8: 1554.9124 | CN8: 1477.1352 | CO8: 1656.2795 | CP8: 1471.6679 | CQ8: 1473.1082 | CR8: 1497.5136 | CS8: 1508.7424 | CT8: 1498.8277 | CU8: 2691.1781 | CV8: 1522.0721 | CW8: 1577.9532 | CX8: 1575.918 | CY8: 1713.3101 | CZ8: 1602.1638 | DA8: 1832.0508 | DB8: 1601.0352 | DC8: 1637.7892 | DD8: 1629.7367 | DE8: 1634.8419 | DF8: 1701.2682 | DG8: 2882.8122 | DH8: 1695.1631 | DI8: 1660.8034 | DJ8: 1785.5329 | DK8: 1696.809 | DL8: 1706.5936 | DM8: 1978.8134 | DN8: 1575.0567 | DO8: 1729.635 | DP8: 1631.6391 | DQ8: 1574.2367 | DR8: 1670.0453 | DS8: 2915.4471 | DT8: 1733.4183 | DU8: 1697.59 | DV8: 1926.8614 | DW8: 1713.3539 | DX8: 1730.7081 | DY8: 1984.1758 | DZ8: 1685.1726 | EA8: 1708.0725 | EB8: 1681.2573 | EC8: 1683.4314 | ED8: 1730.6708 | EE8: 3011.2838 | EF8: 1744.7216 | EG8: 1717.3859 | EH8: 1912.4824 | EI8: 1724.0638 | EJ8: 1809.9623 | EK8: 2015.7266 | EL8: 1757.3477 | EM8: 1773.8862 | EN8: 1732.0937 | EO8: 1755.0644 | EP8: 1778.246 | EQ8: 3113.765 | ER8: 1789.3935 | ES8: 1771.2748 | ET8: 1749.4768 | EU8: 1766.0823 | EV8: 1759.2339 | EW8: 1830.2214 | EX8: 1761.4406 | EY8: 2715.3058 | EZ8: 1768.1065 | FA8: 1815.2721 | FB8: 2565.7043 | FC8: 2401.7676 | FD8: 1862.0729 | FE8: 1821.2954 | FF8: 1819.2836 | FG8: 2158.8488 | FH8: 1837.7803 | FI8: 1820.1746 | FJ8: 1884.4 | FK8: 1853.6364 | FL8: 1857.8716 | FM8: 1861.5304 | FN8: 3059.9236 | FO8: 2168.5087 | FP8: 1856.5125 | FQ8: 1871.7033 | FR8: 1712.9478 | FS8: 1750.0626 | FT8: 1672.2405 | FU8: 1752.5774 | FV8: 1783.9994 | FW8: 1793.1099 | FX8: 1852.3944 | FY8: 1910.7411 | FZ8: 3144.1975 | GA8: 2136.0216 | GB8: 1958.655 | GC8: 1925.7161 | GD8: 2001.0881 | GE8: 1916.5681 | GF8: 1970.0623 | GG8: 1995.7745 | GH8: 2027.4452 | GI8: 2049.2228 | GJ8: 2073.9274 | GK8: 2456.3288 | GL8: 3710.9366 | GM8: 2335.9343 | GN8: 2234.8547 | GO8: 2242.3034 | GP8: 2254.1089 | GQ8: 2288.0649 | GR8: 2341.7184 | GS8: 2344.6527 | GT8: 2388.8952 | GU8: 2372.0753 | GV8: 2555.8166 | GW8: 2287.851 | GX8: 4141.6421 | GY8: 2577.1288 | GZ8: 2593.6607 | HA8: 2554.8073 | HB8: 2519.5863 | HC8: 2616.5837 | HD8: 2767.225 | HE8: 2587.1872 | HF8: 2591.6556 | HG8: 2627.3682 | HH8: 2707.878 | HI8: 2674.328 | HJ8: 4733.0748 | HK8: 2823.4005 | HL8: 2675.324 | HM8: 2676.0113 | HN8: 2763.8232 | HO8: 2619.1376 | HP8: 2770.1439 | HQ8: 2810.5505 | HR8: 3067.295 | HS8: 2780.215 | HT8: 2826.3564 | HU8: 2978.707 | HV8: 4877.3399 | HW8: 3046.9589 | HX8: 3057.2303 | HY8: 3017.181 | HZ8: 3018.6657 | IA8: 3080.627 | IB8: 3181.394 | IC8: 2942.4777 | ID8: 2907.7817 | IE8: 3109.6638 | IF8: 3042.2816 | IG8: 3017.1233 | IH8: 5636.139 | II8: 3288.7042 | IJ8: 3376.2331 | IK8: 3317.9939 | IL8: 3311.4309 | IM8: 3316.1328 | IN8: 3289.1894 | IO8: 3291.1019 | IP8: 3578.7322
A9: 113 | B9: Taxes on property | C9: 8.474711 | D9: 6.6512 | E9: 7.5364696 | F9: 6.8362967 | G9: 7.1077488 | H9: 6.9242677 | I9: 5.7664165 | J9: 10.220609 | K9: 180.87754 | L9: 35.438646 | M9: 28.231036 | N9: 25.089168 | O9: 9.5093107 | P9: 7.4403814 | Q9: 8.2311802 | R9: 7.1734084 | S9: 7.5654409 | T9: 7.2922542 | U9: 5.1575714 | V9: 9.890653 | W9: 199.18116 | X9: 40.468518 | Y9: 30.014079 | Z9: 26.221349 | AA9: 11.085061 | AB9: 7.1430621 | AC9: 8.5017558 | AD9: 9.4922161 | AE9: 8.1021987 | AF9: 8.4346097 | AG9: 8.4487817 | AH9: 8.113203 | AI9: 235.59078 | AJ9: 75.34695 | AK9: 34.931521 | AL9: 42.001192 | AM9: 8.565768 | AN9: 7.6891751 | AO9: 11.609638 | AP9: 7.9435932 | AQ9: 12.212246 | AR9: 7.9785314 | AS9: 7.2214816 | AT9: 11.040216 | AU9: 263.32489 | AV9: 52.559288 | AW9: 45.867106 | AX9: 32.900879 | AY9: 4.4356726 | AZ9: 11.766821 | BA9: 7.7821917 | BB9: 8.7405741 | BC9: 3.2991251 | BD9: 11.022778 | BE9: 6.4579327 | BF9: 4.3197096 | BG9: 320.94592 | BH9: 54.211879 | BI9: 51.293926 | BJ9: 43.548164 | BK9: 9.0069564 | BL9: 9.3676541 | BM9: 8.9507096 | BN9: 10.149606 | BO9: 8.9259016 | BP9: 12.553412 | BQ9: 13.128996 | BR9: 10.908281 | BS9: 358.08218 | BT9: 65.711241 | BU9: 48.696836 | BV9: 46.86351 | BW9: 16.80829 | BX9: 7.2808881 | BY9: 19.516934 | BZ9: 12.378555 | CA9: 12.935817 | CB9: 11.132363 | CC9: 12.273336 | CD9: 16.042659 | CE9: 400.06985 | CF9: 72.438362 | CG9: 51.878683 | CH9: 54.808768 | CI9: 7.5842179 | CJ9: 9.840627 | CK9: 7.8865922 | CL9: 16.030411 | CM9: 13.288081 | CN9: 7.9949785 | CO9: 9.6828269 | CP9: 9.2565919 | CQ9: 490.99297 | CR9: 85.323927 | CS9: 54.677136 | CT9: 69.694991 | CU9: 11.259418 | CV9: 9.0582042 | CW9: 8.015854 | CX9: 8.8612713 | CY9: 10.451777 | CZ9: 7.4653184 | DA9: 12.540804 | DB9: 20.461982 | DC9: 588.19705 | DD9: 105.73235 | DE9: 78.257774 | DF9: 68.509174 | DG9: 12.547979 | DH9: 8.0439635 | DI9: 15.391157 | DJ9: 10.859265 | DK9: 14.90568 | DL9: 12.518726 | DM9: 19.396037 | DN9: 12.634656 | DO9: 711.31357 | DP9: 143.53293 | DQ9: 89.866616 | DR9: 79.595087 | DS9: 16.788143 | DT9: 15.843965 | DU9: 14.733805 | DV9: 12.045036 | DW9: 15.81982 | DX9: 11.376982 | DY9: 9.3370773 | DZ9: -19.337799 | EA9: 769.30551 | EB9: 130.90549 | EC9: 96.904075 | ED9: 85.996802 | EE9: 15.78483 | EF9: 9.8149286 | EG9: 17.726748 | EH9: 10.537097 | EI9: 17.158152 | EJ9: 18.885511 | EK9: 11.383149 | EL9: 15.665807 | EM9: 850.09454 | EN9: 143.2802 | EO9: 106.36836 | EP9: 96.48952 | EQ9: 13.838478 | ER9: 7.452801 | ES9: 9.5073268 | ET9: 6.7183293 | EU9: 14.156037 | EV9: 16.972115 | EW9: 13.12621 | EX9: 21.34509 | EY9: 943.51456 | EZ9: 166.72647 | FA9: 119.8007 | FB9: 111.51169 | FC9: 26.494315 | FD9: 17.26771 | FE9: 15.788992 | FF9: 17.527006 | FG9: 17.068007 | FH9: 16.57352 | FI9: 18.704055 | FJ9: 26.689734 | FK9: 1050.1173 | FL9: 181.19127 | FM9: 145.64199 | FN9: 123.01643 | FO9: 23.154273 | FP9: 19.365045 | FQ9: 15.917498 | FR9: 2.8976296 | FS9: 11.396768 | FT9: 12.028287 | FU9: 12.050842 | FV9: 23.348862 | FW9: 1219.134 | FX9: 175.81862 | FY9: 143.43228 | FZ9: 126.40132 | GA9: 22.361857 | GB9: 23.273237 | GC9: 22.661471 | GD9: 18.166091 | GE9: 19.474704 | GF9: 20.353971 | GG9: 17.03354 | GH9: 47.286714 | GI9: 1490.2525 | GJ9: 193.26746 | GK9: 158.90053 | GL9: 153.73174 | GM9: 34.203047 | GN9: 28.389636 | GO9: 28.29133 | GP9: 26.879145 | GQ9: 29.398222 | GR9: 36.329213 | GS9: 24.806041 | GT9: 55.906447 | GU9: 1798.2838 | GV9: 223.84611 | GW9: 172.04364 | GX9: 155.58642 | GY9: 46.636212 | GZ9: 27.162893 | HA9: 33.709596 | HB9: 31.016125 | HC9: 33.836529 | HD9: 34.9206 | HE9: 28.344287 | HF9: 67.559235 | HG9: 2067.2197 | HH9: 274.28796 | HI9: 225.52392 | HJ9: 191.35152 | HK9: 47.481483 | HL9: 35.389364 | HM9: 44.721911 | HN9: 38.058074 | HO9: 40.597475 | HP9: 30.790912 | HQ9: 30.754455 | HR9: 72.949564 | HS9: 2243.5393 | HT9: 240.60824 | HU9: 226.25558 | HV9: 216.5692 | HW9: 234.64194 | HX9: 38.385213 | HY9: 70.848039 | HZ9: 38.443598 | IA9: 54.642988 | IB9: 34.954629 | IC9: 36.093909 | ID9: 79.62966 | IE9: 2544.2091 | IF9: 338.91146 | IG9: 240.75834 | IH9: 224.85941 | II9: 48.76747 | IJ9: 32.705127 | IK9: 38.719655 | IL9: 30.36597 | IM9: 39.038142 | IN9: 36.286229 | IO9: 36.818506 | IP9: 79.294175
A10: 114 | B10: Taxes on goods & services | C10: 16183.937 | D10: 14084.754 | E10: 15644.203 | F10: 15310.174 | G10: 14993.476 | H10: 15445.344 | I10: 15257.454 | J10: 15976.227 | K10: 17016.026 | L10: 16766.3 | M10: 16835.26 | N10: 18212.544 | O10: 18017.644 | P10: 15551.187 | Q10: 16308.062 | R10: 18499.567 | S10: 16939.194 | T10: 18172.272 | U10: 17604.087 | V10: 18549.507 | W10: 19164.271 | X10: 18763.824 | Y10: 19710.247 | Z10: 20447.493 | AA10: 18671.723 | AB10: 16820.075 | AC10: 18376.662 | AD10: 18040.051 | AE10: 17586.064 | AF10: 18134.237 | AG10: 18688.076 | AH10: 18903.291 | AI10: 19757.649 | AJ10: 20000.608 | AK10: 19010.89 | AL10: 18270.422 | AM10: 16197.849 | AN10: 13817.794 | AO10: 16172.906 | AP10: 16035.819 | AQ10: 15910.298 | AR10: 16275.396 | AS10: 16942.423 | AT10: 16945.607 | AU10: 17932.471 | AV10: 19371.888 | AW10: 20697.985 | AX10: 21350.346 | AY10: 20942.094 | AZ10: 18127.012 | BA10: 21174.394 | BB10: 20470.77 | BC10: 20146.332 | BD10: 21167.55 | BE10: 20675.203 | BF10: 21148.118 | BG10: 22341.273 | BH10: 23977.696 | BI10: 23023.637 | BJ10: 27711.8 | BK10: 25196.366 | BL10: 21622.885 | BM10: 25199.006 | BN10: 23913.626 | BO10: 23356.696 | BP10: 24265.774 | BQ10: 24936.32 | BR10: 24907.786 | BS10: 24942.537 | BT10: 26372.194 | BU10: 25111.484 | BV10: 23702.046 | BW10: 27274.081 | BX10: 22930.371 | BY10: 25949.399 | BZ10: 26630.266 | CA10: 25271.451 | CB10: 25048.122 | CC10: 34401.45 | CD10: 25257.277 | CE10: 25786.507 | CF10: 25944.379 | CG10: 25497.582 | CH10: 27121.078 | CI10: 29917.423 | CJ10: 22508.533 | CK10: 25311.742 | CL10: 28404.864 | CM10: 27238.184 | CN10: 25742.609 | CO10: 26720.663 | CP10: 26611.055 | CQ10: 26783.432 | CR10: 26967.835 | CS10: 28070.042 | CT10: 41005.862 | CU10: 30207.136 | CV10: 25572.558 | CW10: 29829.52 | CX10: 27210.913 | CY10: 26614.594 | CZ10: 27353.327 | DA10: 26810.009 | DB10: 26990.33 | DC10: 27900.947 | DD10: 29291.555 | DE10: 30353.376 | DF10: 30917.55 | DG10: 32233.604 | DH10: 27566.274 | DI10: 30403.779 | DJ10: 29467.4 | DK10: 28095.754 | DL10: 28432.55 | DM10: 29327.878 | DN10: 29395.173 | DO10: 30562.775 | DP10: 29428.424 | DQ10: 30010.646 | DR10: 29961.099 | DS10: 32918.823 | DT10: 26594.567 | DU10: 32188.418 | DV10: 28712.548 | DW10: 29828.453 | DX10: 27811.356 | DY10: 29536.341 | DZ10: 27560.588 | EA10: 27784.264 | EB10: 29117.953 | EC10: 28869.532 | ED10: 30633.942 | EE10: 31637.234 | EF10: 26293.523 | EG10: 29906.618 | EH10: 29509.521 | EI10: 28065.48 | EJ10: 28258.601 | EK10: 28258.941 | EL10: 30629.432 | EM10: 32218.686 | EN10: 32936.203 | EO10: 45651.291 | EP10: 32967.617 | EQ10: 37223.911 | ER10: 31296.502 | ES10: 31124.572 | ET10: 36021.918 | EU10: 33398.137 | EV10: 32076.725 | EW10: 33370.837 | EX10: 36063.461 | EY10: 36482.137 | EZ10: 36174.841 | FA10: 35235.742 | FB10: 35822.939 | FC10: 38026.601 | FD10: 31256.645 | FE10: 31657.856 | FF10: 34098.374 | FG10: 31481.062 | FH10: 33937.628 | FI10: 32633.649 | FJ10: 36091.398 | FK10: 33410.046 | FL10: 33395.411 | FM10: 35395.853 | FN10: 34241.634 | FO10: 37260.56 | FP10: 29812.797 | FQ10: 30791.494 | FR10: 18438.79 | FS10: 12614.026 | FT10: 14320.344 | FU10: 29370.34 | FV10: 41262.27 | FW10: 34137.096 | FX10: 41470.419 | FY10: 39388.742 | FZ10: 37282.763 | GA10: 39444.981 | GB10: 35519.569 | GC10: 39040.851 | GD10: 38475.664 | GE10: 34232.25 | GF10: 34837.476 | GG10: 39804.037 | GH10: 42389.736 | GI10: 43932.509 | GJ10: 42677.912 | GK10: 43965.441 | GL10: 46692.921 | GM10: 44161.321 | GN10: 38205.871 | GO10: 41643.956 | GP10: 38011.014 | GQ10: 36875.549 | GR10: 38139.015 | GS10: 37593.282 | GT10: 40687.171 | GU10: 43303.782 | GV10: 42826.429 | GW10: 36583.629 | GX10: 40649.898 | GY10: 43025.262 | GZ10: 33007.752 | HA10: 40274.372 | HB10: 37793.144 | HC10: 36942.756 | HD10: 42333.139 | HE10: 40653.834 | HF10: 43164.719 | HG10: 47283.491 | HH10: 44309.303 | HI10: 40814.228 | HJ10: 46695.326 | HK10: 52150.946 | HL10: 43866.771 | HM10: 50831.358 | HN10: 52876.961 | HO10: 46254.458 | HP10: 52513.802 | HQ10: 51518.196 | HR10: 52826.262 | HS10: 59637.329 | HT10: 54986.481 | HU10: 54776.892 | HV10: 55692.701 | HW10: 58493.656 | HX10: 49730.33 | HY10: 52860.396 | HZ10: 52845.093 | IA10: 50323.39 | IB10: 55111.6 | IC10: 55844.376 | ID10: 59832.864 | IE10: 62291.825 | IF10: 62728.403 | IG10: 59741.326 | IH10: 62815.518 | II10: 64249.823 | IJ10: 55115.701 | IK10: 58535.067 | IL10: 61610.501 | IM10: 58893.973 | IN10: 65049.945 | IO10: 56434.781 | IP10: 66491.504
A11: 115 | B11: Taxes on international trade & transactions | C11: 815.1898 | D11: 657.92262 | E11: 762.77129 | F11: 699.72421 | G11: 831.90843 | H11: 775.36712 | I11: 789.22588 | J11: 1037.1562 | K11: 822.8702 | L11: 850.84596 | M11: 962.56284 | N11: 861.3492 | O11: 918.94947 | P11: 802.06958 | Q11: 1006.1817 | R11: 896.01963 | S11: 1010.1978 | T11: 903.66271 | U11: 995.25473 | V11: 1172.8955 | W11: 1030.7077 | X11: 1234.4394 | Y11: 1203.9517 | Z11: 1046.169 | AA11: 1243.1637 | AB11: 1168.8866 | AC11: 1159.8368 | AD11: 1229.7985 | AE11: 1284.1701 | AF11: 1310.6136 | AG11: 1362.0158 | AH11: 1438.2468 | AI11: 1648.3725 | AJ11: 1888.7864 | AK11: 1742.9889 | AL11: 1632.392 | AM11: 1449.8575 | AN11: 1223.4821 | AO11: 1607.3973 | AP11: 1180.9929 | AQ11: 1159.1104 | AR11: 1060.2783 | AS11: 1249.534 | AT11: 1281.9923 | AU11: 1367.7437 | AV11: 1430.5278 | AW11: 1448.8249 | AX11: 1421.0138 | AY11: 1437.1682 | AZ11: 1374.9137 | BA11: 1739.8057 | BB11: 1492.7301 | BC11: 1665.734 | BD11: 1740.5855 | BE11: 1801.5393 | BF11: 1975.1392 | BG11: 1953.0349 | BH11: 1910.3914 | BI11: 2076.6202 | BJ11: 1915.3298 | BK11: 1870.2648 | BL11: 1884.9347 | BM11: 2123.5551 | BN11: 1893.1871 | BO11: 2158.6069 | BP11: 2057.8332 | BQ11: 2177.356 | BR11: 2456.5379 | BS11: 2375.6126 | BT11: 2425.0449 | BU11: 2736.1207 | BV11: 2493.9725 | BW11: 2337.4573 | BX11: 2171.3953 | BY11: 2418.8234 | BZ11: 2239.7317 | CA11: 2698.1644 | CB11: 2535.0562 | CC11: 2827.4391 | CD11: 2950.3889 | CE11: 2501.8218 | CF11: 3068.3991 | CG11: 2744.9419 | CH11: 2635.317 | CI11: 2976.5722 | CJ11: 2390.4056 | CK11: 2814.5886 | CL11: 2996.2307 | CM11: 2806.3141 | CN11: 2900.9332 | CO11: 3405.5694 | CP11: 3470.0238 | CQ11: 3206.5042 | CR11: 3622.0516 | CS11: 3073.9716 | CT11: 3315.2289 | CU11: 3571.9884 | CV11: 3082.3518 | CW11: 3068.1917 | CX11: 2962.0034 | CY11: 2978.5484 | CZ11: 2675.5743 | DA11: 2989.0943 | DB11: 2905.6961 | DC11: 3121.2885 | DD11: 3370.6062 | DE11: 3085.861 | DF11: 2961.8375 | DG11: 3338.7 | DH11: 2950.0228 | DI11: 3886.817 | DJ11: 3271.6998 | DK11: 2902.5447 | DL11: 3166.5119 | DM11: 3467.7711 | DN11: 3327.2348 | DO11: 3596.4222 | DP11: 3487.719 | DQ11: 2894.7151 | DR11: 2679.2007 | DS11: 2973.6954 | DT11: 2696.9195 | DU11: 2831.9191 | DV11: 2326.6444 | DW11: 2571.1293 | DX11: 2494.7923 | DY11: 2372.0644 | DZ11: 2795.4362 | EA11: 2588.2771 | EB11: 2572.9386 | EC11: 2644.8693 | ED11: 2578.9287 | EE11: 2594.848 | EF11: 2028.966 | EG11: 2690.8141 | EH11: 2261.6832 | EI11: 2648.3242 | EJ11: 2695.8097 | EK11: 2725.1345 | EL11: 2999.1767 | EM11: 2921.4764 | EN11: 3068.0434 | EO11: 3105.5591 | EP11: 2610.3235 | EQ11: 3242.1563 | ER11: 2833.4612 | ES11: 3181.8223 | ET11: 3164.918 | EU11: 3219.9304 | EV11: 3586.8711 | EW11: 3808.0301 | EX11: 3944.06 | EY11: 3540.3404 | EZ11: 3963.7829 | FA11: 3443.376 | FB11: 2775.3474 | FC11: 3756.8448 | FD11: 3152.7336 | FE11: 3253.2157 | FF11: 3486.1209 | FG11: 3596.8643 | FH11: 3212.0044 | FI11: 3680.6079 | FJ11: 3784.2297 | FK11: 3861.186 | FL11: 4230.2995 | FM11: 3587.2637 | FN11: 3331.4226 | FO11: 4081.0819 | FP11: 3265.3035 | FQ11: 3904.7096 | FR11: 3268.0862 | FS11: 3184.1981 | FT11: 2876.717 | FU11: 3473.5582 | FV11: 3541.265 | FW11: 3992.4512 | FX11: 4405.0876 | FY11: 5101.064 | FZ11: 4628.3759 | GA11: 4971.4823 | GB11: 4810.845 | GC11: 6095.3296 | GD11: 5060.1802 | GE11: 5203.7772 | GF11: 4485.8887 | GG11: 4798.2239 | GH11: 5031.7348 | GI11: 5297.1703 | GJ11: 5309.9668 | GK11: 5580.5861 | GL11: 5390.941 | GM11: 5356.4618 | GN11: 4560.7252 | GO11: 5161.4046 | GP11: 4112.8362 | GQ11: 4658.3646 | GR11: 4290.5979 | GS11: 4901.6951 | GT11: 5531.5485 | GU11: 5326.3812 | GV11: 5342.7701 | GW11: 5125.0366 | GX11: 4666.4536 | GY11: 4901.4179 | GZ11: 3897.8513 | HA11: 4641.9443 | HB11: 4359.0018 | HC11: 5603.0923 | HD11: 5794.4383 | HE11: 5427.3939 | HF11: 5611.758 | HG11: 4690.6111 | HH11: 4722.1137 | HI11: 4421.7012 | HJ11: 4442.2307 | HK11: 5484.3108 | HL11: 4796.3623 | HM11: 5145.5705 | HN11: 5819.9319 | HO11: 5529.6497 | HP11: 6602.275 | HQ11: 6642.6346 | HR11: 6912.3257 | HS11: 7167.7978 | HT11: 8081.7771 | HU11: 7666.8529 | HV11: 7650.623 | HW11: 8676.5612 | HX11: 7096.9751 | HY11: 6881.991 | HZ11: 7255.6485 | IA11: 7337.3733 | IB11: 8074.1246 | IC11: 7490.5661 | ID11: 6794.2175 | IE11: 7666.4601 | IF11: 7926.2138 | IG11: 7407.8707 | IH11: 7613.714 | II11: 7650.2855 | IJ11: 7125.9948 | IK11: 9514.3212 | IL11: 8649.7194 | IM11: 10053.845 | IN11: 14267.693 | IO11: 11656.728 | IP11: 10660.433
A12: 116 | B12: Other taxes | C12: 61.049186 | D12: 14.957935 | E12: 20.427873 | F12: 8.4870441 | G12: 28.107153 | H12: 36.730597 | I12: 6.579313 | J12: 21.449446 | K12: 9.4120257 | L12: 62.095273 | M12: 9.9450313 | N12: 29.111772 | O12: 9.4068321 | P12: 18.925426 | Q12: 11.336223 | R12: 14.887687 | S12: 832.19912 | T12: 20.72426 | U12: 49.096428 | V12: 128.58479 | W12: 202.54582 | X12: 206.4426 | Y12: 74.237446 | Z12: -14.392315 | AA12: 23.040444 | AB12: 39.487072 | AC12: 28.354396 | AD12: 195.43382 | AE12: -5.4592679 | AF12: 31.82627 | AG12: 53.841944 | AH12: -12.011509 | AI12: 46.780359 | AJ12: 67.1804 | AK12: 232.03333 | AL12: -1750.4225 | AM12: 73.920449 | AN12: 40.533461 | AO12: 60.314762 | AP12: 21.9084 | AQ12: -1172.3588 | AR12: 152.95782 | AS12: 46.507091 | AT12: 46.955713 | AU12: -308.11155 | AV12: -288.33012 | AW12: 59.066387 | AX12: -72.158377 | AY12: -139.9436 | AZ12: 46.899984 | BA12: 40.33043 | BB12: 6.1592542 | BC12: 65.085024 | BD12: 28.573985 | BE12: 95.391555 | BF12: 60.260965 | BG12: 249.8669 | BH12: 38.6208 | BI12: 54.940076 | BJ12: -361.80034 | BK12: 31.566011 | BL12: 31.961476 | BM12: 197.48295 | BN12: 60.797838 | BO12: 101.33477 | BP12: -33.609777 | BQ12: -500.1024 | BR12: 252.896 | BS12: 506.84325 | BT12: -359.45497 | BU12: 39.624747 | BV12: -4.5695781 | BW12: -98.725994 | BX12: -607.6229 | BY12: -32.734459 | BZ12: -63.247479 | CA12: -83.08638 | CB12: -42.242859 | CC12: -52.275592 | CD12: 12.498633 | CE12: -85.42647 | CF12: -54.447034 | CG12: 67.417642 | CH12: 559.57358 | CI12: 39.84624 | CJ12: -77.790663 | CK12: -508.09398 | CL12: 27.787667 | CM12: 110.86988 | CN12: 34.870109 | CO12: 63.092283 | CP12: 132.57214 | CQ12: 26.446432 | CR12: 335.56095 | CS12: -113.60989 | CT12: 507.63968 | CU12: 95.549696 | CV12: 18.323494 | CW12: 41.89873 | CX12: -68.639853 | CY12: 39.826836 | CZ12: -104.93033 | DA12: 8.1125419 | DB12: 155.27692 | DC12: 11.463611 | DD12: -31.635505 | DE12: -20.344267 | DF12: -185.88853 | DG12: -488.8922 | DH12: 12.471668 | DI12: -63.435749 | DJ12: -23.442266 | DK12: 151.82866 | DL12: 52.04323 | DM12: -106.68996 | DN12: 120.19683 | DO12: -14.236443 | DP12: 23.105956 | DQ12: -74.773814 | DR12: -78.577184 | DS12: 0.00229917 | DT12: -0.00210272 | DU12: 0.00379331 | DV12: 0.00611348 | DW12: 0.00074478 | DX12: 0.89732527 | DY12: -0.00199202 | DZ12: 0.00066668 | EA12: 0.0041112 | EB12: 0.01144423 | EC12: 0.00312769 | ED12: 0.00514003 | EE12: 0.00162364 | EF12: -0.00163858 | EG12: -0.04647798 | EH12: 0.00142762 | EI12: 0.00348062 | EJ12: 0.01064097 | EK12: 0.00413559 | EL12: 0.00069195 | EM12: 0.00175891 | EN12: -0.00095925 | EO12: 0.02335045 | EP12: 0.00203918 | EQ12: 0.0098875 | ER12: 0.00251425 | ES12: 0.07215693 | ET12: -0.08999277 | EU12: -0.00187501 | EV12: -0.00449585 | EW12: 0.34373823 | EX12: 0.0070175 | EY12: 0.0043887 | EZ12: 0.02970284 | FA12: 0.00792324 | FB12: -0.00443893 | FC12: 0.04822968 | FD12: -0.07721042 | FE12: 0.00262484 | FF12: 0.06944534 | FG12: 0.00408904 | FH12: -0.00158344 | FI12: 0.00390574 | FJ12: 0.00353952 | FK12: 0.01536407 | FL12: 0.02640229 | FM12: -0.03122576 | FN12: -0.01312927 | FO12: 0.00632518 | FP12: 0.0023109 | FQ12: 0.00439303 | FR12: 0.00666677 | FS12: 0.00568397 | FT12: 0.03104132 | FU12: 0.006074 | FV12: 0.00229381 | FW12: -8.093179 | FX12: 0.04497963 | FY12: -0.01520956 | FZ12: 0.01329466 | GA12: 0.01552759 | GB12: 0.02963282 | GC12: -0.02621006 | GD12: 0.02850309 | GE12: 0.02124294 | GF12: 0.01044939 | GG12: -0.01466967 | GH12: -0.00494893 | GI12: 0.01120291 | GJ12: 0.00901087 | GK12: -0.00026414 | GL12: 0.19305617 | GM12: 0.01395614 | GN12: 0.03854999 | GO12: -0.01319944 | GP12: 0.03801439 | GQ12: 0.12421118 | GR12: 0.21055454 | GS12: 2.7350396 | GT12: -3.1043253 | GU12: 0.51259234 | GV12: -0.30849355 | GW12: 0.00668733 | GX12: 0.17837776 | GY12: 0.00611734 | GZ12: -0.07402393 | HA12: -0.02583092 | HB12: -0.00193944 | HC12: 0.04311091 | HD12: -0.01769993 | HE12: -0.0205296 | HF12: -0.06313437 | HG12: -0.06854051 | HH12: 0.04974952 | HI12: 0.01779273 | HJ12: -0.00060694 | HK12: -0.01545217 | HL12: 0.00577251 | HM12: 0.00203625 | HN12: -0.00620616 | HO12: -0.00455347 | HP12: -0.00580067 | HQ12: 0.00358798 | HR12: 0.05308182 | HS12: -5.02e-05 | HT12: 0.0070249 | HU12: 0.00121781 | HV12: -0.00026469 | HW12: 0.01330805 | HX12: -0.01221879 | HY12: 0.00066949 | HZ12: -0.00080333 | IA12: 0.00395944 | IB12: -0.0124143 | IC12: 0.02821117 | ID12: -0.000299 | IE12: -0.00417616 | IF12: -0.03185612 | IG12: 0.00314806 | IH12: -0.12953038 | II12: 0.00249581 | IJ12: 0.0036516 | IK12: 0.00769966 | IL12: 0.02961427 | IM12: 0.0086304 | IN12: 0.01225805 | IO12: 0.0172513 | IP12: 0.00636269
A13: 12 | B13: Social contributions | C13: 9425.6732 | D13: 10233.841 | E13: 10243.013 | F13: 11763.19 | G13: 9024.3957 | H13: 11155.133 | I13: 10847.052 | J13: 10688.324 | K13: 12076.501 | L13: 11657.334 | M13: 11833.902 | N13: 19434.493 | O13: 10118.775 | P13: 12165.553 | Q13: 12205.298 | R13: 11992.679 | S13: 11515.558 | T13: 12885.363 | U13: 12477.316 | V13: 12236.946 | W13: 13532.628 | X13: 13025.527 | Y13: 13159.072 | Z13: 22426.969 | AA13: 12523.517 | AB13: 13073.415 | AC13: 14049.984 | AD13: 14184.556 | AE13: 14240.7 | AF13: 14547.316 | AG13: 14987.362 | AH13: 14813.035 | AI13: 15134.448 | AJ13: 15353.506 | AK13: 16380.853 | AL13: 22920.263 | AM13: 14882.581 | AN13: 14765.499 | AO13: 15878.277 | AP13: 15981.233 | AQ13: 16099.138 | AR13: 15167.003 | AS13: 16931.924 | AT13: 16228.458 | AU13: 15233.652 | AV13: 17707.508 | AW13: 19180.687 | AX13: 26733.746 | AY13: 18058.189 | AZ13: 16706.232 | BA13: 17979.677 | BB13: 18834.551 | BC13: 18889.721 | BD13: 17602.206 | BE13: 20034.444 | BF13: 19372.937 | BG13: 19378.23 | BH13: 19848.921 | BI13: 20487.261 | BJ13: 33534.174 | BK13: 20970.41 | BL13: 19390.206 | BM13: 20316.381 | BN13: 21900.367 | BO13: 21236.245 | BP13: 21816.533 | BQ13: 21156.84 | BR13: 22905.596 | BS13: 23409.592 | BT13: 23079.504 | BU13: 23035.619 | BV13: 37346.319 | BW13: 24340.068 | BX13: 21386.307 | BY13: 24660.866 | BZ13: 24088.03 | CA13: 24252.802 | CB13: 24111.109 | CC13: 24896.826 | CD13: 24975.967 | CE13: 24124.469 | CF13: 24792.009 | CG13: 26458.087 | CH13: 37794.619 | CI13: 25595.117 | CJ13: 24987.559 | CK13: 25263.089 | CL13: 26002.896 | CM13: 26502.277 | CN13: 25809.978 | CO13: 26451.001 | CP13: 26664.458 | CQ13: 26714.537 | CR13: 27255.935 | CS13: 29067.278 | CT13: 42012.72 | CU13: 28506.541 | CV13: 27089.987 | CW13: 26982.474 | CX13: 27485.728 | CY13: 28107.087 | CZ13: 28024.897 | DA13: 28310.644 | DB13: 29084.48 | DC13: 28726.351 | DD13: 28936.011 | DE13: 31648.173 | DF13: 43066.813 | DG13: 29259.184 | DH13: 28263.133 | DI13: 28156.019 | DJ13: 29254.546 | DK13: 29110.113 | DL13: 28509.624 | DM13: 29142.992 | DN13: 28661.634 | DO13: 28578.325 | DP13: 29088.055 | DQ13: 30492.025 | DR13: 43858.168 | DS13: 29311.237 | DT13: 29302.932 | DU13: 30506.727 | DV13: 30565.069 | DW13: 29780.453 | DX13: 30225.02 | DY13: 29770.326 | DZ13: 29748.346 | EA13: 30212.915 | EB13: 30344.321 | EC13: 32157.699 | ED13: 47546.314 | EE13: 30030.946 | EF13: 29790.103 | EG13: 31004.514 | EH13: 31885.611 | EI13: 30945.829 | EJ13: 31690.108 | EK13: 32203.344 | EL13: 32202.914 | EM13: 32546.916 | EN13: 33251.997 | EO13: 35619.256 | EP13: 51845.923 | EQ13: 31711.115 | ER13: 31560.949 | ES13: 32631.867 | ET13: 33757.765 | EU13: 32686.779 | EV13: 33260.972 | EW13: 34014.214 | EX13: 33904.762 | EY13: 34247.995 | EZ13: 34945.282 | FA13: 36830.6 | FB13: 54758.519 | FC13: 33073.365 | FD13: 33266.226 | FE13: 34559.98 | FF13: 35552.309 | FG13: 34398.677 | FH13: 35262.12 | FI13: 35721.757 | FJ13: 35888.264 | FK13: 36300.353 | FL13: 36556.317 | FM13: 38684.33 | FN13: 57522.37 | FO13: 35694.537 | FP13: 35288.995 | FQ13: 37540.932 | FR13: 25072.171 | FS13: 24349.262 | FT13: 24780.704 | FU13: 38241.606 | FV13: 38653.031 | FW13: 38781.658 | FX13: 42303.952 | FY13: 44192.025 | FZ13: 65185.638 | GA13: 38069.074 | GB13: 38697.589 | GC13: 39941.979 | GD13: 38898.813 | GE13: 37807.728 | GF13: 38500.007 | GG13: 42788.947 | GH13: 42816.635 | GI13: 43644.095 | GJ13: 43751.12 | GK13: 45874.215 | GL13: 68080 | GM13: 45099.797 | GN13: 44018.555 | GO13: 45550.368 | GP13: 45880.508 | GQ13: 46634.193 | GR13: 45901.319 | GS13: 47260.546 | GT13: 48007.972 | GU13: 48431.566 | GV13: 49980.622 | GW13: 49639.008 | GX13: 73044.146 | GY13: 51312.63 | GZ13: 48218.909 | HA13: 49240.549 | HB13: 50081.602 | HC13: 51455.155 | HD13: 50152.246 | HE13: 51962.031 | HF13: 51654.474 | HG13: 51975.876 | HH13: 52464.236 | HI13: 55408.615 | HJ13: 80336.464 | HK13: 57047.35 | HL13: 52450.252 | HM13: 55511.356 | HN13: 55006.59 | HO13: 53483.821 | HP13: 53875.884 | HQ13: 55064.357 | HR13: 57989.714 | HS13: 55134.957 | HT13: 56390.242 | HU13: 59703.382 | HV13: 86834.525 | HW13: 58637.444 | HX13: 58991.514 | HY13: 59213.902 | HZ13: 59909.576 | IA13: 60785.924 | IB13: 59838.575 | IC13: 60448.632 | ID13: 64410.531 | IE13: 61920.998 | IF13: 62713.56 | IG13: 64969.435 | IH13: 96708.407 | II13: 66305.942 | IJ13: 63875.415 | IK13: 64466.801 | IL13: 66220.572 | IM13: 66748.185 | IN13: 66708.919 | IO13: 67106.765 | IP13: 70916.779
A14: 13 | B14: Grants | C14: 10.85855 | D14: 7.1550727 | E14: 42.661 | F14: 7.8589549 | G14: 13.038595 | H14: 4.7156033 | I14: 11.279917 | J14: 10.913685 | K14: 509.43548 | L14: 12.127853 | M14: 16.078598 | N14: 18.373686 | O14: 15.622676 | P14: 12.491424 | Q14: 7.1998707 | R14: 420.84807 | S14: 18.635573 | T14: 11.460759 | U14: 11.078348 | V14: 11.60267 | W14: 14.144539 | X14: 10.058538 | Y14: 16.117839 | Z14: 35.987306 | AA14: 11.516047 | AB14: 8.3264314 | AC14: 24.160827 | AD14: 6.6844854 | AE14: 11.614043 | AF14: 10.144194 | AG14: 7.6427861 | AH14: 15.360066 | AI14: 319.71916 | AJ14: 12.975939 | AK14: 22.58818 | AL14: 22.71627 | AM14: 24.612861 | AN14: 6.0529252 | AO14: 12.512668 | AP14: 26.231186 | AQ14: 6.5822542 | AR14: 22.864203 | AS14: 13.881367 | AT14: 18.306115 | AU14: 9.1903466 | AV14: 7.4276829 | AW14: 17.197598 | AX14: 20.085086 | AY14: 14.554472 | AZ14: 11.571251 | BA14: 27.621777 | BB14: 32.178922 | BC14: 21.572718 | BD14: 11.859954 | BE14: 20.752202 | BF14: 15.74047 | BG14: 19.580637 | BH14: 21.852533 | BI14: 41.295631 | BJ14: 54.059921 | BK14: 49.305755 | BL14: 7.5777626 | BM14: 12.113402 | BN14: 27.18694 | BO14: 20.618921 | BP14: 20.461473 | BQ14: 36.445692 | BR14: 22.502909 | BS14: 46.340294 | BT14: 59.033652 | BU14: 65.671918 | BV14: 106.27719 | BW14: 39.489879 | BX14: 65.411663 | BY14: 23.049774 | BZ14: 60.479301 | CA14: 68.62639 | CB14: 39.015831 | CC14: 71.46526 | CD14: 52.280619 | CE14: 26.307862 | CF14: 42.13493 | CG14: 42.422445 | CH14: 116.18299 | CI14: 39.801382 | CJ14: 25.7992 | CK14: 18.514767 | CL14: 38.290597 | CM14: 29.754224 | CN14: 36.874286 | CO14: 40.148988 | CP14: 54.41557 | CQ14: 34.409097 | CR14: 29.753925 | CS14: 33.900311 | CT14: 35.8836 | CU14: 44.893435 | CV14: 37.260402 | CW14: 47.931317 | CX14: 52.948195 | CY14: 43.123179 | CZ14: 25.783137 | DA14: 40.929486 | DB14: 53.029695 | DC14: 40.206737 | DD14: 50.102328 | DE14: 34.541302 | DF14: 41.957072 | DG14: 20.307585 | DH14: 27.336737 | DI14: 87.306166 | DJ14: 25.648612 | DK14: 38.844493 | DL14: 41.007594 | DM14: 46.324497 | DN14: 48.751096 | DO14: 60.960895 | DP14: 40.664479 | DQ14: 53.268363 | DR14: 68.216228 | DS14: 34.05476 | DT14: 28.716357 | DU14: 47.412789 | DV14: 38.947168 | DW14: 50.204596 | DX14: 45.408104 | DY14: 74.198273 | DZ14: 68.27772 | EA14: 46.625469 | EB14: 20.46568 | EC14: 59.845075 | ED14: 127.46909 | EE14: 62.209006 | EF14: 60.951918 | EG14: 127.55292 | EH14: 173.74121 | EI14: 78.128131 | EJ14: 72.98423 | EK14: 80.910486 | EL14: 98.83175 | EM14: 126.48003 | EN14: 98.278034 | EO14: 97.543213 | EP14: 140.91113 | EQ14: 85.512266 | ER14: 91.234317 | ES14: 79.069709 | ET14: 99.639425 | EU14: 66.633922 | EV14: 59.145229 | EW14: 74.674448 | EX14: 67.382385 | EY14: 64.389974 | EZ14: 86.509686 | FA14: 62.300032 | FB14: 80.026022 | FC14: 70.724364 | FD14: 73.65449 | FE14: 76.385618 | FF14: 75.773236 | FG14: 166.43558 | FH14: 70.714042 | FI14: 110.21265 | FJ14: 88.40538 | FK14: 73.486003 | FL14: 81.123002 | FM14: 77.074463 | FN14: 90.901815 | FO14: 59.049335 | FP14: 34.086405 | FQ14: 49.419356 | FR14: 50.360196 | FS14: 42.435722 | FT14: 35.324311 | FU14: 39.045359 | FV14: 42.777429 | FW14: 39.661068 | FX14: 13.334983 | FY14: 27.008542 | FZ14: 247.38483 | GA14: 22.030468 | GB14: 25.698284 | GC14: 23.766959 | GD14: 30.055986 | GE14: 36.342564 | GF14: 110.09695 | GG14: 47.149275 | GH14: 56.852934 | GI14: 60.869535 | GJ14: 69.641708 | GK14: 82.54006 | GL14: 51.783428 | GM14: 29.80294 | GN14: 15.365088 | GO14: 8.8794136 | GP14: 121.26835 | GQ14: 63.263087 | GR14: 78.833244 | GS14: 98.978566 | GT14: 100.08416 | GU14: 87.736663 | GV14: 100.64058 | GW14: 80.121022 | GX14: 166.1836 | GY14: 157.3229 | GZ14: 110.86426 | HA14: 162.95215 | HB14: 122.25565 | HC14: 195.9104 | HD14: 129.85611 | HE14: 117.41717 | HF14: 122.92686 | HG14: 136.05597 | HH14: 149.51303 | HI14: 167.02656 | HJ14: 194.68031 | HK14: 192.09665 | HL14: 109.40839 | HM14: 10.429333 | HN14: 7.1371092 | HO14: 11.598269 | HP14: 3.7186703 | HQ14: 14.954797 | HR14: 76.219668 | HS14: 21.119205 | HT14: 25.878606 | HU14: 21.469478 | HV14: 37.431133 | HW14: 26.886108 | HX14: 19.640282 | HY14: 8.7088189 | HZ14: 42.261598 | IA14: 13.276495 | IB14: 26.682156 | IC14: 103.38206 | ID14: 35.246336 | IE14: 28.018515 | IF14: 29.734226 | IG14: 32.001802 | IH14: 57.200673 | II14: 35.898113 | IJ14: 24.408384 | IK14: 142.14544 | IL14: 77.353369 | IM14: 69.667846 | IN14: 97.442423 | IO14: 39.75651 | IP14: 40.684207
A15: 14 | B15: Other revenue | C15: 10278.077 | D15: 9246.7003 | E15: 10917.008 | F15: 8724.3671 | G15: 13678.183 | H15: 6214.8366 | I15: 11762.053 | J15: 11013.52 | K15: 12366.179 | L15: 10394.124 | M15: 10649.098 | N15: 11402.257 | O15: 12055.695 | P15: 8862.8974 | Q15: 10248.439 | R15: 10037.138 | S15: 7516.4553 | T15: 9093.0638 | U15: 10113.638 | V15: 11958.532 | W15: 12989.649 | X15: 12620.819 | Y15: 12059.406 | Z15: 21578.48 | AA15: 16825.779 | AB15: 11676.875 | AC15: 14680.805 | AD15: 14009.547 | AE15: 13522.013 | AF15: 17413.958 | AG15: 19329.024 | AH15: 19030.808 | AI15: 15596.465 | AJ15: 25753.58 | AK15: 15684.356 | AL15: 9774.0603 | AM15: 9180.454 | AN15: 10719.159 | AO15: 8667.7293 | AP15: 8538.1149 | AQ15: 11449.982 | AR15: 11797.398 | AS15: 10875.839 | AT15: 17435.803 | AU15: 5288.178 | AV15: 13724.085 | AW15: 19503.519 | AX15: 18246.918 | AY15: 11904.298 | AZ15: 15299.483 | BA15: 16086.078 | BB15: 19374.754 | BC15: 17766.557 | BD15: 16819.62 | BE15: 14718.528 | BF15: 18314.942 | BG15: 21511.418 | BH15: 18560.569 | BI15: 19278.494 | BJ15: 22410.151 | BK15: 18138.881 | BL15: 17391.912 | BM15: 17637.186 | BN15: 20362.075 | BO15: 18365.542 | BP15: 14965.791 | BQ15: 16819.35 | BR15: 13936.653 | BS15: 20364.274 | BT15: 18989.253 | BU15: 17836.162 | BV15: 16427.136 | BW15: 16121.674 | BX15: 20742.361 | BY15: 14828.149 | BZ15: 21535.371 | CA15: 22757.303 | CB15: 19674.414 | CC15: 34892.04 | CD15: 26960.937 | CE15: 26165.359 | CF15: 22889.56 | CG15: 15661.335 | CH15: 31538.117 | CI15: 23211.193 | CJ15: 16735.393 | CK15: 16570.515 | CL15: 20535.995 | CM15: 18048.938 | CN15: 24329.138 | CO15: 25249.272 | CP15: 20124.076 | CQ15: 20965.63 | CR15: 25474.781 | CS15: 35654.326 | CT15: 24068.241 | CU15: 24017.602 | CV15: 22714.439 | CW15: 25141.283 | CX15: 30396.402 | CY15: 18977.22 | CZ15: 15948.532 | DA15: 16932.673 | DB15: 19933.525 | DC15: 17190.705 | DD15: 20149.07 | DE15: 19762.353 | DF15: 22603.54 | DG15: 24512.609 | DH15: 20167.891 | DI15: 24474.27 | DJ15: 53736.474 | DK15: 29211.678 | DL15: 23778.289 | DM15: 29706.351 | DN15: 30786.595 | DO15: 23493.176 | DP15: 39499.384 | DQ15: 33569.284 | DR15: 35138.676 | DS15: 38920.928 | DT15: 31141.127 | DU15: 57844.996 | DV15: 24860.867 | DW15: 24950.291 | DX15: 42524.97 | DY15: 35309.657 | DZ15: 24362.472 | EA15: 25883.081 | EB15: 44167.719 | EC15: 25324.19 | ED15: 26571.804 | EE15: 29027.263 | EF15: 23848.91 | EG15: 26444.991 | EH15: 26950.096 | EI15: 22285.565 | EJ15: 23344.625 | EK15: 21685.035 | EL15: 27113.908 | EM15: 24960.85 | EN15: 28863.325 | EO15: 28737.074 | EP15: 22039.447 | EQ15: 32204.17 | ER15: 22365.513 | ES15: 22563.592 | ET15: 29715.356 | EU15: 29502.805 | EV15: 24201.649 | EW15: 36425.231 | EX15: 37212.184 | EY15: 30416.076 | EZ15: 45578.626 | FA15: 33033.613 | FB15: 26202.772 | FC15: 37713.161 | FD15: 22722.601 | FE15: 27292.859 | FF15: 34041.453 | FG15: 27758.559 | FH15: 24904.694 | FI15: 29966.24 | FJ15: 24471.58 | FK15: 30493.815 | FL15: 30518.213 | FM15: 28102.237 | FN15: 108797.1 | FO15: 35298.893 | FP15: 25210.569 | FQ15: 23051.725 | FR15: 23831.364 | FS15: 16465.09 | FT15: 14711.404 | FU15: 19319.703 | FV15: 19701.184 | FW15: 19618.706 | FX15: 25981.81 | FY15: 22793.678 | FZ15: 24977.166 | GA15: 36210.33 | GB15: 23082.143 | GC15: 28735.435 | GD15: 38716.45 | GE15: 34893.326 | GF15: 26537.74 | GG15: 37012.259 | GH15: 38730.415 | GI15: 30096.533 | GJ15: 42234.908 | GK15: 44410.777 | GL15: 46668.224 | GM15: 49751.702 | GN15: 49243.156 | GO15: 38878.048 | GP15: 61751.137 | GQ15: 54258.709 | GR15: 92024.24 | GS15: 62528.11 | GT15: 47667.951 | GU15: 46591.922 | GV15: 47768.706 | GW15: 39710.091 | GX15: 51173.238 | GY15: 58444.372 | GZ15: 37411.162 | HA15: 54153.003 | HB15: 51357.206 | HC15: 59540.266 | HD15: 43672.359 | HE15: 49594.154 | HF15: 44991.17 | HG15: 66343.705 | HH15: 52362.095 | HI15: 39960.904 | HJ15: 37665.866 | HK15: 50172.292 | HL15: 41589.646 | HM15: 51158.278 | HN15: 46451.687 | HO15: 56983.957 | HP15: 48600.885 | HQ15: 48221.606 | HR15: 44401.346 | HS15: 37755.423 | HT15: 54668.446 | HU15: 52763.187 | HV15: 68781.395 | HW15: 54625.799 | HX15: 45521.568 | HY15: 55581.804 | HZ15: 61123.159 | IA15: 52118.813 | IB15: 54033.288 | IC15: 54238.603 | ID15: 54986.036 | IE15: 48968.636 | IF15: 62342.236 | IG15: 52129.236 | IH15: 61373.786 | II15: 67096.077 | IJ15: 53443.787 | IK15: 54540.33 | IL15: 64873.031 | IM15: 64817.465 | IN15: 62828.659 | IO15: 60803.004 | IP15: 55744.885
A16: 1411 | B16: Interest 3/ | C16: 4451.2615 | D16: 6604.7118 | E16: 6894.4642 | F16: 4197.7241 | G16: 8882.6271 | H16: 3721.89 | I16: 7200.9222 | J16: 4979.9654 | K16: 8040.8553 | L16: 5821.5096 | M16: 8052.4322 | N16: 8626.876 | O16: 5943.2236 | P16: 6695.5785 | Q16: 6460.1838 | R16: 4562.3728 | S16: 3882.8753 | T16: 6580.4612 | U16: 5436.3159 | V16: 8181.4537 | W16: 9187.0625 | X16: 7622.6186 | Y16: 8765.0732 | Z16: 10525.238 | AA16: 10466.455 | AB16: 8109.7617 | AC16: 8398.1318 | AD16: 7399.2744 | AE16: 9012.2914 | AF16: 12710.222 | AG16: 12286.143 | AH16: 11125.339 | AI16: 9123.6494 | AJ16: 18647.289 | AK16: 12239.367 | AL16: 6385.2078 | AM16: 4269.5655 | AN16: 6435.5485 | AO16: 4924.0174 | AP16: 2576.883 | AQ16: 4074.5505 | AR16: 7670.0984 | AS16: 3987.114 | AT16: 5095.3599 | AU16: 3756.533 | AV16: 5787.9056 | AW16: 6838.4751 | AX16: 6949.1671 | AY16: 6274.1048 | AZ16: 10223.599 | BA16: 11492.587 | BB16: 9501.2566 | BC16: 11144.612 | BD16: 13730.654 | BE16: 8146.3771 | BF16: 8255.3873 | BG16: 11569.881 | BH16: 12929.749 | BI16: 13001.194 | BJ16: 15334.701 | BK16: 12004.362 | BL16: 12108.854 | BM16: 12318.948 | BN16: 11454.039 | BO16: 11302.239 | BP16: 8940.3509 | BQ16: 7198.1364 | BR16: 7949.6931 | BS16: 12902.896 | BT16: 12096.6 | BU16: 11334.814 | BV16: 11564.922 | BW16: 7916.894 | BX16: 11428.924 | BY16: 10089.492 | BZ16: 12756.288 | CA16: 15451.957 | CB16: 14308.906 | CC16: 13045.202 | CD16: 16359.049 | CE16: 17371.648 | CF16: 14145.565 | CG16: 10007.591 | CH16: 12972.687 | CI16: 12998.108 | CJ16: 11860.921 | CK16: 10752.112 | CL16: 10892.171 | CM16: 10277.151 | CN16: 12016.982 | CO16: 14281.511 | CP16: 9647.6391 | CQ16: 13225.759 | CR16: 16077.926 | CS16: 13947.803 | CT16: 12411.383 | CU16: 14107.459 | CV16: 15237.047 | CW16: 17015.555 | CX16: 18509.826 | CY16: 12921.36 | CZ16: 8633.9887 | DA16: 7528.1201 | DB16: 7606.1328 | DC16: 10444.453 | DD16: 10409.334 | DE16: 13732.25 | DF16: 16147.164 | DG16: 16691.373 | DH16: 16956.077 | DI16: 18535.362 | DJ16: 46014.385 | DK16: 19867.963 | DL16: 15955.421 | DM16: 19282.379 | DN16: 20378.142 | DO16: 17098.45 | DP16: 30664.304 | DQ16: 27172.819 | DR16: 23622.42 | DS16: 20361.166 | DT16: 26230.917 | DU16: 51542.266 | DV16: 18924.661 | DW16: 19877.909 | DX16: 32299.345 | DY16: 25024.495 | DZ16: 17946.035 | EA16: 19208.278 | EB16: 15750.085 | EC16: 17534.964 | ED16: 19029.865 | EE16: 19060.003 | EF16: 18615.735 | EG16: 17103.665 | EH16: 17003.845 | EI16: 14654.009 | EJ16: 14794.047 | EK16: 12337.851 | EL16: 12889.447 | EM16: 16316.643 | EN16: 15645.445 | EO16: 14949.257 | EP16: 17277.276 | EQ16: 14656.382 | ER16: 15496.509 | ES16: 15444.567 | ET16: 15693.127 | EU16: 14601.873 | EV16: 16186.213 | EW16: 20589.531 | EX16: 21698.031 | EY16: 22168.752 | EZ16: 28755.5 | FA16: 17641.055 | FB16: 14751.905 | FC16: 25013.074 | FD16: 14744.623 | FE16: 16702.506 | FF16: 17479.426 | FG16: 15530.079 | FH16: 17022.921 | FI16: 13205.542 | FJ16: 16012.031 | FK16: 14599.087 | FL16: 12815.505 | FM16: 14309.746 | FN16: 15395.13 | FO16: 17863.2 | FP16: 14389.617 | FQ16: 14594.312 | FR16: 11652.178 | FS16: 8460.2451 | FT16: 8545.4627 | FU16: 9174.5587 | FV16: 10757.057 | FW16: 10669.934 | FX16: 12283.395 | FY16: 13056.471 | FZ16: 14022.936 | GA16: 19474.687 | GB16: 12354.492 | GC16: 15633.98 | GD16: 14436.143 | GE16: 14165.369 | GF16: 15701.604 | GG16: 15472.798 | GH16: 20005.884 | GI16: 17927.221 | GJ16: 19565.369 | GK16: 22344.99 | GL16: 21716.325 | GM16: 24199.723 | GN16: 22439.246 | GO16: 23711.656 | GP16: 31740.965 | GQ16: 28001.535 | GR16: 26212.09 | GS16: 28569.866 | GT16: 18975.088 | GU16: 19251.689 | GV16: 20434.081 | GW16: 25729.699 | GX16: 28901.933 | GY16: 26787.762 | GZ16: 26932.941 | HA16: 28146.18 | HB16: 27963.351 | HC16: 28949.343 | HD16: 24167.914 | HE16: 24212.316 | HF16: 24927.272 | HG16: 23929.331 | HH16: 23999.335 | HI16: 22105.244 | HJ16: 25105.409 | HK16: 24667.888 | HL16: 23632.614 | HM16: 28111.938 | HN16: 21543.493 | HO16: 24863.456 | HP16: 26341.702 | HQ16: 22933.506 | HR16: 24664.939 | HS16: 20481.061 | HT16: 21434.966 | HU16: 24669.494 | HV16: 25974.259 | HW16: 25448.244 | HX16: 26625.39 | HY16: 33666.284 | HZ16: 30069.151 | IA16: 27558.31 | IB16: 28877.6 | IC16: 28169.983 | ID16: 31951.507 | IE16: 29423.242 | IF16: 30850.681 | IG16: 31127.914 | IH16: 28631.958 | II16: 41728.664 | IJ16: 29786.361 | IK16: 32156.396 | IL16: 33797.299 | IM16: 38207.394 | IN16: 37773.888 | IO16: 27698.068 | IP16: 26867.623
A17: 14x | B17: Other | C17: 5826.8157 | D17: 2641.9885 | E17: 4022.5436 | F17: 4526.6429 | G17: 4795.5563 | H17: 2492.9466 | I17: 4561.1308 | J17: 6033.555 | K17: 4325.3242 | L17: 4572.6143 | M17: 2596.666 | N17: 2775.381 | O17: 6112.4715 | P17: 2167.3189 | Q17: 3788.2557 | R17: 5474.765 | S17: 3633.58 | T17: 2512.6026 | U17: 4677.3225 | V17: 3777.0781 | W17: 3802.5862 | X17: 4998.2004 | Y17: 3294.333 | Z17: 11053.243 | AA17: 6359.3233 | AB17: 3567.1138 | AC17: 6282.673 | AD17: 6610.2726 | AE17: 4509.7216 | AF17: 4703.7357 | AG17: 7042.8809 | AH17: 7905.4683 | AI17: 6472.8154 | AJ17: 7106.2907 | AK17: 3444.9886 | AL17: 3388.8525 | AM17: 4910.8886 | AN17: 4283.6102 | AO17: 3743.7119 | AP17: 5961.2319 | AQ17: 7375.4314 | AR17: 4127.2991 | AS17: 6888.725 | AT17: 12340.443 | AU17: 1531.6449 | AV17: 7936.1789 | AW17: 12665.044 | AX17: 11297.751 | AY17: 5630.1929 | AZ17: 5075.8837 | BA17: 4593.4906 | BB17: 9873.4973 | BC17: 6621.9458 | BD17: 3088.9663 | BE17: 6572.1512 | BF17: 10059.554 | BG17: 9941.5369 | BH17: 5630.8203 | BI17: 6277.3005 | BJ17: 7075.4494 | BK17: 6134.5195 | BL17: 5283.0574 | BM17: 5318.2378 | BN17: 8908.0359 | BO17: 7063.3034 | BP17: 6025.44 | BQ17: 9621.2137 | BR17: 5986.9603 | BS17: 7461.3778 | BT17: 6892.6536 | BU17: 6501.3478 | BV17: 4862.2134 | BW17: 8204.7797 | BX17: 9313.437 | BY17: 4738.6568 | BZ17: 8779.0832 | CA17: 7305.3455 | CB17: 5365.5078 | CC17: 21846.838 | CD17: 10601.888 | CE17: 8793.7114 | CF17: 8743.9945 | CG17: 5653.7444 | CH17: 18565.43 | CI17: 10213.085 | CJ17: 4874.4729 | CK17: 5818.4028 | CL17: 9643.8242 | CM17: 7771.7867 | CN17: 12312.155 | CO17: 10967.76 | CP17: 10476.437 | CQ17: 7739.8711 | CR17: 9396.8552 | CS17: 21706.523 | CT17: 11656.858 | CU17: 9910.1429 | CV17: 7477.3916 | CW17: 8125.7287 | CX17: 11886.576 | CY17: 6055.8598 | CZ17: 7314.5433 | DA17: 9404.5525 | DB17: 12327.392 | DC17: 6746.2515 | DD17: 9739.7353 | DE17: 6030.1027 | DF17: 6456.377 | DG17: 7821.2358 | DH17: 3211.814 | DI17: 5938.9072 | DJ17: 7722.089 | DK17: 9343.7148 | DL17: 7822.8679 | DM17: 10423.972 | DN17: 10408.452 | DO17: 6394.7268 | DP17: 8835.0796 | DQ17: 6396.4653 | DR17: 11516.256 | DS17: 18559.761 | DT17: 4910.2091 | DU17: 6302.7297 | DV17: 5936.2055 | DW17: 5072.3816 | DX17: 10225.625 | DY17: 10285.162 | DZ17: 6416.4374 | EA17: 6674.8034 | EB17: 28417.634 | EC17: 7789.2256 | ED17: 7541.9392 | EE17: 9967.2605 | EF17: 5233.1754 | EG17: 9341.326 | EH17: 9946.2502 | EI17: 7631.5557 | EJ17: 8550.5785 | EK17: 9347.1837 | EL17: 14224.46 | EM17: 8644.2075 | EN17: 13217.88 | EO17: 13787.817 | EP17: 4762.171 | EQ17: 17547.788 | ER17: 6869.004 | ES17: 7119.0245 | ET17: 14022.229 | EU17: 14900.932 | EV17: 8015.4361 | EW17: 15835.701 | EX17: 15514.153 | EY17: 8247.3249 | EZ17: 16823.126 | FA17: 15392.558 | FB17: 11450.868 | FC17: 12700.087 | FD17: 7977.9782 | FE17: 10590.353 | FF17: 16562.026 | FG17: 12228.48 | FH17: 7881.7737 | FI17: 16760.698 | FJ17: 8459.549 | FK17: 15894.728 | FL17: 17702.708 | FM17: 13792.491 | FN17: 93401.972 | FO17: 17435.693 | FP17: 10820.952 | FQ17: 8457.4129 | FR17: 12179.186 | FS17: 8004.8447 | FT17: 6165.9414 | FU17: 10145.144 | FV17: 8944.1271 | FW17: 8948.7723 | FX17: 13698.415 | FY17: 9737.207 | FZ17: 10954.23 | GA17: 16735.642 | GB17: 10727.651 | GC17: 13101.455 | GD17: 24280.306 | GE17: 20727.957 | GF17: 10836.136 | GG17: 21539.461 | GH17: 18724.531 | GI17: 12169.312 | GJ17: 22669.539 | GK17: 22065.787 | GL17: 24951.899 | GM17: 25551.979 | GN17: 26803.91 | GO17: 15166.392 | GP17: 30010.171 | GQ17: 26257.174 | GR17: 65812.15 | GS17: 33958.244 | GT17: 28692.863 | GU17: 27340.233 | GV17: 27334.625 | GW17: 13980.392 | GX17: 22271.306 | GY17: 31656.61 | GZ17: 10478.221 | HA17: 26006.823 | HB17: 23393.855 | HC17: 30590.923 | HD17: 19504.445 | HE17: 25381.837 | HF17: 20063.898 | HG17: 42414.374 | HH17: 28362.76 | HI17: 17855.66 | HJ17: 12560.457 | HK17: 25504.404 | HL17: 17957.032 | HM17: 23046.34 | HN17: 24908.194 | HO17: 32120.5 | HP17: 22259.183 | HQ17: 25288.1 | HR17: 19736.408 | HS17: 17274.362 | HT17: 33233.48 | HU17: 28093.693 | HV17: 42807.136 | HW17: 29177.555 | HX17: 18896.178 | HY17: 21915.521 | HZ17: 31054.008 | IA17: 24560.503 | IB17: 25155.689 | IC17: 26068.62 | ID17: 23034.529 | IE17: 19545.395 | IF17: 31491.554 | IG17: 21001.322 | IH17: 32741.828 | II17: 25367.412 | IJ17: 23657.426 | IK17: 22383.934 | IL17: 31075.731 | IM17: 26610.071 | IN17: 25054.772 | IO17: 33104.936 | IP17: 28877.263
A18: 2M | B18: Expenditure (2+31) 4/ | C18: 54389.884 | D18: 51308.091 | E18: 51947.627 | F18: 49037.68 | G18: 56831.468 | H18: 58219.313 | I18: 55919.701 | J18: 56987.628 | K18: 61082.788 | L18: 55933.125 | M18: 62821.428 | N18: 92240.354 | O18: 52858.131 | P18: 56428.548 | Q18: 54171.7 | R18: 58906.713 | S18: 59389.69 | T18: 67711.346 | U18: 60175.907 | V18: 63697.954 | W18: 64729.681 | X18: 58530.914 | Y18: 68832.925 | Z18: 86598.342 | AA18: 69753.126 | AB18: 56623.697 | AC18: 66386.212 | AD18: 65100.606 | AE18: 70609.025 | AF18: 73513.797 | AG18: 76267.82 | AH18: 80773.093 | AI18: 69257.494 | AJ18: 70300.717 | AK18: 93213.362 | AL18: 94218.864 | AM18: 75082.56 | AN18: 70757.854 | AO18: 70609.723 | AP18: 68301.526 | AQ18: 73525.378 | AR18: 79608.655 | AS18: 79041.539 | AT18: 70959.211 | AU18: 84992.199 | AV18: 77033.698 | AW18: 96108.719 | AX18: 93501.276 | AY18: 78092.708 | AZ18: 81800.166 | BA18: 92190.99 | BB18: 83954.07 | BC18: 93189.32 | BD18: 90204.996 | BE18: 91548.237 | BF18: 96780.446 | BG18: 84297.785 | BH18: 91319.667 | BI18: 110199.96 | BJ18: 109640.95 | BK18: 102962.78 | BL18: 96617.832 | BM18: 94541.61 | BN18: 103162.84 | BO18: 105882.03 | BP18: 102793.84 | BQ18: 102345.4 | BR18: 110405.31 | BS18: 95045.209 | BT18: 102601.67 | BU18: 120609.5 | BV18: 120156.61 | BW18: 109504.72 | BX18: 100561.48 | BY18: 111647.68 | BZ18: 110990.17 | CA18: 115628.85 | CB18: 109716.78 | CC18: 111868.91 | CD18: 121501.83 | CE18: 100883.06 | CF18: 106449.23 | CG18: 133302.35 | CH18: 127065.37 | CI18: 122980.55 | CJ18: 119417.09 | CK18: 109176.8 | CL18: 117671.67 | CM18: 128990.09 | CN18: 121292.11 | CO18: 121895.33 | CP18: 137481.06 | CQ18: 113276.25 | CR18: 124018.38 | CS18: 154954.15 | CT18: 137603.91 | CU18: 136992.18 | CV18: 136978.66 | CW18: 123514.37 | CX18: 128379.36 | CY18: 135272.95 | CZ18: 125414.04 | DA18: 136887.32 | DB18: 153721.71 | DC18: 151622.85 | DD18: 137755.18 | DE18: 169778.81 | DF18: 163911.75 | DG18: 133383.45 | DH18: 177672.47 | DI18: 185301.9 | DJ18: 145756.35 | DK18: 167787.6 | DL18: 149966.03 | DM18: 178010.68 | DN18: 164358.2 | DO18: 202727.71 | DP18: 141619.78 | DQ18: 179487.7 | DR18: 203611.92 | DS18: 196015.03 | DT18: 161406.54 | DU18: 155134.72 | DV18: 145260.22 | DW18: 170755.06 | DX18: 163276.42 | DY18: 176621.95 | DZ18: 177203.24 | EA18: 159592.25 | EB18: 161495.62 | EC18: 211415.98 | ED18: 205981.9 | EE18: 173624.25 | EF18: 166711.07 | EG18: 177487.4 | EH18: 158521.53 | EI18: 184113.36 | EJ18: 178551.15 | EK18: 162187.71 | EL18: 191082.31 | EM18: 160359.09 | EN18: 167819.8 | EO18: 194300.53 | EP18: 198903.76 | EQ18: 171993.39 | ER18: 171024.96 | ES18: 184621.56 | ET18: 179057.05 | EU18: 190844.59 | EV18: 197616.66 | EW18: 178001.26 | EX18: 235168.05 | EY18: 158158.79 | EZ18: 171533.73 | FA18: 216971.39 | FB18: 191417.76 | FC18: 177623.15 | FD18: 188014.83 | FE18: 198002.81 | FF18: 190925.59 | FG18: 182304.77 | FH18: 169408.18 | FI18: 177252.67 | FJ18: 195314.72 | FK18: 159242.55 | FL18: 166954.03 | FM18: 211755.45 | FN18: 265055.09 | FO18: 180850.21 | FP18: 177687 | FQ18: 176350.4 | FR18: 226922.26 | FS18: 231803.31 | FT18: 274464.88 | FU18: 245843.06 | FV18: 239057.43 | FW18: 214797.15 | FX18: 205400.62 | FY18: 217742.64 | FZ18: 245056.17 | GA18: 187860.99 | GB18: 191698.76 | GC18: 196816.74 | GD18: 189160.63 | GE18: 235483.1 | GF18: 266140.37 | GG18: 213594.85 | GH18: 220766.47 | GI18: 211474.23 | GJ18: 220854.58 | GK18: 234795.04 | GL18: 261028.46 | GM18: 230303.25 | GN18: 254884.9 | GO18: 263134.44 | GP18: 274342.17 | GQ18: 292084.53 | GR18: 273985.46 | GS18: 242172.54 | GT18: 282351.74 | GU18: 222735.37 | GV18: 239395.36 | GW18: 269738.88 | GX18: 321132.38 | GY18: 260894.78 | GZ18: 269859.78 | HA18: 277970.49 | HB18: 265778.86 | HC18: 337856.83 | HD18: 303774.64 | HE18: 269103.02 | HF18: 279969.02 | HG18: 265796.56 | HH18: 271567.05 | HI18: 302691.82 | HJ18: 424576.79 | HK18: 288600.84 | HL18: 332644.05 | HM18: 287750.31 | HN18: 324010.99 | HO18: 349249.08 | HP18: 315176.09 | HQ18: 310537.42 | HR18: 309091.19 | HS18: 287915.91 | HT18: 305528.23 | HU18: 323290.86 | HV18: 352283.5 | HW18: 317423.84 | HX18: 342874.15 | HY18: 326459.42 | HZ18: 371122.56 | IA18: 387934.23 | IB18: 343881.35 | IC18: 416034.13 | ID18: 347875.71 | IE18: 344336.72 | IF18: 358676.83 | IG18: 363304.96 | IH18: 411488.15 | II18: 364526.29 | IJ18: 362555.28 | IK18: 441714.43 | IL18: 415722.89 | IM18: 445213.02 | IN18: 406675.84 | IO18: 386967.95 | IP18: 374820.39
A19: 2 | B19: Expense | C19: 54909.915 | D19: 51748.955 | E19: 51119.035 | F19: 49533.434 | G19: 57298.063 | H19: 58092.9 | I19: 56172.936 | J19: 57429.498 | K19: 61228.67 | L19: 56037.64 | M19: 62714.726 | N19: 85508.336 | O19: 52963.647 | P19: 56830.579 | Q19: 54574.848 | R19: 59646.374 | S19: 58471.922 | T19: 67834.152 | U19: 60333.114 | V19: 63535.692 | W19: 64941.128 | X19: 58671.104 | Y19: 68881.774 | Z19: 85628.73 | AA19: 69886.591 | AB19: 57036.366 | AC19: 66696.556 | AD19: 67190.865 | AE19: 70876.196 | AF19: 73783.203 | AG19: 76231.967 | AH19: 80819.691 | AI19: 68430.195 | AJ19: 70582.477 | AK19: 92697.392 | AL19: 94012.19 | AM19: 75631.571 | AN19: 70924.208 | AO19: 70460.617 | AP19: 68479.825 | AQ19: 73634.753 | AR19: 79294.545 | AS19: 78526.503 | AT19: 71416.404 | AU19: 84362.942 | AV19: 76020.119 | AW19: 95433.186 | AX19: 90239.683 | AY19: 78568.781 | AZ19: 81329.426 | BA19: 90735.01 | BB19: 83393.65 | BC19: 92228.679 | BD19: 89140.357 | BE19: 90091.376 | BF19: 95982.135 | BG19: 83585.061 | BH19: 90677.023 | BI19: 108547.37 | BJ19: 106069.13 | BK19: 103431.67 | BL19: 97017.183 | BM19: 94409.996 | BN19: 103575.89 | BO19: 106346.58 | BP19: 102150.6 | BQ19: 101889.59 | BR19: 109736.84 | BS19: 94643.94 | BT19: 102213.54 | BU19: 119820.15 | BV19: 119145.46 | BW19: 110317.8 | BX19: 100891.54 | BY19: 111123.14 | BZ19: 111139.24 | CA19: 115386.27 | CB19: 109443.76 | CC19: 111541.9 | CD19: 121272.43 | CE19: 100700.1 | CF19: 106301.85 | CG19: 132739.77 | CH19: 125700.79 | CI19: 124017.02 | CJ19: 119370.82 | CK19: 108156.17 | CL19: 118380.33 | CM19: 128651.08 | CN19: 120722.84 | CO19: 122038.6 | CP19: 136641.31 | CQ19: 112137.68 | CR19: 122709.86 | CS19: 153579.63 | CT19: 134471.34 | CU19: 136885.45 | CV19: 136079.13 | CW19: 122873.46 | CX19: 126614.88 | CY19: 134132.87 | CZ19: 124439.63 | DA19: 136983.47 | DB19: 152391.73 | DC19: 149878.81 | DD19: 136270.38 | DE19: 168644.7 | DF19: 167012.13 | DG19: 133373.63 | DH19: 178150.11 | DI19: 185635.33 | DJ19: 146818.17 | DK19: 170371.19 | DL19: 150765.98 | DM19: 179315.8 | DN19: 164803.17 | DO19: 202688.31 | DP19: 141364.95 | DQ19: 178339.39 | DR19: 203894.63 | DS19: 196902.26 | DT19: 163243 | DU19: 155435.47 | DV19: 146947 | DW19: 172066.12 | DX19: 164325.96 | DY19: 177398.35 | DZ19: 178545.32 | EA19: 160931.37 | EB19: 163047.83 | EC19: 212183.19 | ED19: 203254.41 | EE19: 176017.73 | EF19: 167660.24 | EG19: 178443.29 | EH19: 161210.04 | EI19: 185025.26 | EJ19: 179744.25 | EK19: 164878.87 | EL19: 191971.37 | EM19: 161168.26 | EN19: 168780.26 | EO19: 195499.25 | EP19: 200731.4 | EQ19: 172975.27 | ER19: 171847.93 | ES19: 187407.15 | ET19: 180525.6 | EU19: 192072.58 | EV19: 199615.71 | EW19: 179305.16 | EX19: 235666.25 | EY19: 159170.8 | EZ19: 171842.27 | FA19: 217047.4 | FB19: 190049.46 | FC19: 179550.52 | FD19: 188745.25 | FE19: 200711.76 | FF19: 192369.89 | FG19: 183977.55 | FH19: 171435.09 | FI19: 179965.72 | FJ19: 196693.88 | FK19: 163016.4 | FL19: 167905.92 | FM19: 212682.52 | FN19: 263636.82 | FO19: 184608.74 | FP19: 179347.02 | FQ19: 176639.54 | FR19: 228338.51 | FS19: 233936.94 | FT19: 275354.11 | FU19: 246933.96 | FV19: 239952.18 | FW19: 221411.19 | FX19: 206390.16 | FY19: 219432.18 | FZ19: 244316.06 | GA19: 190674.86 | GB19: 194070.12 | GC19: 198599.39 | GD19: 191555.21 | GE19: 237794.34 | GF19: 267386.53 | GG19: 215790.28 | GH19: 223200.09 | GI19: 213452.74 | GJ19: 226265.2 | GK19: 237037.69 | GL19: 262584.59 | GM19: 233589.81 | GN19: 256580.44 | GO19: 265018 | GP19: 277317.71 | GQ19: 293756.23 | GR19: 275593.64 | GS19: 245685.85 | GT19: 284947.06 | GU19: 222427.01 | GV19: 241210.71 | GW19: 272028.65 | GX19: 321199.33 | GY19: 263020.19 | GZ19: 272539.24 | HA19: 280052.03 | HB19: 269968 | HC19: 339074.89 | HD19: 305927.72 | HE19: 269637.49 | HF19: 280252.89 | HG19: 268300.27 | HH19: 270670.51 | HI19: 305793.84 | HJ19: 423810.03 | HK19: 290653.01 | HL19: 333888.29 | HM19: 290230.4 | HN19: 324788.05 | HO19: 351440.44 | HP19: 316479.83 | HQ19: 311026.61 | HR19: 310133.4 | HS19: 289190 | HT19: 306379.12 | HU19: 324593.4 | HV19: 355464.16 | HW19: 320036.59 | HX19: 345110.1 | HY19: 328315.94 | HZ19: 372239.33 | IA19: 389826.65 | IB19: 345539.74 | IC19: 416740.56 | ID19: 349426.54 | IE19: 345131.02 | IF19: 360438.78 | IG19: 364411.43 | IH19: 409727.32 | II19: 365701.34 | IJ19: 363471.84 | IK19: 441269.35 | IL19: 415827.48 | IM19: 446274.45 | IN19: 405681.22 | IO19: 385562.73 | IP19: 373566.93
A20: 21 | B20: Compensation of employees | C20: 6449.1717 | D20: 4644.6504 | E20: 5207.0643 | F20: 4467.697 | G20: 4768.6922 | H20: 5512.2115 | I20: 4832.9617 | J20: 5115.3447 | K20: 5317.8498 | L20: 5396.8139 | M20: 7090.1965 | N20: 8981.0596 | O20: 6024.0898 | P20: 5471.2099 | Q20: 6566.4782 | R20: 5346.4553 | S20: 5474.7879 | T20: 6435.5668 | U20: 5494.0229 | V20: 5627.8945 | W20: 5656.9815 | X20: 5630.8601 | Y20: 8043.7977 | Z20: 8430.4651 | AA20: 8238.2769 | AB20: 5728.7465 | AC20: 5848.2707 | AD20: 5686.5351 | AE20: 6207.9291 | AF20: 7529.6576 | AG20: 6330.1596 | AH20: 6211.0538 | AI20: 6758.4597 | AJ20: 6861.6297 | AK20: 10453.691 | AL20: 9988.7845 | AM20: 11505.64 | AN20: 7302.6263 | AO20: 7190.07 | AP20: 6899.1858 | AQ20: 7030.4451 | AR20: 8343.5126 | AS20: 7504.8494 | AT20: 7431.3253 | AU20: 7408.9777 | AV20: 7445.3797 | AW20: 10859.22 | AX20: 10503.967 | AY20: 8455.4049 | AZ20: 7713.0858 | BA20: 10884.992 | BB20: 7948.5187 | BC20: 8300.3654 | BD20: 9255.0317 | BE20: 8478.2063 | BF20: 8397.2945 | BG20: 8763.6289 | BH20: 8806.3104 | BI20: 13005.466 | BJ20: 11986.118 | BK20: 9582.1652 | BL20: 8635.2773 | BM20: 9242.7242 | BN20: 11776.803 | BO20: 9561.9782 | BP20: 10459.764 | BQ20: 9058.5608 | BR20: 8880.8978 | BS20: 9105.1958 | BT20: 9021.0116 | BU20: 13288.024 | BV20: 11871.604 | BW20: 10289.242 | BX20: 8929.4982 | BY20: 9303.3176 | BZ20: 11142.417 | CA20: 9892.3275 | CB20: 10999.746 | CC20: 9596.1142 | CD20: 9243.2223 | CE20: 9398.989 | CF20: 9820.7649 | CG20: 14118.523 | CH20: 12466.42 | CI20: 10727.523 | CJ20: 9756.0395 | CK20: 10390.6 | CL20: 12410.12 | CM20: 10777.748 | CN20: 12232.225 | CO20: 10793.313 | CP20: 10643.413 | CQ20: 10229.372 | CR20: 10684.475 | CS20: 15389.029 | CT20: 14033.664 | CU20: 12036.932 | CV20: 10904.048 | CW20: 11022.318 | CX20: 11489.464 | CY20: 11506.407 | CZ20: 13034.717 | DA20: 11868.567 | DB20: 11229.535 | DC20: 11887.703 | DD20: 12267.421 | DE20: 17202.346 | DF20: 14868.398 | DG20: 13765.952 | DH20: 11891.806 | DI20: 13150.729 | DJ20: 13138.434 | DK20: 12388.852 | DL20: 15114.634 | DM20: 13270.997 | DN20: 12915.64 | DO20: 12980.863 | DP20: 13122.689 | DQ20: 19698.52 | DR20: 16132.137 | DS20: 14210.677 | DT20: 12474.08 | DU20: 13079.73 | DV20: 13263.99 | DW20: 13007.22 | DX20: 14945.741 | DY20: 13249.244 | DZ20: 13208.093 | EA20: 13375.112 | EB20: 14992.51 | EC20: 20046.79 | ED20: 17562.547 | EE20: 15696.384 | EF20: 13698.612 | EG20: 14347.43 | EH20: 14080.256 | EI20: 16318.893 | EJ20: 16591.248 | EK20: 14346.839 | EL20: 14217.44 | EM20: 14015.833 | EN20: 14451.598 | EO20: 21096.631 | EP20: 18764.775 | EQ20: 15837.867 | ER20: 14266.664 | ES20: 16143.495 | ET20: 14937.56 | EU20: 14584.372 | EV20: 17045.529 | EW20: 14870.65 | EX20: 15961.461 | EY20: 14618.716 | EZ20: 14932.544 | FA20: 22067.115 | FB20: 18486.916 | FC20: 17132.881 | FD20: 14960.689 | FE20: 17367.149 | FF20: 15647.543 | FG20: 15223.207 | FH20: 17883.28 | FI20: 15046.505 | FJ20: 15357.849 | FK20: 14867.534 | FL20: 15090.741 | FM20: 22788.818 | FN20: 18897.894 | FO20: 16534.767 | FP20: 14773.455 | FQ20: 15739.216 | FR20: 15716.77 | FS20: 15506.739 | FT20: 19560.736 | FU20: 15861.437 | FV20: 15646.269 | FW20: 15725.003 | FX20: 16042.845 | FY20: 22860.765 | FZ20: 19907.584 | GA20: 16924.164 | GB20: 15360.459 | GC20: 15805.768 | GD20: 15706.906 | GE20: 15905.164 | GF20: 22016.799 | GG20: 15775.601 | GH20: 16136.118 | GI20: 15982.578 | GJ20: 15853.25 | GK20: 23415.139 | GL20: 20483.796 | GM20: 16849.253 | GN20: 15796.725 | GO20: 16268.244 | GP20: 15929.842 | GQ20: 16015.666 | GR20: 19149.165 | GS20: 18152.592 | GT20: 18626.618 | GU20: 16500.489 | GV20: 16356.563 | GW20: 23423.69 | GX20: 21352.988 | GY20: 17542.636 | GZ20: 16737.972 | HA20: 16329.755 | HB20: 16985.091 | HC20: 19411.91 | HD20: 20289.545 | HE20: 17309.156 | HF20: 17518.741 | HG20: 17641.577 | HH20: 17588.832 | HI20: 25924.809 | HJ20: 30092.841 | HK20: 19338.501 | HL20: 18738.412 | HM20: 18066.302 | HN20: 18198.964 | HO20: 19230.577 | HP20: 21534.648 | HQ20: 18578.044 | HR20: 18534.278 | HS20: 18430.912 | HT20: 19377.591 | HU20: 27365.895 | HV20: 23381.65 | HW20: 21117.067 | HX20: 19241.625 | HY20: 19206.009 | HZ20: 22118.594 | IA20: 20182.059 | IB20: 23859.014 | IC20: 24122.953 | ID20: 21186.546 | IE20: 20614.954 | IF20: 21754.027 | IG20: 29852.464 | IH20: 26771.739 | II20: 23122.475 | IJ20: 20978.388 | IK20: 26250.344 | IL20: 21656.094 | IM20: 22321.755 | IN20: 25655.339 | IO20: 22705.859 | IP20: 22676.474
A21: 22 | B21: Use of goods & services | C21: 576.57212 | D21: 961.95583 | E21: 1982.9455 | F21: 1403.2524 | G21: 1655.2119 | H21: 1798.8154 | I21: 1788.5011 | J21: 1896.1182 | K21: 1644.5626 | L21: 2140.4234 | M21: 2275.4 | N21: 8044.3508 | O21: 916.7795 | P21: 1217.5281 | Q21: 1727.081 | R21: 1704.0175 | S21: 2660.9619 | T21: 1826.1751 | U21: 2027.8179 | V21: 2137.6667 | W21: 1827.565 | X21: 2159.0122 | Y21: 2334.8621 | Z21: 5024.1934 | AA21: 904.08062 | AB21: 1225.6174 | AC21: 1748.1866 | AD21: 1984.7468 | AE21: 2158.3251 | AF21: 2131.1366 | AG21: 2491.2777 | AH21: 2087.3502 | AI21: 3038.2352 | AJ21: 2671.4653 | AK21: 2934.2858 | AL21: 4641.9717 | AM21: 2120.6868 | AN21: 1724.7488 | AO21: 2449.1557 | AP21: 2200.5019 | AQ21: 2290.8857 | AR21: 2407.4373 | AS21: 2464.4692 | AT21: 2315.5285 | AU21: 2456.1896 | AV21: 2405.1651 | AW21: 2974.9383 | AX21: 4450.1626 | AY21: 2304.8828 | AZ21: 2266.9334 | BA21: 2902.3593 | BB21: 2838.481 | BC21: 3197.2208 | BD21: 2873.5381 | BE21: 2854.099 | BF21: 2909.0338 | BG21: 2986.5428 | BH21: 2824.8363 | BI21: 3358.1711 | BJ21: 5145.4233 | BK21: 2428.9674 | BL21: 2582.3819 | BM21: 2791.1713 | BN21: 2868.6064 | BO21: 3120.0243 | BP21: 2838.4576 | BQ21: 2907.1291 | BR21: 2954.8742 | BS21: 2917.8333 | BT21: 3125.6296 | BU21: 3895.396 | BV21: 5739.6678 | BW21: 2439.1289 | BX21: 2485.1546 | BY21: 3189.0926 | BZ21: 2934.5575 | CA21: 3333.5637 | CB21: 3146.0953 | CC21: 3555.7593 | CD21: 3549.6146 | CE21: 3026.0622 | CF21: 3854.5134 | CG21: 4107.8888 | CH21: 5532.4927 | CI21: 2819.4239 | CJ21: 2990.9204 | CK21: 3574.1374 | CL21: 3827.5548 | CM21: 3763.094 | CN21: 3540.2772 | CO21: 4106.0038 | CP21: 3641.4029 | CQ21: 3381.272 | CR21: 4219.9995 | CS21: 4221.096 | CT21: 6461.7101 | CU21: 3318.2681 | CV21: 3521.2715 | CW21: 3373.1518 | CX21: 3753.8342 | CY21: 4214.5553 | CZ21: 3646.756 | DA21: 4348.9132 | DB21: 4012.9024 | DC21: 4419.512 | DD21: 4851.1726 | DE21: 5077.2491 | DF21: 6193.8084 | DG21: 4037.0724 | DH21: 3307.5197 | DI21: 4046.8088 | DJ21: 4057.0937 | DK21: 3656.4535 | DL21: 4319.3905 | DM21: 4458.149 | DN21: 4033.2656 | DO21: 4795.4807 | DP21: 4538.8706 | DQ21: 5572.5432 | DR21: 6585.3775 | DS21: 3900.3516 | DT21: 3319.4495 | DU21: 4245.465 | DV21: 4048.7801 | DW21: 4322.4168 | DX21: 4448.9202 | DY21: 4385.2032 | DZ21: 4256.4577 | EA21: 4266.049 | EB21: 5666.9422 | EC21: 5852.5143 | ED21: 8008.1378 | EE21: 3136.687 | EF21: 3619.349 | EG21: 4201.8255 | EH21: 3737.541 | EI21: 5082.5448 | EJ21: 4324.4487 | EK21: 4165.6158 | EL21: 4559.2729 | EM21: 4164.3796 | EN21: 4512.7261 | EO21: 4711.6655 | EP21: 7656.0268 | EQ21: 3842.8583 | ER21: 3745.6094 | ES21: 5396.6865 | ET21: 4445.4932 | EU21: 4603.8452 | EV21: 4391.181 | EW21: 4571.4245 | EX21: 5179.7214 | EY21: 4303.7174 | EZ21: 5212.7271 | FA21: 4985.544 | FB21: 7162.4985 | FC21: 3842.3353 | FD21: 4080.2035 | FE21: 4640.958 | FF21: 4438.4886 | FG21: 4831.0245 | FH21: 4359.2911 | FI21: 4950.888 | FJ21: 4643.174 | FK21: 4263.2133 | FL21: 4690.4195 | FM21: 5413.4775 | FN21: 7222.8915 | FO21: 4293.2424 | FP21: 3505.0573 | FQ21: 5111.4218 | FR21: 4747.8803 | FS21: 4517.4586 | FT21: 5605.6692 | FU21: 4679.5008 | FV21: 4202.4027 | FW21: 5777.0468 | FX21: 4483.5371 | FY21: 4712.3609 | FZ21: 7641.1559 | GA21: 3090.3109 | GB21: 3380.7197 | GC21: 5191.9478 | GD21: 4412.1149 | GE21: 4638.259 | GF21: 6803.7896 | GG21: 5221.7114 | GH21: 4912.8967 | GI21: 5636.8311 | GJ21: 5269.8217 | GK21: 6107.9827 | GL21: 8769.2646 | GM21: 4843.7093 | GN21: 4187.0903 | GO21: 5055.9454 | GP21: 5112.9353 | GQ21: 6545.5659 | GR21: 5400.3841 | GS21: 5211.6617 | GT21: 6423.3834 | GU21: 5704.6402 | GV21: 5525.6819 | GW21: 5681.0645 | GX21: 8305.6974 | GY21: 4234.4024 | GZ21: 4507.0359 | HA21: 6408.7749 | HB21: 5430.989 | HC21: 7593.0444 | HD21: 5558.4461 | HE21: 5378.6571 | HF21: 6210.9117 | HG21: 5637.3066 | HH21: 6390.8174 | HI21: 6570.461 | HJ21: 21569.247 | HK21: 4805.5199 | HL21: 7282.7913 | HM21: 5913.7315 | HN21: 7138.645 | HO21: 6276.3435 | HP21: 6285.319 | HQ21: 6827.1084 | HR21: 6309.1082 | HS21: 6546.7133 | HT21: 7375.5488 | HU21: 7432.0335 | HV21: 10080.684 | HW21: 4990.6229 | HX21: 6440.556 | HY21: 6076.3276 | HZ21: 6715.3925 | IA21: 6407.4321 | IB21: 6331.1131 | IC21: 11462.133 | ID21: 7055.1343 | IE21: 7522.4218 | IF21: 8150.3742 | IG21: 7599.0089 | IH21: 11964.277 | II21: 5603.2256 | IJ21: 6786.016 | IK21: 11598.857 | IL21: 7478.3043 | IM21: 7769.4298 | IN21: 7862.2005 | IO21: 7940.8918 | IP21: 8108.7191
A22: 23 | B22: Consumption of fixed capital 5/ | C22: 1027.8867 | D22: 886.57087 | E22: 900.43112 | F22: 846.36823 | G22: 904.79452 | H22: 919.35596 | I22: 969.78032 | J22: 937.96744 | K22: 984.25643 | L22: 977.94793 | M22: 1047.2971 | N22: 1237.6237 | O22: 1082.5964 | P22: 933.759 | Q22: 948.35696 | R22: 891.41655 | S22: 952.95261 | T22: 968.28909 | U22: 1021.3973 | V22: 987.89118 | W22: 1036.6439 | X22: 1029.9996 | Y22: 1103.0399 | Z22: 1303.4968 | AA22: 1215.0107 | AB22: 1047.9687 | AC22: 1064.3521 | AD22: 1000.4472 | AE22: 1069.5099 | AF22: 1086.7222 | AG22: 1146.3262 | AH22: 1108.7218 | AI22: 1163.4376 | AJ22: 1155.9807 | AK22: 1237.9546 | AL22: 1462.9298 | AM22: 1328.1715 | AN22: 1145.5719 | AO22: 1163.4812 | AP22: 1093.6245 | AQ22: 1169.1194 | AR22: 1187.9347 | AS22: 1253.09 | AT22: 1211.9834 | AU22: 1271.7951 | AV22: 1263.6437 | AW22: 1353.2523 | AX22: 1599.1806 | AY22: 1610.581 | AZ22: 1389.1552 | BA22: 1410.8726 | BB22: 1434.0099 | BC22: 1533.0021 | BD22: 1557.6737 | BE22: 1542.2911 | BF22: 1491.6975 | BG22: 1565.3132 | BH22: 1390.2236 | BI22: 1488.8085 | BJ22: 1759.3716 | BK22: 1747.3226 | BL22: 1507.0974 | BM22: 1530.6586 | BN22: 1560.4795 | BO22: 1668.2022 | BP22: 1695.0496 | BQ22: 1677.0682 | BR22: 1622.0533 | BS22: 1702.1022 | BT22: 1511.779 | BU22: 1618.9837 | BV22: 1913.2037 | BW22: 1856.4798 | BX22: 1601.2474 | BY22: 1626.2806 | BZ22: 1649.853 | CA22: 1763.7453 | CB22: 1792.1304 | CC22: 1777.6518 | CD22: 1719.3374 | CE22: 1804.1872 | CF22: 1600.5324 | CG22: 1714.0309 | CH22: 2025.5239 | CI22: 1967.8965 | CJ22: 1697.3463 | CK22: 1723.8819 | CL22: 1751.4127 | CM22: 1872.3158 | CN22: 1902.4482 | CO22: 1890.0167 | CP22: 1828.0162 | CQ22: 1918.2294 | CR22: 1704.0405 | CS22: 1824.879 | CT22: 2156.5167 | CU22: 2216.9978 | CV22: 1912.2006 | CW22: 1942.0951 | CX22: 1969.672 | CY22: 2105.6419 | CZ22: 2139.5294 | DA22: 2117.804 | DB22: 2048.3311 | DC22: 2149.4169 | DD22: 1906.5059 | DE22: 2041.7019 | DF22: 2412.743 | DG22: 1766.2813 | DH22: 2310.2801 | DI22: 2675.0658 | DJ22: 2006.244 | DK22: 2271.8567 | DL22: 2614.404 | DM22: 2340.6424 | DN22: 2058.1068 | DO22: 2656.5756 | DP22: 1844.7824 | DQ22: 1987.9132 | DR22: 3321.8477 | DS22: 2274.9793 | DT22: 3231.2512 | DU22: 1874.1665 | DV22: 2450.3754 | DW22: 2524.8248 | DX22: 2558.1656 | DY22: 2260.2117 | DZ22: 2625.3225 | EA22: 2757.738 | EB22: 2505.4085 | EC22: 2706.6242 | ED22: 2462.9603 | EE22: 3122.4244 | EF22: 2154.4616 | EG22: 2858.371 | EH22: 2548.8285 | EI22: 2772.0275 | EJ22: 2900.7266 | EK22: 2816.7243 | EL22: 2898.7186 | EM22: 2683.6127 | EN22: 2693.5388 | EO22: 2839.5902 | EP22: 2913.7394 | EQ22: 1821.433 | ER22: 1928.3978 | ES22: 4581.1175 | ET22: 2981.4727 | EU22: 2782.4576 | EV22: 2661.7347 | EW22: 2857.466 | EX22: 2897.5327 | EY22: 2820.3701 | EZ22: 2517.0909 | FA22: 2404.1978 | FB22: 3849.2445 | FC22: 2929.3267 | FD22: 2205.7966 | FE22: 4109.0589 | FF22: 2679.1067 | FG22: 2810.6332 | FH22: 3594.0374 | FI22: 3010.2869 | FJ22: 3011.4284 | FK22: 3161.1996 | FL22: 2929.4249 | FM22: 3142.0537 | FN22: 3290.6471 | FO22: 4608.8185 | FP22: 2591.673 | FQ22: 1923.9178 | FR22: 3017.1105 | FS22: 3405.5953 | FT22: 2815.7214 | FU22: 3099.383 | FV22: 3145.3271 | FW22: 3246.2034 | FX22: 2840.5932 | FY22: 3421.6025 | FZ22: 3624.0543 | GA22: 3581.7978 | GB22: 3104.7138 | GC22: 3359.3295 | GD22: 3415.433 | GE22: 3781.5901 | GF22: 3332.1678 | GG22: 3581.5302 | GH22: 3944.5473 | GI22: 3354.3146 | GJ22: 3911.0328 | GK22: 4019.1514 | GL22: 3146.3809 | GM22: 3952.0632 | GN22: 2944.7785 | GO22: 3473.4669 | GP22: 3246.1195 | GQ22: 3371.2951 | GR22: 4127.5344 | GS22: 4632.6313 | GT22: 4874.6536 | GU22: 1503.3213 | GV22: 3403.7482 | GW22: 4339.6423 | GX22: 3313.5888 | GY22: 3556.2807 | GZ22: 3839.6953 | HA22: 3819.1206 | HB22: 4266.0326 | HC22: 3454.938 | HD22: 3589.6355 | HE22: 3103.8371 | HF22: 3219.0514 | HG22: 5086.773 | HH22: 2758.6976 | HI22: 6351.0343 | HJ22: 2344.647 | HK22: 3892.954 | HL22: 3374.425 | HM22: 4590.6498 | HN22: 3488.7995 | HO22: 4306.143 | HP22: 4228.163 | HQ22: 3797.7365 | HR22: 4069.2614 | HS22: 3905.4141 | HT22: 4052.2688 | HU22: 4059.4653 | HV22: 3829.2587 | HW22: 3739.1581 | HX22: 4001.8423 | HY22: 4038.5907 | HZ22: 3721.7017 | IA22: 3985.7934 | IB22: 4217.5281 | IC22: 3946.6714 | ID22: 4235.3041 | IE22: 3948.6646 | IF22: 4514.1498 | IG22: 3812.961 | IH22: 3891.4404 | II22: 2741.6354 | IJ22: 2715.307 | IK22: 3071.0294 | IL22: 2678.3432 | IM22: 3626.4155 | IN22: 2404.4551 | IO22: 2250.037 | IP22: 2414.5894
A23: 24 | B23: Interest 3/ | C23: 17422.403 | D23: 14780.32 | E23: 19083.287 | F23: 13487.694 | G23: 18725.286 | H23: 15247.699 | I23: 15289.511 | J23: 17156.75 | K23: 15622.206 | L23: 15843.745 | M23: 16576.601 | N23: 15522.793 | O23: 16689.382 | P23: 14385.799 | Q23: 16717.911 | R23: 15196.026 | S23: 16512.946 | T23: 15357.122 | U23: 15995.593 | V23: 17385.722 | W23: 15203.827 | X23: 15097.257 | Y23: 16525.646 | Z23: 16857.572 | AA23: 19492.788 | AB23: 17178.749 | AC23: 16861.981 | AD23: 19148.498 | AE23: 19235 | AF23: 21350.313 | AG23: 23085.803 | AH23: 17782.913 | AI23: 17141.34 | AJ23: 17927.04 | AK23: 25365.826 | AL23: 19893.345 | AM23: 16896.711 | AN23: 18075.874 | AO23: 17371.943 | AP23: 15044.871 | AQ23: 16011.384 | AR23: 18785.077 | AS23: 19189.982 | AT23: 18402.894 | AU23: 17744.515 | AV23: 18135.793 | AW23: 20012.054 | AX23: 19166.072 | AY23: 20036.711 | AZ23: 19642.311 | BA23: 23878.34 | BB23: 20503.953 | BC23: 24225.824 | BD23: 22577.306 | BE23: 22020.568 | BF23: 21635.489 | BG23: 21418.932 | BH23: 23062.202 | BI23: 25894.39 | BJ23: 28911.306 | BK23: 28285.143 | BL23: 27301.482 | BM23: 28327.192 | BN23: 27134.538 | BO23: 30759.21 | BP23: 26384.454 | BQ23: 24528.854 | BR23: 28512.786 | BS23: 26201.013 | BT23: 27408.418 | BU23: 27679.808 | BV23: 29710.458 | BW23: 27375.892 | BX23: 26139.279 | BY23: 28297.513 | BZ23: 24774.142 | CA23: 30875.256 | CB23: 26598.433 | CC23: 26435.824 | CD23: 28743.23 | CE23: 24740.151 | CF23: 27444.895 | CG23: 28549.805 | CH23: 31598.133 | CI23: 33090.822 | CJ23: 29754.394 | CK23: 28030.778 | CL23: 27030.369 | CM23: 31171.766 | CN23: 28128.589 | CO23: 33665.186 | CP23: 30907.053 | CQ23: 22513.555 | CR23: 28436.268 | CS23: 40172.066 | CT23: 33354.766 | CU23: 38406.002 | CV23: 24531.309 | CW23: 27309.247 | CX23: 29839.596 | CY23: 31684.88 | CZ23: 27989.176 | DA23: 37397.1 | DB23: 25761.235 | DC23: 52557.191 | DD23: 31254.233 | DE23: 42778.463 | DF23: 56643.87 | DG23: 32751.079 | DH23: 69164.016 | DI23: 85471.118 | DJ23: 41157.898 | DK23: 64742.948 | DL23: 38235.593 | DM23: 75015.46 | DN23: 63830.931 | DO23: 86296.908 | DP23: 38073.881 | DQ23: 37534.174 | DR23: 68192.914 | DS23: 73334.898 | DT23: 47259.712 | DU23: 46254.347 | DV23: 37799.84 | DW23: 55899.942 | DX23: 47673.747 | DY23: 53388.213 | DZ23: 52811.982 | EA23: 51025.52 | EB23: 42841.965 | EC23: 51409.008 | ED23: 47254.031 | EE23: 46530.643 | EF23: 44553.309 | EG23: 59239.42 | EH23: 44953.877 | EI23: 51945.229 | EJ23: 46275.944 | EK23: 38551.534 | EL23: 52095.756 | EM23: 46973.585 | EN23: 50182.226 | EO23: 44902.996 | EP23: 50619.996 | EQ23: 42934.009 | ER23: 42239.34 | ES23: 49482.393 | ET23: 46241.017 | EU23: 60042.36 | EV23: 64897.385 | EW23: 46877.809 | EX23: 81478.314 | EY23: 37058.537 | EZ23: 41319.917 | FA23: 53478.752 | FB23: 37059.337 | FC23: 40925.501 | FD23: 50433.685 | FE23: 60201.362 | FF23: 50411.263 | FG23: 46722.886 | FH23: 34449.12 | FI23: 39549.579 | FJ23: 38902.575 | FK23: 34192.48 | FL23: 37532.18 | FM23: 38180.73 | FN23: 46043.88 | FO23: 42240.327 | FP23: 32129.48 | FQ23: 37680.928 | FR23: 27855.415 | FS23: 24302.377 | FT23: 28392.19 | FU23: 35297.944 | FV23: 33570.021 | FW23: 37189.397 | FX23: 42530.303 | FY23: 41436.73 | FZ23: 48000.65 | GA23: 41876.844 | GB23: 35104.435 | GC23: 49565.316 | GD23: 38262.656 | GE23: 43807.467 | GF23: 44235.872 | GG23: 50736.494 | GH23: 53313.142 | GI23: 54068.879 | GJ23: 63845.328 | GK23: 59617.657 | GL23: 67383.912 | GM23: 60523.826 | GN23: 64069.942 | GO23: 80902.904 | GP23: 79487.643 | GQ23: 72329.702 | GR23: 69621.204 | GS23: 58786.414 | GT23: 47169.085 | GU23: 48116.515 | GV23: 57695.687 | GW23: 67338.247 | GX23: 78542.355 | GY23: 72854.527 | GZ23: 67789.287 | HA23: 86399.047 | HB23: 71462.508 | HC23: 71672.496 | HD23: 64424.63 | HE23: 63952.997 | HF23: 75190.716 | HG23: 69002.534 | HH23: 66203.637 | HI23: 67388.038 | HJ23: 80423.49 | HK23: 77187.259 | HL23: 74540.732 | HM23: 76099.911 | HN23: 71753.759 | HO23: 77654.02 | HP23: 77704.828 | HQ23: 78702.491 | HR23: 79607.249 | HS23: 69995.528 | HT23: 89526.141 | HU23: 81286.25 | HV23: 83623.326 | HW23: 87960.782 | HX23: 97844.828 | HY23: 102700.89 | HZ23: 96252.365 | IA23: 103615.23 | IB23: 89641.495 | IC23: 110021.35 | ID23: 103670.21 | IE23: 102494.32 | IF23: 114833.17 | IG23: 99970.998 | IH23: 111065.79 | II23: 119352.47 | IJ23: 104518.38 | IK23: 126608.58 | IL23: 124490.85 | IM23: 126360.89 | IN23: 113918.64 | IO23: 118758.29 | IP23: 105014.04
A24: 25 | B24: Subsidies | C24: 147.11217 | D24: 330.33536 | E24: 322.53501 | F24: 287.36027 | G24: 180.86589 | H24: 217.55476 | I24: 409.29591 | J24: 254.37158 | K24: 302.95053 | L24: 318.5643 | M24: 318.04241 | N24: 2539.0119 | O24: 156.55442 | P24: 267.78608 | Q24: 307.11585 | R24: 242.22734 | S24: 361.84123 | T24: 375.9541 | U24: 95.223839 | V24: 573.75875 | W24: 224.70119 | X24: 355.2168 | Y24: 406.40521 | Z24: 1182.3714 | AA24: 194.0528 | AB24: 225.10845 | AC24: 318.80053 | AD24: 245.6657 | AE24: 221.73884 | AF24: 274.90742 | AG24: 325.87707 | AH24: 149.27189 | AI24: 402.38662 | AJ24: 430.42849 | AK24: 308.58602 | AL24: 726.86905 | AM24: 473.68636 | AN24: 175.4891 | AO24: 318.19812 | AP24: 458.45435 | AQ24: 586.15536 | AR24: 318.26622 | AS24: 398.36252 | AT24: 159.32787 | AU24: 604.98003 | AV24: 132.92353 | AW24: 525.14154 | AX24: 2246.3095 | AY24: 412.64071 | AZ24: 138.96721 | BA24: 856.02032 | BB24: 248.86827 | BC24: 350.88998 | BD24: 566.12723 | BE24: 601.26031 | BF24: 291.15351 | BG24: 396.89958 | BH24: 1697.2375 | BI24: 269.48909 | BJ24: 325.30071 | BK24: 2135.5759 | BL24: 228.2628 | BM24: 1072.9703 | BN24: 737.22761 | BO24: 853.01435 | BP24: 1881.7319 | BQ24: 1394.1888 | BR24: 358.69018 | BS24: 415.86291 | BT24: 1546.9459 | BU24: 406.29502 | BV24: 861.04751 | BW24: 4294.942 | BX24: 386.31172 | BY24: 1062.1117 | BZ24: 2702.8825 | CA24: 555.02181 | CB24: 833.71427 | CC24: 846.25268 | CD24: 603.37699 | CE24: 803.22546 | CF24: 972.59127 | CG24: 557.40886 | CH24: 801.08297 | CI24: 1295.3333 | CJ24: 848.81298 | CK24: 1787.6294 | CL24: 1863.8319 | CM24: 387.04966 | CN24: 1589.9107 | CO24: 2031.7243 | CP24: 2656.3223 | CQ24: 3788.5056 | CR24: 4880.078 | CS24: 712.14362 | CT24: 3176.1766 | CU24: 2376.9091 | CV24: 1194.8211 | CW24: 4924.0264 | CX24: 1074.4419 | CY24: 1835.21 | CZ24: 1762.4434 | DA24: 3375.3633 | DB24: 6451.3934 | DC24: 1260.0535 | DD24: 1505.6334 | DE24: 806.2329 | DF24: 3208.6972 | DG24: 370.11052 | DH24: 485.20071 | DI24: 394.03875 | DJ24: 2931.1917 | DK24: 600.52093 | DL24: 2437.8004 | DM24: 2825.9656 | DN24: 695.90225 | DO24: 504.56427 | DP24: 696.53515 | DQ24: 197.29142 | DR24: 12509.931 | DS24: 11494.108 | DT24: 922.60082 | DU24: 627.42643 | DV24: 704.15537 | DW24: 367.90111 | DX24: 430.02819 | DY24: 9245.6281 | DZ24: 246.12342 | EA24: 845.59179 | EB24: 191.28066 | EC24: 788.94549 | ED24: 1323.8617 | EE24: 8883.2249 | EF24: 509.64959 | EG24: 487.29885 | EH24: 385.9773 | EI24: 528.25052 | EJ24: 698.27183 | EK24: 7775.6825 | EL24: 427.57617 | EM24: 502.07891 | EN24: 531.05206 | EO24: 403.8659 | EP24: 818.64716 | EQ24: 6064.5805 | ER24: 645.39499 | ES24: 460.81123 | ET24: 553.69599 | EU24: 596.16282 | EV24: 585.4641 | EW24: 5143.7906 | EX24: 686.44071 | EY24: 2377.6962 | EZ24: 1110.708 | FA24: 3029.3582 | FB24: 2446.5809 | FC24: 5424.2485 | FD24: 1425.0623 | FE24: 575.74997 | FF24: 404.45594 | FG24: 470.25061 | FH24: 535.31798 | FI24: 4448.185 | FJ24: 482.4799 | FK24: 389.87885 | FL24: 129.407 | FM24: 679.59504 | FN24: 1468.8406 | FO24: 2972.4298 | FP24: 411.45067 | FQ24: 548.75599 | FR24: 892.73275 | FS24: 814.11686 | FT24: 632.89932 | FU24: 2547.5487 | FV24: -317.86094 | FW24: 723.66023 | FX24: 437.55828 | FY24: 749.05497 | FZ24: 873.40156 | GA24: 2259.2614 | GB24: 518.91227 | GC24: 432.50994 | GD24: 644.91712 | GE24: 473.67064 | GF24: 639.19064 | GG24: 2895.4794 | GH24: 722.84205 | GI24: 507.64136 | GJ24: 1137.399 | GK24: 695.49695 | GL24: 1306.9874 | GM24: 3063.395 | GN24: 869.62172 | GO24: 749.0929 | GP24: 860.71283 | GQ24: 994.63748 | GR24: 1652.9531 | GS24: 4027.1592 | GT24: 1336.6589 | GU24: 1086.7881 | GV24: 928.46871 | GW24: 855.32652 | GX24: 1245.3348 | GY24: 2549.5106 | GZ24: 980.78684 | HA24: 1230.1361 | HB24: 1181.3186 | HC24: 1251.9987 | HD24: 1348.2618 | HE24: 2885.0283 | HF24: 1110.8682 | HG24: 1419.5322 | HH24: 1047.6617 | HI24: 970.71783 | HJ24: 1306.0719 | HK24: 2092.6702 | HL24: 1125.1511 | HM24: 870.19368 | HN24: 1596.4005 | HO24: 937.11004 | HP24: 1247.4291 | HQ24: 1311.8009 | HR24: 1477.0936 | HS24: 1447.7037 | HT24: 1241.746 | HU24: 1237.1778 | HV24: 2686.2028 | HW24: 1988.5406 | HX24: 2113.4549 | HY24: 2159.4641 | HZ24: 1449.6114 | IA24: 1949.9183 | IB24: 1889.3942 | IC24: 2729.9764 | ID24: 2459.4833 | IE24: 2000.6693 | IF24: 1312.0928 | IG24: 2235.9163 | IH24: 3343.2708 | II24: 2700.5466 | IJ24: 2020.1199 | IK24: 1891.7042 | IL24: 2079.4426 | IM24: 2236.4922 | IN24: 4118.0704 | IO24: 7680.9406 | IP24: 2758.9044
A25: 26 | B25: Grants | C25: 10126.579 | D25: 12349.936 | E25: 5611.3946 | F25: 10964.798 | G25: 11438.944 | H25: 13375.469 | I25: 11632.471 | J25: 10761.753 | K25: 11670.802 | L25: 9176.5261 | M25: 13236.879 | N25: 18010.086 | O25: 8260.241 | P25: 13838.821 | Q25: 4899.0005 | R25: 15976.385 | S25: 10294.024 | T25: 19248.648 | U25: 12431.806 | V25: 13441.866 | W25: 12008.427 | X25: 11551.151 | Y25: 15574.597 | Z25: 21973.232 | AA25: 16830.096 | AB25: 12160.683 | AC25: 14882.209 | AD25: 15790.92 | AE25: 18065.852 | AF25: 15752.47 | AG25: 16544.449 | AH25: 18705.659 | AI25: 15866.648 | AJ25: 15982.461 | AK25: 20773.563 | AL25: 25897.115 | AM25: 13899.338 | AN25: 16250.885 | AO25: 14988.799 | AP25: 15729.276 | AQ25: 19088.607 | AR25: 19057.4 | AS25: 15993.604 | AT25: 16376.74 | AU25: 15665.939 | AV25: 17658.411 | AW25: 19612.194 | AX25: 23566.229 | AY25: 16283.022 | AZ25: 20612.027 | BA25: 17437.748 | BB25: 19101.276 | BC25: 23778.15 | BD25: 19694.935 | BE25: 19173.987 | BF25: 19561.306 | BG25: 16637.741 | BH25: 20498.251 | BI25: 20247.451 | BJ25: 27529.561 | BK25: 22218.943 | BL25: 24298.256 | BM25: 18306.642 | BN25: 22035.748 | BO25: 24948.225 | BP25: 21206.1 | BQ25: 21269.245 | BR25: 21909.946 | BS25: 18594.78 | BT25: 22799.26 | BU25: 24768.365 | BV25: 33849.781 | BW25: 20463.362 | BX25: 24825.501 | BY25: 26759.509 | BZ25: 26335.009 | CA25: 27948.197 | CB25: 23607.172 | CC25: 23307.06 | CD25: 24880.81 | CE25: 20923.773 | CF25: 21570.849 | CG25: 29046.46 | CH25: 37335.145 | CI25: 20031.234 | CJ25: 31879.166 | CK25: 23262.342 | CL25: 22740.818 | CM25: 34595.703 | CN25: 26194.321 | CO25: 21917.021 | CP25: 27067.29 | CQ25: 23908.236 | CR25: 24302.188 | CS25: 27842.417 | CT25: 35334.713 | CU25: 21228.16 | CV25: 45282.625 | CW25: 26144.645 | CX25: 30266.058 | CY25: 32622.034 | CZ25: 26155.319 | DA25: 26590.425 | DB25: 31453.933 | DC25: 24445.452 | DD25: 26655.507 | DE25: 29229.665 | DF25: 33893.011 | DG25: 25881.455 | DH25: 40193.805 | DI25: 26227.652 | DJ25: 29679.524 | DK25: 31762.705 | DL25: 31153.573 | DM25: 26653.504 | DN25: 27517.337 | DO25: 25553.997 | DP25: 28454.731 | DQ25: 28649.074 | DR25: 39504.923 | DS25: 30266.087 | DT25: 33953.48 | DU25: 28134.321 | DV25: 29055.405 | DW25: 34930.547 | DX25: 30422.046 | DY25: 32993.902 | DZ25: 25699.803 | EA25: 27339.085 | EB25: 28631.321 | EC25: 39845.356 | ED25: 64284.589 | EE25: 31537.811 | EF25: 37646.873 | EG25: 29938.639 | EH25: 30772.231 | EI25: 35065.756 | EJ25: 32026.849 | EK25: 32352.555 | EL25: 32456.783 | EM25: 27669.71 | EN25: 30105.713 | EO25: 31427.192 | EP25: 52197.466 | EQ25: 34038.897 | ER25: 41065.238 | ES25: 34671.042 | ET25: 33213.935 | EU25: 40937.809 | EV25: 37475.994 | EW25: 35722.531 | EX25: 36409.955 | EY25: 29482.783 | EZ25: 31308.129 | FA25: 40713.51 | FB25: 52532.943 | FC25: 36269.998 | FD25: 42266.975 | FE25: 33139.829 | FF25: 34703.756 | FG25: 41671.083 | FH25: 33805.155 | FI25: 39436.126 | FJ25: 38508.7 | FK25: 32501.484 | FL25: 34195.381 | FM25: 40611.61 | FN25: 74626.989 | FO25: 36965.83 | FP25: 47552.821 | FQ25: 37210.119 | FR25: 42772.911 | FS25: 41869.994 | FT25: 55064.877 | FU25: 62256.861 | FV25: 60881.448 | FW25: 53218.406 | FX25: 40044.516 | FY25: 43939.861 | FZ25: 64591.958 | GA25: 42298.833 | GB25: 51044.231 | GC25: 41259.871 | GD25: 41864.333 | GE25: 52680.885 | GF25: 42806.527 | GG25: 48039.634 | GH25: 55532.509 | GI25: 46234.56 | GJ25: 47979.783 | GK25: 55874.018 | GL25: 71963.966 | GM25: 51301.285 | GN25: 65600.116 | GO25: 53591.529 | GP25: 52485.023 | GQ25: 71833.965 | GR25: 74191.6 | GS25: 60604.439 | GT25: 83972.798 | GU25: 51236.36 | GV25: 56772.055 | GW25: 65449.766 | GX25: 105891.46 | GY25: 57023.198 | GZ25: 69556.244 | HA25: 55001.879 | HB25: 58027.658 | HC25: 73487.571 | HD25: 60965.877 | HE25: 60709.062 | HF25: 68500.943 | HG25: 59739.052 | HH25: 64352.441 | HI25: 80671.178 | HJ25: 100145.52 | HK25: 68459.103 | HL25: 95402.703 | HM25: 65641.017 | HN25: 65192.097 | HO25: 84765.369 | HP25: 77229.514 | HQ25: 77459.288 | HR25: 73673.114 | HS25: 66889.133 | HT25: 64351.16 | HU25: 76774.551 | HV25: 107858.94 | HW25: 76380.274 | HX25: 88368.999 | HY25: 67573.945 | HZ25: 70972.537 | IA25: 84642.134 | IB25: 83731.705 | IC25: 88296.589 | ID25: 80143.324 | IE25: 81876.237 | IF25: 81154.112 | IG25: 86829.498 | IH25: 122170.44 | II25: 84408.488 | IJ25: 91754.523 | IK25: 84191.609 | IL25: 79577.196 | IM25: 106197.32 | IN25: 104121.66 | IO25: 86752.873 | IP25: 87614.476
A26: 27 | B26: Social benefits | C26: 18901.158 | D26: 17502.946 | E26: 17505.418 | F26: 17689.517 | G26: 19208.992 | H26: 20454.515 | I26: 20533.118 | J26: 20560.628 | K26: 24914.212 | L26: 21265.837 | M26: 21413.639 | N26: 27512.584 | O26: 19608.875 | P26: 20193.03 | Q26: 22729.636 | R26: 19635.659 | S26: 21349.233 | T26: 22948.209 | U26: 22615.755 | V26: 22653.669 | W26: 28302.357 | X26: 22043.462 | Y26: 23975.97 | Z26: 28703.992 | AA26: 22778.606 | AB26: 19058.698 | AC26: 25390.743 | AD26: 22617.483 | AE26: 23196.638 | AF26: 24919.046 | AG26: 25337.397 | AH26: 34035.657 | AI26: 23085.697 | AJ26: 24744.25 | AK26: 30539.94 | AL26: 29838.475 | AM26: 28720.967 | AN26: 25586.508 | AO26: 26370.148 | AP26: 26002.241 | AQ26: 26381.471 | AR26: 28407.568 | AS26: 30749.092 | AT26: 24681.228 | AU26: 38297.661 | AV26: 28148.158 | AW26: 38962.307 | AX26: 27286.492 | AY26: 29096.085 | AZ26: 29042.294 | BA26: 32599.152 | BB26: 30468.759 | BC26: 30064.031 | BD26: 31842.67 | BE26: 34747.675 | BF26: 40605.205 | BG26: 30938.346 | BH26: 31166.617 | BI26: 43395.83 | BJ26: 28708.355 | BK26: 35129.985 | BL26: 31900.374 | BM26: 32492.985 | BN26: 35738.209 | BO26: 33856.278 | BP26: 35962.732 | BQ26: 38666.897 | BR26: 44698.159 | BS26: 34690.704 | BT26: 34390.29 | BU26: 47254.123 | BV26: 30892.329 | BW26: 40117.623 | BX26: 35775.247 | BY26: 36880.23 | BZ26: 39122.35 | CA26: 38731.615 | CB26: 40969.254 | CC26: 42985.829 | CD26: 50534.694 | CE26: 38387.742 | CF26: 39760.765 | CG26: 53565.176 | CH26: 33661.404 | CI26: 48740.417 | CJ26: 41062.707 | CK26: 38016.309 | CL26: 44732.843 | CM26: 43782.966 | CN26: 43607.601 | CO26: 46260.912 | CP26: 58415.788 | CQ26: 44493.64 | CR26: 45872.94 | CS26: 60456.055 | CT26: 36404.429 | CU26: 53866.482 | CV26: 45200.643 | CW26: 45336.067 | CX26: 46108.787 | CY26: 45723.731 | CZ26: 47511.491 | DA26: 48705.674 | DB26: 66710.813 | DC26: 50557.566 | DD26: 54527.371 | DE26: 68435.165 | DF26: 47101.219 | DG26: 52817.887 | DH26: 48556.444 | DI26: 51244.338 | DJ26: 51292.501 | DK26: 52226.226 | DL26: 54348.77 | DM26: 52426.128 | DN26: 50954.324 | DO26: 67719.346 | DP26: 52703.858 | DQ26: 82098.166 | DR26: 51049.831 | DS26: 59673.452 | DT26: 59581.007 | DU26: 59187.369 | DV26: 56776.546 | DW26: 58165.383 | DX26: 61072.176 | DY26: 58895.891 | DZ26: 77694.398 | EA26: 58729.356 | EB26: 66002.363 | EC26: 88726.047 | ED26: 56231.9 | EE26: 66282.806 | EF26: 63567.959 | EG26: 65178.131 | EH26: 62615.504 | EI26: 69836.748 | EJ26: 73744.52 | EK26: 63232.793 | EL26: 83275.069 | EM26: 63892.783 | EN26: 64502.854 | EO26: 88351.12 | EP26: 63814.206 | EQ26: 67261.829 | ER26: 66441.487 | ES26: 74487.822 | ET26: 75358.645 | EU26: 65383.87 | EV26: 69481.684 | EW26: 67199.983 | EX26: 87602.694 | EY26: 66216.89 | EZ26: 72066.173 | FA26: 87639.494 | FB26: 65550.575 | FC26: 71441.391 | FD26: 71076.522 | FE26: 78679.58 | FF26: 78353.722 | FG26: 69045.542 | FH26: 73810.947 | FI26: 71340.291 | FJ26: 93985.252 | FK26: 71116.383 | FL26: 71318.626 | FM26: 99397.785 | FN26: 72602.187 | FO26: 75775.896 | FP26: 75846.221 | FQ26: 75637.347 | FR26: 130761.83 | FS26: 141339.69 | FT26: 158468.12 | FU26: 121176.57 | FV26: 120369.25 | FW26: 101450.34 | FX26: 97515.408 | FY26: 99727.112 | FZ26: 95292.207 | GA26: 78959.474 | GB26: 83128.722 | GC26: 77874.365 | GD26: 83714.804 | GE26: 111968.37 | GF26: 141036.9 | GG26: 85818.338 | GH26: 84003.522 | GI26: 84072.876 | GJ26: 83054.429 | GK26: 82632.556 | GL26: 81764.488 | GM26: 90748.579 | GN26: 98100.917 | GO26: 102005.27 | GP26: 116824.86 | GQ26: 117126.92 | GR26: 97286.737 | GS26: 91661.496 | GT26: 114344.32 | GU26: 95504.476 | GV26: 97571.974 | GW26: 102709.13 | GX26: 97512.883 | GY26: 100885.78 | GZ26: 104633.89 | HA26: 106380.12 | HB26: 108545.51 | HC26: 149358.66 | HD26: 145749.41 | HE26: 108667.24 | HF26: 105187.9 | HG26: 106174.39 | HH26: 107069.82 | HI26: 111985.61 | HJ26: 147260.47 | HK26: 110948.47 | HL26: 122730 | HM26: 114176.31 | HN26: 152025.38 | HO26: 152600.14 | HP26: 123001.24 | HQ26: 117837.8 | HR26: 117222.28 | HS26: 117630.56 | HT26: 114121.71 | HU26: 120632.82 | HV26: 115296.89 | HW26: 119276.44 | HX26: 123211.99 | HY26: 122583.47 | HZ26: 162636.04 | IA26: 162962.98 | IB26: 131166.28 | IC26: 155504.06 | ID26: 125503.54 | IE26: 120939.74 | IF26: 122416.62 | IG26: 128285.46 | IH26: 121567.08 | II26: 124050.93 | IJ26: 129098.49 | IK26: 171380.15 | IL26: 172962.43 | IM26: 173103.26 | IN26: 142201.15 | IO26: 134485 | IP26: 135507.31
A27: 28 | B27: Other expense | C27: 259.03142 | D27: 292.2408 | E27: 505.95904 | F27: 386.74778 | G27: 415.27579 | H27: 567.27873 | I27: 717.29763 | J27: 746.5642 | K27: 771.83075 | L27: 917.78279 | M27: 756.67196 | N27: 3660.8274 | O27: 225.12846 | P27: 522.6453 | Q27: 679.26826 | R27: 654.18715 | S27: 865.17583 | T27: 674.18756 | U27: 651.49819 | V27: 727.22378 | W27: 680.62465 | X27: 804.14538 | Y27: 917.45562 | Z27: 2153.4074 | AA27: 233.67987 | AB27: 410.79378 | AC27: 582.01405 | AD27: 716.56903 | AE27: 721.20372 | AF27: 738.95046 | AG27: 970.6777 | AH27: 739.06353 | AI27: 973.99003 | AJ27: 809.2219 | AK27: 1083.5454 | AL27: 1562.6998 | AM27: 686.36991 | AN27: 662.50545 | AO27: 608.82257 | AP27: 1051.6717 | AQ27: 1076.6851 | AR27: 787.34839 | AS27: 973.05288 | AT27: 837.37631 | AU27: 912.88533 | AV27: 830.64476 | AW27: 1134.0787 | AX27: 1421.2702 | AY27: 369.45411 | AZ27: 524.65199 | BA27: 765.52512 | BB27: 849.784 | BC27: 779.1957 | BD27: 773.07487 | BE27: 673.28825 | BF27: 1090.9553 | BG27: 877.65741 | BH27: 1231.3459 | BI27: 887.76704 | BJ27: 1703.6989 | BK27: 1903.5636 | BL27: 564.05102 | BM27: 645.65346 | BN27: 1724.279 | BO27: 1579.6456 | BP27: 1722.3075 | BQ27: 2387.6496 | BR27: 799.43688 | BS27: 1016.4495 | BT27: 2410.2034 | BU27: 909.15691 | BV27: 4307.3728 | BW27: 3481.1327 | BX27: 749.30232 | BY27: 4005.0832 | BZ27: 2478.0329 | CA27: 2286.5481 | CB27: 1497.2187 | CC27: 3037.4101 | CD27: 1998.1409 | CE27: 1615.9648 | CF27: 1276.9358 | CG27: 1080.4799 | CH27: 2280.5899 | CI27: 5344.3723 | CJ27: 1381.4294 | CK27: 1370.494 | CL27: 4023.3835 | CM27: 2300.4429 | CN27: 3527.4708 | CO27: 1374.4206 | CP27: 1482.0202 | CQ27: 1904.867 | CR27: 2609.8717 | CS27: 2961.9437 | CT27: 3549.3649 | CU27: 3435.6962 | CV27: 3532.2143 | CW27: 2821.9103 | CX27: 2113.0266 | CY27: 4440.4105 | CZ27: 2200.1995 | DA27: 2579.6263 | DB27: 4723.5905 | DC27: 2601.9207 | DD27: 3302.538 | DE27: 3073.8772 | DF27: 2690.3863 | DG27: 1983.7898 | DH27: 2241.0349 | DI27: 2425.5811 | DJ27: 2555.2833 | DK27: 2721.6319 | DL27: 2541.8196 | DM27: 2324.9508 | DN27: 2797.6653 | DO27: 2180.5736 | DP27: 1929.6055 | DQ27: 2601.7109 | DR27: 6597.6659 | DS27: 1747.7034 | DT27: 2501.4161 | DU27: 2032.6428 | DV27: 2847.9044 | DW27: 2847.8902 | DX27: 2775.1359 | DY27: 2980.0578 | DZ27: 2003.139 | EA27: 2592.9188 | EB27: 2216.035 | EC27: 2807.9024 | ED27: 6126.3844 | EE27: 827.75011 | EF27: 1910.0231 | EG27: 2192.177 | EH27: 2115.8288 | EI27: 3475.8137 | EJ27: 3182.2442 | EK27: 1637.1216 | EL27: 2040.7514 | EM27: 1266.2795 | EN27: 1800.5554 | EO27: 1766.1875 | EP27: 3946.5405 | EQ27: 1173.7944 | ER27: 1515.7966 | ES27: 2183.7825 | ET27: 2793.7798 | EU27: 3141.7012 | EV27: 3076.7388 | EW27: 2061.5072 | EX27: 5450.1285 | EY27: 2292.0868 | EZ27: 3374.9814 | FA27: 2729.4299 | FB27: 2961.3621 | FC27: 1584.8347 | FD27: 2296.3202 | FE27: 1998.0775 | FF27: 5731.553 | FG27: 3202.9229 | FH27: 2997.9471 | FI27: 2183.8633 | FJ27: 1802.4237 | FK27: 2524.2262 | FL27: 2019.7426 | FM27: 2468.4538 | FN27: 39483.492 | FO27: 1217.4287 | FP27: 2536.86 | FQ27: 2787.8308 | FR27: 2573.8639 | FS27: 2180.9671 | FT27: 4813.8935 | FU27: 2014.7221 | FV27: 2455.3163 | FW27: 4081.1347 | FX27: 2495.4017 | FY27: 2584.6975 | FZ27: 4385.0456 | GA27: 1684.1796 | GB27: 2427.9316 | GC27: 5110.2819 | GD27: 3534.0498 | GE27: 4538.9379 | GF27: 6515.2797 | GG27: 3721.4958 | GH27: 4634.5098 | GI27: 3595.0637 | GJ27: 5214.1521 | GK27: 4675.6843 | GL27: 7765.7995 | GM27: 2307.699 | GN27: 5011.2477 | GO27: 2971.5493 | GP27: 3370.5742 | GQ27: 5538.4773 | GR27: 4164.0646 | GS27: 2609.4533 | GT27: 8199.5393 | GU27: 2774.4237 | GV27: 2956.5302 | GW27: 2231.7756 | GX27: 5035.0221 | GY27: 4373.853 | GZ27: 4494.3234 | HA27: 4483.2014 | HB27: 4068.8977 | HC27: 12844.276 | HD27: 4001.9118 | HE27: 7631.513 | HF27: 3313.763 | HG27: 3599.0955 | HH27: 5258.6075 | HI27: 5932.0004 | HJ27: 40667.737 | HK27: 3928.5308 | HL27: 10694.078 | HM27: 4872.2865 | HN27: 5394.0045 | HO27: 5670.7394 | HP27: 5248.6859 | HQ27: 6512.3409 | HR27: 9241.0219 | HS27: 4344.0375 | HT27: 6332.9542 | HU27: 5805.2043 | HV27: 8707.2183 | HW27: 4583.7069 | HX27: 3886.8047 | HY27: 3977.2469 | HZ27: 8373.0953 | IA27: 6081.1135 | IB27: 4703.2085 | IC27: 20656.828 | ID27: 5172.9917 | IE27: 5734.0191 | IF27: 6304.2227 | IG27: 5825.1218 | IH27: 8953.2836 | II27: 3721.5694 | IJ27: 5600.6095 | IK27: 16277.074 | IL27: 4904.8157 | IM27: 4658.8931 | IN27: 5399.715 | IO27: 4988.8487 | IP27: 9472.4155
A28: 31 | B28: Net acquisition of nonfinancial assets | C28: -520.03062 | D28: -440.86441 | E28: 828.59247 | F28: -495.75388 | G28: -466.59482 | H28: 126.4138 | I28: -253.23565 | J28: -441.86992 | K28: -145.88293 | L28: -104.51529 | M28: 106.70118 | N28: 6732.0177 | O28: -105.51587 | P28: -402.03063 | Q28: -403.14778 | R28: -739.66109 | S28: 917.76799 | T28: -122.80629 | U28: -157.20691 | V28: 162.26193 | W28: -211.4473 | X28: -140.19017 | Y28: -48.848943 | Z28: 969.61205 | AA28: -133.46555 | AB28: -412.66846 | AC28: -310.34487 | AD28: -2090.2587 | AE28: -267.17088 | AF28: -269.4064 | AG28: 35.852583 | AH28: -46.598256 | AI28: 827.29847 | AJ28: -281.75963 | AK28: 515.9707 | AL28: 206.67477 | AM28: -549.01076 | AN28: -166.35426 | AO28: 149.10627 | AP28: -178.29938 | AQ28: -109.37464 | AR28: 314.11025 | AS28: 515.03604 | AT28: -457.19289 | AU28: 629.25685 | AV28: 1013.5796 | AW28: 675.53295 | AX28: 3261.5936 | AY28: -476.07263 | AZ28: 470.74007 | BA28: 1455.9801 | BB28: 560.41962 | BC28: 960.64144 | BD28: 1064.6392 | BE28: 1456.8614 | BF28: 798.31129 | BG28: 712.72415 | BH28: 642.64363 | BI28: 1652.5909 | BJ28: 3571.8207 | BK28: -468.88755 | BL28: -399.35077 | BM28: 131.61415 | BN28: -413.04661 | BO28: -464.54663 | BP28: 643.24594 | BQ28: 455.80246 | BR28: 668.46642 | BS28: 401.26898 | BT28: 388.12858 | BU28: 789.34523 | BV28: 1011.1478 | BW28: -813.08024 | BX28: -330.05927 | BY28: 524.54435 | BZ28: -149.07799 | CA28: 242.57546 | CB28: 273.02085 | CC28: 327.01079 | CD28: 229.40087 | CE28: 182.96753 | CF28: 147.3848 | CG28: 562.57377 | CH28: 1364.5817 | CI28: -1036.476 | CJ28: 46.272526 | CK28: 1020.6273 | CL28: -708.66851 | CM28: 339.00515 | CN28: 569.27186 | CO28: -143.26979 | CP28: 839.75413 | CQ28: 1138.5696 | CR28: 1308.5135 | CS28: 1374.5202 | CT28: 3132.5716 | CU28: 106.72947 | CV28: 899.52869 | CW28: 640.90996 | CX28: 1764.4795 | CY28: 1140.0828 | CZ28: 974.40617 | DA28: -96.155493 | DB28: 1329.9721 | DC28: 1744.0353 | DD28: 1484.8013 | DE28: 1134.106 | DF28: -3100.3839 | DG28: 9.8229842 | DH28: -477.63455 | DI28: -333.42744 | DJ28: -1061.8173 | DK28: -2583.5891 | DL28: -799.95621 | DM28: -1305.1176 | DN28: -444.97046 | DO28: 39.402216 | DP28: 254.83019 | DQ28: 1148.3037 | DR28: -282.70475 | DS28: -887.22283 | DT28: -1836.4575 | DU28: -300.74976 | DV28: -1686.7751 | DW28: -1311.0682 | DX28: -1049.543 | DY28: -776.40102 | DZ28: -1342.0764 | EA28: -1339.1173 | EB28: -1552.2012 | EC28: -767.21053 | ED28: 2727.4938 | EE28: -2393.4852 | EF28: -949.16953 | EG28: -955.89692 | EH28: -2688.51 | EI28: -911.90735 | EJ28: -1193.0971 | EK28: -2691.1512 | EL28: -889.05622 | EM28: -809.17331 | EN28: -960.46088 | EO28: -1198.7134 | EP28: -1827.6391 | EQ28: -981.88204 | ER28: -822.96898 | ES28: -2785.5868 | ET28: -1468.5478 | EU28: -1227.9892 | EV28: -1999.0469 | EW28: -1303.903 | EX28: -498.19419 | EY28: -1012.0096 | EZ28: -308.54412 | FA28: -76.011527 | FB28: 1368.3077 | FC28: -1927.3636 | FD28: -730.42387 | FE28: -2708.9543 | FF28: -1444.2944 | FG28: -1672.7786 | FH28: -2026.9185 | FI28: -2713.0493 | FJ28: -1379.1605 | FK28: -3773.8475 | FL28: -951.89329 | FM28: -927.07316 | FN28: 1418.2707 | FO28: -3758.5267 | FP28: -1660.0197 | FQ28: -289.13664 | FR28: -1416.2567 | FS28: -2133.6335 | FT28: -889.23319 | FU28: -1090.9004 | FV28: -894.7484 | FW28: -6614.0434 | FX28: -989.53918 | FY28: -1689.5481 | FZ28: 740.11003 | GA28: -2813.8739 | GB28: -2371.364 | GC28: -1782.6479 | GD28: -2394.5837 | GE28: -2311.2405 | GF28: -1246.1589 | GG28: -2195.4332 | GH28: -2433.6201 | GI28: -1978.5122 | GJ28: -5410.618 | GK28: -2242.6474 | GL28: -1556.1333 | GM28: -3286.5549 | GN28: -1695.5355 | GO28: -1883.5687 | GP28: -2975.5304 | GQ28: -1671.6967 | GR28: -1608.1819 | GS28: -3513.3055 | GT28: -2595.318 | GU28: 308.35544 | GV28: -1815.3475 | GW28: -2289.7642 | GX28: -66.946343 | GY28: -2125.4073 | GZ28: -2679.4542 | HA28: -2081.5463 | HB28: -4189.1386 | HC28: -1218.0666 | HD28: -2153.0856 | HE28: -534.47403 | HF28: -283.87055 | HG28: -2503.7053 | HH28: 896.53607 | HI28: -3102.0223 | HJ28: 766.76573 | HK28: -2052.1725 | HL28: -1244.2388 | HM28: -2480.0865 | HN28: -777.05246 | HO28: -2191.364 | HP28: -1303.7397 | HQ28: -489.1966 | HR28: -1042.2132 | HS28: -1274.0906 | HT28: -850.89182 | HU28: -1302.5373 | HV28: -3180.6653 | HW28: -2612.7531 | HX28: -2235.9517 | HY28: -1856.5175 | HZ28: -1116.7732 | IA28: -1892.4199 | IB28: -1658.3965 | IC28: -706.42331 | ID28: -1550.822 | IE28: -794.2982 | IF28: -1761.9454 | IG28: -1106.4703 | IH28: 1760.8342 | II28: -1175.0448 | IJ28: -916.5547 | IK28: 445.07864 | IL28: -104.58295 | IM28: -1061.4283 | IN28: 994.61945 | IO28: 1405.2129 | IP28: 1253.4664
A29: 311 | B29: Fixed assets 6/ | C29: -498.02413 | D29: -393.58239 | E29: 814.00303 | F29: -463.69791 | G29: -456.11938 | H29: 8.5023461 | I29: -402.47851 | J29: -305.3046 | K29: -246.95967 | L29: -162.86671 | M29: 122.87318 | N29: 6630.4792 | O29: -71.072175 | P29: -187.03442 | Q29: -394.83273 | R29: -16.560569 | S29: 852.45804 | T29: -191.77187 | U29: -232.67593 | V29: 87.497344 | W29: -188.62336 | X29: -75.744858 | Y29: 67.304977 | Z29: 1837.9833 | AA29: -19.587629 | AB29: -357.38307 | AC29: -280.58905 | AD29: -249.53462 | AE29: -82.262362 | AF29: -254.36607 | AG29: 24.712821 | AH29: -14.725095 | AI29: 1085.7412 | AJ29: -251.22282 | AK29: 280.45864 | AL29: 1248.9971 | AM29: -692.28674 | AN29: -332.49496 | AO29: 38.750782 | AP29: 326.53745 | AQ29: 285.52982 | AR29: 147.22378 | AS29: 432.80516 | AT29: 150.70264 | AU29: 337.04661 | AV29: 675.0643 | AW29: 588.19613 | AX29: 2939.0239 | AY29: -582.67598 | AZ29: 277.42112 | BA29: 1185.932 | BB29: 390.71252 | BC29: 824.76427 | BD29: 1018.9876 | BE29: 1381.6349 | BF29: 743.55683 | BG29: 678.29456 | BH29: 595.59751 | BI29: 1262.9917 | BJ29: 4118.4422 | BK29: -323.93971 | BL29: -47.968188 | BM29: 311.42292 | BN29: 234.2578 | BO29: 241.81665 | BP29: 398.2972 | BQ29: 381.22953 | BR29: 582.35442 | BS29: 350.26573 | BT29: 370.7474 | BU29: 767.05983 | BV29: 2477.7171 | BW29: -809.6235 | BX29: -396.82123 | BY29: 572.21863 | BZ29: 97.384933 | CA29: 231.01226 | CB29: 233.08059 | CC29: 479.99955 | CD29: 585.1944 | CE29: 310.92737 | CF29: 939.98312 | CG29: 558.18215 | CH29: 1452.3516 | CI29: -694.46984 | CJ29: 53.071902 | CK29: 969.90578 | CL29: 349.60224 | CM29: 819.32604 | CN29: 760.31912 | CO29: 698.16227 | CP29: 1137.7792 | CQ29: 1142.9991 | CR29: 1304.8232 | CS29: 1336.1237 | CT29: 2689.984 | CU29: 403.15344 | CV29: 947.36474 | CW29: 643.68237 | CX29: 1905.5641 | CY29: 1276.6556 | CZ29: 690.55176 | DA29: 1230.1149 | DB29: 1314.9323 | DC29: 1652.9834 | DD29: 1352.8932 | DE29: 954.07043 | DF29: 1882.4066 | DG29: -82.395563 | DH29: -546.20075 | DI29: -231.45912 | DJ29: -23.618855 | DK29: -364.18718 | DL29: -867.15555 | DM29: -138.54062 | DN29: -617.67932 | DO29: -351.87887 | DP29: 60.25797 | DQ29: 1007.6121 | DR29: -486.16548 | DS29: -892.75062 | DT29: -1712.8153 | DU29: -215.79836 | DV29: -371.81707 | DW29: -1039.7198 | DX29: -1064.831 | DY29: -238.72936 | DZ29: -932.80551 | EA29: -1150.7873 | EB29: -1234.1064 | EC29: -482.07075 | ED29: 2472.0544 | EE29: -2373.3427 | EF29: -885.45365 | EG29: -725.32886 | EH29: -1251.7679 | EI29: -811.37742 | EJ29: -1234.3724 | EK29: -975.69936 | EL29: -738.98747 | EM29: -730.10723 | EN29: -1038.0038 | EO29: -1315.8605 | EP29: 2210.8545 | EQ29: -940.37631 | ER29: -706.1257 | ES29: -2716.7758 | ET29: -1243.6858 | EU29: -850.42312 | EV29: -897.85394 | EW29: -950.29835 | EX29: -433.43648 | EY29: -950.93526 | EZ29: -334.74186 | FA29: -67.329424 | FB29: 1279.0423 | FC29: -1814.5301 | FD29: -698.10218 | FE29: -2642.6842 | FF29: -1093.6113 | FG29: -1222.8345 | FH29: -2015.2992 | FI29: -1061.766 | FJ29: -1046.0502 | FK29: -1309.9166 | FL29: -1003.744 | FM29: -798.95118 | FN29: 2009.9526 | FO29: -3667.6867 | FP29: -1497.7985 | FQ29: -214.70345 | FR29: -1244.922 | FS29: -2035.0023 | FT29: -848.54423 | FU29: -1061.8452 | FV29: -829.91491 | FW29: -1429.6729 | FX29: -989.23417 | FY29: -1818.8189 | FZ29: 1046.839 | GA29: -2706.1257 | GB29: -2344.7934 | GC29: -1958.3261 | GD29: -2271.5821 | GE29: -2263.9214 | GF29: -1202.01 | GG29: -2001.038 | GH29: -2051.0599 | GI29: -1580.4062 | GJ29: -2375.3624 | GK29: -2303.0845 | GL29: 897.14127 | GM29: -3143.0385 | GN29: -1665.4677 | GO29: -1876.7092 | GP29: -1881.4333 | GQ29: -1460.4001 | GR29: -1605.4888 | GS29: -2826.8348 | GT29: -2586.0493 | GU29: 429.38965 | GV29: -1783.718 | GW29: -2289.1818 | GX29: 1228.3251 | GY29: -2064.6881 | GZ29: -2661.7122 | HA29: -2083.3487 | HB29: -2566.3248 | HC29: -1093.5441 | HD29: -919.51606 | HE29: -430.5908 | HF29: -348.95332 | HG29: -2649.2265 | HH29: 212.54201 | HI29: -3285.9462 | HJ29: 2644.5621 | HK29: -1995.0593 | HL29: -1211.1248 | HM29: -2458.819 | HN29: -592.99452 | HO29: -1874.6013 | HP29: -1314.0193 | HQ29: -492.06744 | HR29: -1041.4888 | HS29: -1289.1465 | HT29: -805.11899 | HU29: -1310.4465 | HV29: 1896.3596 | HW29: -2475.4455 | HX29: -2076.8743 | HY29: -1800.5746 | HZ29: -806.15027 | IA29: -1412.7372 | IB29: -1748.5687 | IC29: -603.25332 | ID29: -1533.7601 | IE29: -922.30856 | IF29: -1740.8373 | IG29: -1172.7231 | IH29: 2502.0335 | II29: -1094.1197 | IJ29: -985.76749 | IK29: 366.12686 | IL29: 107.51926 | IM29: -414.42349 | IN29: 998.41554 | IO29: 1562.7787 | IP29: 1242.2888
A30: 312 | B30: Inventories | C30: -13.942962 | D30: -13.665135 | E30: 11.20492 | F30: -28.306465 | G30: -24.057956 | H30: 111.24581 | I30: 145.5616 | J30: -104.4916 | K30: 84.909516 | L30: 23.366873 | M30: -56.636447 | N30: 151.1802 | O30: -17.487224 | P30: -152.24447 | Q30: -6.4674321 | R30: -20.668669 | S30: 49.518049 | T30: 66.981704 | U30: 82.035123 | V30: 68.565978 | W30: -2.156256 | X30: -66.368021 | Y30: -150.81013 | Z30: -51.15398 | AA30: -96.84624 | AB30: -53.801204 | AC30: -24.614728 | AD30: 16.127976 | AE30: -52.015635 | AF30: -24.004651 | AG30: 10.05996 | AH30: -10.490885 | AI30: 12.859228 | AJ30: -38.51713 | AK30: 196.35413 | AL30: 235.72508 | AM30: 164.08439 | AN30: 165.72977 | AO30: 88.87575 | AP30: 134.29363 | AQ30: 98.44755 | AR30: 169.51199 | AS30: 147.92524 | AT30: 283.90607 | AU30: 524.26257 | AV30: 498.85015 | AW30: 84.113183 | AX30: 381.80946 | AY30: 128.01158 | AZ30: 186.47047 | BA30: 265.90044 | BB30: 274.5501 | BC30: 134.53402 | BD30: 67.176058 | BE30: 78.060135 | BF30: 51.561674 | BG30: 34.289296 | BH30: 46.891362 | BI30: 386.34601 | BJ30: -54.866683 | BK30: -125.98716 | BL30: -356.81965 | BM30: -211.00607 | BN30: -38.033429 | BO30: -131.9457 | BP30: 271.99577 | BQ30: 58.41577 | BR30: 67.073215 | BS30: 34.174525 | BT30: 17.981748 | BU30: 1.5766153 | BV30: 528.57839 | BW30: 10.200939 | BX30: 76.211593 | BY30: -62.127565 | BZ30: -10.321025 | CA30: 12.494193 | CB30: 20.68314 | CC30: -157.8827 | CD30: -175.98002 | CE30: -134.43457 | CF30: 282.69977 | CG30: 19.619177 | CH30: -97.025807 | CI30: -334.09003 | CJ30: -3.7003281 | CK30: 45.349274 | CL30: -112.70417 | CM30: -49.395035 | CN30: -126.32886 | CO30: 370.34972 | CP30: 137.66291 | CQ30: -19.511332 | CR30: 10.079122 | CS30: 37.142967 | CT30: 418.70121 | CU30: 161.90316 | CV30: -55.992973 | CW30: -9.7135173 | CX30: -52.556701 | CY30: 27.361631 | CZ30: 276.3659 | DA30: 30.411407 | DB30: 42.641647 | DC30: 118.79955 | DD30: 130.52492 | DE30: 159.51742 | DF30: 63.573984 | DG30: 92.864652 | DH30: 63.360098 | DI30: -98.859896 | DJ30: 48.283182 | DK30: 63.561957 | DL30: 63.331549 | DM30: 152.80454 | DN30: 169.3231 | DO30: 378.42233 | DP30: 205.75844 | DQ30: 142.9706 | DR30: 199.84772 | DS30: 14.238864 | DT30: 8.079846 | DU30: -93.91831 | DV30: -83.983495 | DW30: 46.354173 | DX30: 45.14835 | DY30: 78.566423 | DZ30: -54.361335 | EA30: -67.240092 | EB30: -146.26797 | EC30: -90.162026 | ED30: 401.28461 | EE30: 2.768754 | EF30: -38.879859 | EG30: -192.2231 | EH30: -39.848254 | EI30: 198.49313 | EJ30: 133.36242 | EK30: 3.7242383 | EL30: 108.58805 | EM30: 27.520542 | EN30: 202.31183 | EO30: 233.09592 | EP30: 441.89472 | EQ30: 23.45202 | ER30: -49.522541 | ES30: -6.567125 | ET30: -31.165875 | EU30: 11.376216 | EV30: -17.416708 | EW30: -22.9986 | EX30: -30.707289 | EY30: -0.71505358 | EZ30: 109.00617 | FA30: 52.66199 | FB30: 131.86591 | FC30: 5.4402138 | FD30: 9.6219059 | FE30: 0.03743575 | FF30: 22.357596 | FG30: -2.8210564 | FH30: 37.305815 | FI30: 22.876806 | FJ30: 16.978737 | FK30: 26.014799 | FL30: 173.83801 | FM30: 36.271396 | FN30: 25.015003 | FO30: -48.714604 | FP30: -11.753163 | FQ30: -10.821825 | FR30: 26.353173 | FS30: 16.181477 | FT30: 75.710323 | FU30: 51.203395 | FV30: 35.987267 | FW30: 38.169277 | FX30: 35.299932 | FY30: 162.45479 | FZ30: 97.417548 | GA30: 16.289416 | GB30: 15.240289 | GC30: 266.12008 | GD30: 242.51933 | GE30: -15.883554 | GF30: -11.332998 | GG30: 45.601561 | GH30: 18.760506 | GI30: 82.999701 | GJ30: 74.589857 | GK30: 112.9924 | GL30: 399.95556 | GM30: 16.245921 | GN30: 23.261565 | GO30: 74.989379 | GP30: 43.412217 | GQ30: 22.608625 | GR30: 49.991507 | GS30: 107.87311 | GT30: 47.567317 | GU30: 11.927826 | GV30: 53.062568 | GW30: 44.698449 | GX30: 297.69873 | GY30: 29.169021 | GZ30: 45.418265 | HA30: 40.342568 | HB30: 44.398746 | HC30: 35.295184 | HD30: 44.773685 | HE30: 49.315975 | HF30: 76.84181 | HG30: 147.47005 | HH30: 740.01996 | HI30: 192.31216 | HJ30: 116.44082 | HK30: 21.42989 | HL30: 15.23705 | HM30: 20.850791 | HN30: 34.68951 | HO30: 78.94875 | HP30: 28.779086 | HQ30: 151.61158 | HR30: 23.507334 | HS30: 16.4701 | HT30: 28.849092 | HU30: 32.51519 | HV30: 405.32505 | HW30: 5.8023311 | HX30: 13.90104 | HY30: 17.411014 | HZ30: 11.747855 | IA30: 5.029466 | IB30: 111.52394 | IC30: 24.762337 | ID30: 18.014164 | IE30: 212.54463 | IF30: 104.09011 | IG30: 116.96148 | IH30: 500.33048 | II30: 39.653998 | IJ30: 110.56936 | IK30: 139.93287 | IL30: 15.171504 | IM30: 23.073959 | IN30: 26.315476 | IO30: 17.718409 | IP30: 22.835753
... A32: 314 | B32: Nonproduced assets | C32: -8.0629448 | D32: -33.616302 | E32: 3.3850913 | F32: -3.7489042 | G32: 13.546344 | H32: 6.13513 | I32: 2.8605615 | J32: -32.565922 | K32: 15.887525 | L32: 34.641569 | M32: 40.073062 | N32: -50.801554 | O32: -16.955805 | P32: -62.760331 | Q32: -1.9303217 | R32: -702.55207 | S32: 15.496904 | T32: 1.6819987 | U32: -7.0449663 | V32: 5.5981557 | W32: -21.055482 | X32: 1.5058886 | Y32: 34.050395 | Z32: -818.32715 | AA32: -17.031682 | AB32: -1.4841872 | AC32: -5.1410866 | AD32: -1856.9514 | AE32: -133.01832 | AF32: 8.6954009 | AG32: 0.72810509 | AH32: -21.795152 | AI32: -271.67013 | AJ32: 7.3517396 | AK32: 38.50202 | AL32: -1279.0702 | AM32: -20.812217 | AN32: 0.38533756 | AO32: 21.388107 | AP32: -639.4463 | AQ32: -493.75219 | AR32: -3.1381242 | AS32: -66.392932 | AT32: -893.0857 | AU32: -233.83454 | AV32: -162.01898 | AW32: 1.4842594 | AX32: -62.095825 | AY32: -21.408224 | AZ32: 6.8307327 | BA32: 4.0102167 | BB32: -105.5325 | BC32: 0.53584293 | BD32: -22.700539 | BE32: -4.1643386 | BF32: 0.15139013 | BG32: -2.6034368 | BH32: -2.5068849 | BI32: -0.26838162 | BJ32: -497.51768 | BK32: -18.960684 | BL32: 5.3891933 | BM32: 31.107011 | BN32: -609.7191 | BO32: -575.84417 | BP32: -29.259119 | BQ32: 13.139596 | BR32: 16.017429 | BS32: 14.054682 | BT32: -4.8311018 | BU32: 14.97508 | BV32: -2001.336 | BW32: -13.66879 | BX32: -9.5126082 | BY32: 14.043546 | BZ32: -236.59841 | CA32: -2.1590535 | CB32: 17.096872 | CC32: 2.9302048 | CD32: -183.11793 | CE32: 3.6205804 | CF32: -1078.4051 | CG32: -22.508753 | CH32: -1.6429544 | CI32: -12.945187 | CJ32: -8.3880419 | CK32: 0.09048353 | CL32: -952.08701 | CM32: -436.63155 | CN32: -70.784214 | CO32: -1218.6762 | CP32: -441.87487 | CQ32: 9.0112145 | CR32: -11.184626 | CS32: -4.7416521 | CT32: 17.45725 | CU32: -463.97184 | CV32: 0.8188444 | CW32: 1.8573466 | CX32: -95.435139 | CY32: -171.83033 | CZ32: 0.88034616 | DA32: -1364.9721 | DB32: -34.8885 | DC32: -34.335633 | DD32: -5.461696 | DE32: 10.626263 | DF32: -5052.7722 | DG32: -7.3017466 | DH32: -2.2757208 | DI32: -9.9547973 | DJ32: -1092.259 | DK32: -2287.9639 | DL32: 0.55404112 | DM32: -1323.5958 | DN32: -1.3714923 | DO32: 7.5071834 | DP32: -17.361759 | DQ32: -7.2570191 | DR32: -2.9388915 | DS32: -12.024998 | DT32: -136.86921 | DU32: 4.568535 | DV32: -1234.132 | DW32: -322.06574 | DX32: -34.189867 | DY32: -620.1955 | DZ32: -358.84953 | EA32: -124.92034 | EB32: -175.46862 | EC32: -198.77006 | ED32: -150.21339 | EE32: -27.435267 | EF32: -28.301538 | EG32: -43.026318 | EH32: -1400.2366 | EI32: -303.28942 | EJ32: -95.373441 | EK32: -1721.9185 | EL32: -262.53274 | EM32: -110.00662 | EN32: -128.64378 | EO32: -120.76985 | EP32: -4488.9546 | EQ32: -68.281616 | ER32: -70.362967 | ES32: -67.242392 | ET32: -197.06464 | EU32: -394.80178 | EV32: -1087.5116 | EW32: -336.11871 | EX32: -38.987116 | EY32: -63.570131 | EZ32: -86.977318 | FA32: -65.331072 | FB32: -48.480217 | FC32: -122.09268 | FD32: -47.607571 | FE32: -69.421156 | FF32: -377.77913 | FG32: -449.87562 | FH32: -52.368116 | FI32: -1677.0058 | FJ32: -353.96075 | FK32: -2492.5676 | FL32: -124.65259 | FM32: -168.17445 | FN32: -621.17278 | FO32: -45.525175 | FP32: -152.33036 | FQ32: -65.91025 | FR32: -198.78624 | FS32: -115.52146 | FT32: -118.70479 | FU32: -81.761001 | FV32: -102.60207 | FW32: -5225.2193 | FX32: -39.831088 | FY32: -36.667878 | FZ32: -410.12352 | GA32: -125.55854 | GB32: -43.32133 | GC32: -92.386518 | GD32: -369.29574 | GE32: -35.719268 | GF32: -35.919493 | GG32: -241.73951 | GH32: -402.75284 | GI32: -482.35206 | GJ32: -3112.147 | GK32: -54.411275 | GL32: -2856.3065 | GM32: -160.87434 | GN32: -55.309402 | GO32: -83.166834 | GP32: -1139.2177 | GQ32: -235.45015 | GR32: -54.640328 | GS32: -795.74836 | GT32: -58.046052 | GU32: -134.20376 | GV32: -86.107565 | GW32: -46.642614 | GX32: -1594.895 | GY32: -91.695716 | GZ32: -64.160949 | HA32: -39.97945 | HB32: -1668.3443 | HC32: -161.61362 | HD32: -1281.6938 | HE32: -154.25283 | HF32: -13.028721 | HG32: -3.0447039 | HH32: -57.941548 | HI32: -10.274013 | HJ32: -1996.3917 | HK32: -80.316139 | HL32: -49.640577 | HM32: -45.087209 | HN32: -219.72657 | HO32: -397.26727 | HP32: -21.044993 | HQ32: -150.0934 | HR32: -25.292078 | HS32: -2.6534181 | HT32: -75.650862 | HU32: -25.460094 | HV32: -5483.9716 | HW32: -143.90708 | HX32: -173.87808 | HY32: -74.263411 | HZ32: -323.8137 | IA32: -485.86896 | IB32: -22.881103 | IC32: -129.79024 | ID32: -36.891958 | IE32: -87.753894 | IF32: -126.20079 | IG32: -51.932273 | IH32: -1243.5111 | II32: -121.74216 | IJ32: -43.362808 | IK32: -62.269231 | IL32: -228.28259 | IM32: -671.00248 | IN32: -30.784976 | IO32: -176.41675 | IP32: -12.618986
B33: Net lending (+)/borrowing(-) (1-2M) | C33: -2806.7466 | D33: -4697.305 | E33: -763.50124 | F33: 4053.8159 | G33: -6153.2659 | H33: -8626.2102 | I33: -3370.4648 | J33: -5960.6611 | K33: -6048.6424 | L33: -2181.2152 | M33: -10883.157 | N33: -23492.081 | O33: 5648.2805 | P33: -4886.2473 | Q33: 2045.5597 | R33: 1699.61 | S33: -7127.9971 | T33: -9792.4926 | U33: -2408.8073 | V33: -5514.8608 | W33: -4004.6689 | X33: 5164.8327 | Y33: -6286.3523 | Z33: 1499.9362 | AA33: 6374.8798 | AB33: 2628.6052 | AC33: 1444.6626 | AD33: 5776.4143 | AE33: -6766.3074 | AF33: -3150.4233 | AG33: 552.98614 | AH33: -9521.6871 | AI33: 1020.7354 | AJ33: 15747.892 | AK33: -23267.52 | AL33: -19068.707 | AM33: -5406.8508 | AN33: -14212.966 | AO33: -6674.9492 | AP33: -2936.2238 | AQ33: -12309.601 | AR33: -16050.733 | AS33: -12295.815 | AT33: -3434.3661 | AU33: -28182.062 | AV33: -183.60483 | AW33: -16366.796 | AX33: -4928.2657 | AY33: 4616.5025 | AZ33: -13454.88 | BA33: -14246.295 | BB33: 4693.3626 | BC33: -14660.574 | BD33: -14261.934 | BE33: -11998.739 | BF33: -16454.217 | BG33: 252.53243 | BH33: -2845.3947 | BI33: -24592.939 | BJ33: 6514.0685 | BK33: 4112.9504 | BL33: -16106.685 | BM33: -4084.2872 | BN33: -1055.2261 | BO33: -17341.384 | BP33: -14538.357 | BQ33: -3510.3177 | BR33: -25810.825 | BS33: -2598.6487 | BT33: -881.35169 | BU33: -28686.03 | BV33: -8403.5339 | BW33: 5782.4936 | BX33: -9324.1962 | BY33: -14203.097 | BZ33: -480.48772 | CA33: -17110.13 | CB33: -12499.017 | CC33: 11378.437 | CD33: -20945.278 | CE33: 138.92931 | CF33: 250.81205 | CG33: -36839.286 | CH33: 5096.223 | CI33: 12052.762 | CJ33: -27481.18 | CK33: -13550.398 | CL33: -2017.2971 | CM33: -24506.3 | CN33: -16716.391 | CO33: -8807.1863 | CP33: -37355.667 | CQ33: -11278.174 | CR33: -5708.6329 | CS33: -32183.832 | CT33: 15614.295 | CU33: 5984.5931 | CV33: -32280.372 | CW33: -8248.7052 | CX33: 2133.1486 | CY33: -29642.207 | CZ33: -21851.528 | DA33: -28080.372 | DB33: -46566.365 | DC33: -49045.998 | DD33: -21689.006 | DE33: -55351.37 | DF33: -25756.685 | DG33: 11608.489 | DH33: -67319.26 | DI33: -63561.756 | DJ33: 14156.426 | DK33: -46503.456 | DL33: -33231.049 | DM33: -52308.853 | DN33: -46408.281 | DO33: -87658.093 | DP33: -3731.8148 | DQ33: -55305.379 | DR33: -51210.102 | DS33: -31064.692 | DT33: -42658.549 | DU33: 2857.393 | DV33: -9624.0551 | DW33: -51131.518 | DX33: -26494.284 | DY33: -39915.592 | DZ33: -65581.875 | EA33: -43124.361 | EB33: 6227.6153 | EC33: -88753.743 | ED33: -53368.303 | EE33: -12415.967 | EF33: -50955.236 | EG33: -49832.503 | EH33: -17269.122 | EI33: -67122.794 | EJ33: -55147.478 | EK33: -37887.851 | EL33: -66577.911 | EM33: -36581.345 | EN33: -27985.763 | EO33: -47898.676 | EP33: -43040.004 | EQ33: 3248.1148 | ER33: -45847.581 | ES33: -56123.871 | ET33: -23702.046 | EU33: -53691.921 | EV33: -68930.536 | EW33: -26623.758 | EX33: -93424.187 | EY33: -17635.394 | EZ33: -8490.0309 | FA33: -68927.04 | FB33: -20026.01 | FC33: 10812.35 | FD33: -54332.332 | FE33: -60435.557 | FF33: -27790.128 | FG33: -45158.532 | FH33: -35397.587 | FI33: -24084.835 | FJ33: -57443.677 | FK33: -20921.853 | FL33: -12860.664 | FM33: -62591.207 | FN33: -6995.5756 | FO33: 15946.495 | FP33: -41798.744 | FQ33: -41876.9 | FR33: -109255.11 | FS33: -141247.56 | FT33: -179748.38 | FU33: -115774.05 | FV33: -105874.46 | FW33: -78962.132 | FX33: -37402.707 | FY33: -59745.764 | FZ33: -55016.691 | GA33: 20719.436 | GB33: -43327.773 | GC33: -29990.347 | GD33: -4566.2655 | GE33: -68812.122 | GF33: -113840.23 | GG33: -24380.744 | GH33: -43499.765 | GI33: -35889.174 | GJ33: -14767.81 | GK33: -37769.734 | GL33: -17154.402 | GM33: 37479.519 | GN33: -60719.115 | GO33: -62778.923 | GP33: -38251.741 | GQ33: -83225.285 | GR33: -14965.117 | GS33: -6330.5971 | GT33: -76494.457 | GU33: -17390.765 | GV33: -7528.8841 | GW33: -63805.305 | GX33: -61337.223 | GY33: 31401.366 | GZ33: -81180.454 | HA33: -58176.261 | HB33: -26626.998 | HC33: -113945.39 | HD33: -90764.799 | HE33: -41804.721 | HF33: -74689.428 | HG33: -31664.449 | HH33: -26162.089 | HI33: -88293.871 | HJ33: -155012.6 | HK33: 23815.866 | HL33: -110386.72 | HM33: -47105.916 | HN33: -62649.159 | HO33: -102098.62 | HP33: -74941.808 | HQ33: -53638.598 | HR33: -78347.166 | HS33: -54772.518 | HT33: -25215.205 | HU33: -70003.018 | HV33: -20764.376 | HW33: 23024.11 | HX33: -100441.78 | HY33: -66210.738 | HZ33: -75405.136 | IA33: -121378.47 | IB33: -80056.092 | IC33: -130132.09 | ID33: -87801.702 | IE33: -86275.737 | IF33: -45550.172 | IG33: -93419.748 | IH33: -58454.361 | II33: 12486.987 | IJ33: -101161.41 | IK33: -161073.69 | IL33: -90031.81 | IM33: -138007.56 | IN33: -103381.48 | IO33: -69236.41 | IP33: -92161.44
B34: Primary Net lending (+)/borrowing(-) ((1-1411)-(2M-24)) | C34: 10164.395 | D34: 3478.3031 | E34: 11425.322 | F34: 13343.786 | G34: 3689.3931 | H34: 2899.5991 | I34: 4718.1245 | J34: 6216.1239 | K34: 1532.7085 | L34: 7841.0202 | M34: -2358.9889 | N34: -16596.164 | O34: 16394.439 | P34: 2803.9735 | Q34: 12303.287 | R34: 12333.263 | S34: 5502.0732 | T34: -1015.832 | U34: 8150.4696 | V34: 3689.4076 | W34: 2012.0959 | X34: 12639.471 | Y34: 1474.2206 | Z34: 7832.2709 | AA34: 15401.212 | AB34: 11697.593 | AC34: 9908.5115 | AD34: 17525.638 | AE34: 3456.4008 | AF34: 5489.6674 | AG34: 11352.646 | AH34: -2864.1131 | AI34: 9038.4265 | AJ34: 15027.643 | AK34: -10141.062 | AL34: -5560.5704 | AM34: 7220.2945 | AN34: -2572.6406 | AO34: 5772.9759 | AP34: 9531.7638 | AQ34: -372.7675 | AR34: -4935.7547 | AS34: 2907.0529 | AT34: 9873.1679 | AU34: -14194.08 | AV34: 12164.283 | AW34: -3193.2171 | AX34: 7288.6387 | AY34: 18379.108 | AZ34: -4036.1687 | BA34: -1860.5429 | BB34: 15696.059 | BC34: -1579.3619 | BD34: -5415.2819 | BE34: 1875.4527 | BF34: -3074.1154 | BG34: 10101.583 | BH34: 7287.059 | BI34: -11699.742 | BJ34: 20090.673 | BK34: 20393.731 | BL34: -914.05696 | BM34: 11923.956 | BN34: 14625.273 | BO34: 2115.5873 | BP34: 2905.7457 | BQ34: 13820.4 | BR34: -5247.7318 | BS34: 10699.468 | BT34: 14430.467 | BU34: -12341.036 | BV34: 9742.0017 | BW34: 25241.492 | BX34: 5386.1593 | BY34: 4004.9231 | BZ34: 11537.367 | CA34: -1686.831 | CB34: -209.48997 | CC34: 24769.059 | CD34: -8561.0967 | CE34: 7507.4325 | CF34: 13550.141 | CG34: -18297.071 | CH34: 23721.669 | CI34: 32145.476 | CJ34: -9587.7062 | CK34: 3728.2671 | CL34: 14120.901 | CM34: -3611.6853 | CN34: -604.78489 | CO34: 10576.489 | CP34: -16096.252 | CQ34: -1990.3774 | CR34: 6649.7099 | CS34: -5959.5684 | CT34: 36557.678 | CU34: 30283.136 | CV34: -22986.111 | CW34: 2044.9868 | CX34: 13462.919 | CY34: -10878.686 | CZ34: -2496.3406 | DA34: 1788.6077 | DB34: -28411.263 | DC34: -6933.2601 | DD34: -844.10734 | DE34: -26305.157 | DF34: 14740.022 | DG34: 27668.195 | DH34: -15111.32 | DI34: 3373.9999 | DJ34: 9299.9392 | DK34: -1628.471 | DL34: -10950.877 | DM34: 3424.2281 | DN34: -2955.4919 | DO34: -18459.634 | DP34: 3677.7622 | DQ34: -44944.024 | DR34: -6639.6079 | DS34: 21909.04 | DT34: -21629.754 | DU34: -2430.5261 | DV34: 9251.1237 | DW34: -15109.485 | DX34: -11119.883 | DY34: -11551.874 | DZ34: -30715.928 | EA34: -11307.119 | EB34: 33319.495 | EC34: -54879.699 | ED34: -25144.138 | EE34: 15054.673 | EF34: -25017.662 | EG34: -7696.7482 | EH34: 10680.909 | EI34: -29831.574 | EJ34: -23665.581 | EK34: -11674.168 | EL34: -27371.602 | EM34: -5924.4037 | EN34: 6551.0189 | EO34: -17944.937 | EP34: -9697.2832 | EQ34: 31525.742 | ER34: -19104.75 | ES34: -22086.044 | ET34: 6845.8442 | EU34: -8251.4343 | EV34: -20219.364 | EW34: -335.47946 | EX34: -33643.904 | EY34: -2745.6084 | EZ34: 4074.3862 | FA34: -33089.343 | FB34: 2281.4227 | FC34: 26724.777 | FD34: -18643.27 | FE34: -16936.701 | FF34: 5141.7091 | FG34: -13965.724 | FH34: -17971.388 | FI34: 2259.2022 | FJ34: -34553.133 | FK34: -1328.4603 | FL34: 11856.01 | FM34: -38720.222 | FN34: 23653.175 | FO34: 40323.622 | FP34: -24058.88 | FQ34: -18790.283 | FR34: -93051.868 | FS34: -125405.42 | FT34: -159901.65 | FU34: -89650.661 | FV34: -83061.498 | FW34: -52442.669 | FX34: -7155.7996 | FY34: -31365.505 | FZ34: -21038.977 | GA34: 43121.592 | GB34: -20577.831 | GC34: 3940.9891 | GD34: 19260.247 | GE34: -39170.024 | GF34: -85305.961 | GG34: 10882.951 | GH34: -10192.507 | GI34: 252.48429 | GJ34: 29512.149 | GK34: -497.06747 | GL34: 28513.185 | GM34: 73803.622 | GN34: -19088.419 | GO34: -5587.6749 | GP34: 9494.9365 | GQ34: -38897.118 | GR34: 28443.997 | GS34: 23885.951 | GT34: -48300.461 | GU34: 11474.061 | GV34: 29732.721 | GW34: -22196.757 | GX34: -11696.801 | GY34: 77468.131 | GZ34: -40324.108 | HA34: 76.606433 | HB34: 16872.159 | HC34: -71222.234 | HD34: -50508.083 | HE34: -2064.0406 | HF34: -24425.984 | HG34: 13408.755 | HH34: 16042.213 | HI34: -43011.077 | HJ34: -99694.517 | HK34: 76335.237 | HL34: -59478.6 | HM34: 882.05682 | HN34: -12438.893 | HO34: -49308.06 | HP34: -23578.682 | HQ34: 2130.3865 | HR34: -23404.855 | HS34: -5258.0505 | HT34: 42875.97 | HU34: -13386.262 | HV34: 36884.691 | HW34: 85536.647 | HX34: -29222.339 | HY34: 2823.864 | HZ34: -9221.9224 | IA34: -45321.555 | IB34: -19292.197 | IC34: -48280.727 | ID34: -16082.994 | IE34: -13204.66 | IF34: 38432.32 | IG34: -24576.663 | IH34: 23979.469 | II34: 90110.792 | IJ34: -26429.387 | IK34: -66621.502 | IL34: 661.73792 | IM34: -49854.064 | IN34: -27236.726 | IO34: 21823.807 | IP34: -14015.021
A35: Memo
A36: 1. | B36: Gross fixed capital formation (GFCF) | C36: 529.86259 | D36: 492.98849 | E36: 1714.4342 | F36: 382.67032 | G36: 448.67514 | H36: 927.8583 | I36: 567.30181 | J36: 632.66284 | K36: 737.29676 | L36: 815.08122 | M36: 1170.1703 | N36: 7868.1029 | O36: 1011.5243 | P36: 746.72459 | Q36: 553.52423 | R36: 874.85598 | S36: 1805.4107 | T36: 776.51722 | U36: 788.72138 | V36: 1075.3885 | W36: 848.02056 | X36: 954.25479 | Y36: 1170.3449 | Z36: 3141.4801 | AA36: 1195.4231 | AB36: 690.5856 | AC36: 783.76308 | AD36: 750.91263 | AE36: 987.24753 | AF36: 832.35612 | AG36: 1171.039 | AH36: 1093.9968 | AI36: 2249.1788 | AJ36: 904.75785 | AK36: 1518.4133 | AL36: 2711.9268 | AM36: 635.88473 | AN36: 813.07694 | AO36: 1202.232 | AP36: 1420.162 | AQ36: 1454.6492 | AR36: 1335.1585 | AS36: 1685.8951 | AT36: 1362.686 | AU36: 1608.8417 | AV36: 1938.708 | AW36: 1941.4485 | AX36: 4538.2045 | AY36: 1027.905 | AZ36: 1666.5764 | BA36: 2596.8047 | BB36: 1824.7224 | BC36: 2357.7664 | BD36: 2576.6613 | BE36: 2923.926 | BF36: 2235.2543 | BG36: 2243.6078 | BH36: 1985.8211 | BI36: 2751.8002 | BJ36: 5877.8138 | BK36: 1423.3829 | BL36: 1459.1292 | BM36: 1842.0815 | BN36: 1794.7373 | BO36: 1910.0188 | BP36: 2093.3468 | BQ36: 2058.2978 | BR36: 2204.4078 | BS36: 2052.3679 | BT36: 1882.5264 | BU36: 2386.0435 | BV36: 4390.9207 | BW36: 1046.8563 | BX36: 1204.4262 | BY36: 2198.4992 | BZ36: 1747.2379 | CA36: 1994.7575 | CB36: 2025.2109 | CC36: 2257.6514 | CD36: 2304.5318 | CE36: 2115.1146 | CF36: 2540.5155 | CG36: 2272.213 | CH36: 3477.8755 | CI36: 1273.4267 | CJ36: 1750.4182 | CK36: 2693.7876 | CL36: 2101.0149 | CM36: 2691.6419 | CN36: 2662.7673 | CO36: 2588.179 | CP36: 2965.7955 | CQ36: 3061.2286 | CR36: 3008.8637 | CS36: 3161.0027 | CT36: 4846.5006 | CU36: 2620.1512 | CV36: 2859.5654 | CW36: 2585.7775 | CX36: 3875.2361 | CY36: 3382.2975 | CZ36: 2830.0811 | DA36: 3347.9189 | DB36: 3363.2634 | DC36: 3802.4003 | DD36: 3259.3992 | DE36: 2995.7723 | DF36: 4295.1496 | DG36: 1683.8857 | DH36: 1764.0794 | DI36: 2443.6067 | DJ36: 1982.6251 | DK36: 1907.6696 | DL36: 1747.2484 | DM36: 2202.1017 | DN36: 1440.4275 | DO36: 2304.6967 | DP36: 1905.0404 | DQ36: 2995.5253 | DR36: 2835.6822 | DS36: 1382.2287 | DT36: 1518.4359 | DU36: 1658.3682 | DV36: 2078.5584 | DW36: 1485.105 | DX36: 1493.3345 | DY36: 2021.4823 | DZ36: 1692.517 | EA36: 1606.9507 | EB36: 1271.3021 | EC36: 2224.5535 | ED36: 4935.0147 | EE36: 749.08171 | EF36: 1269.0079 | EG36: 2133.0422 | EH36: 1297.0606 | EI36: 1960.65 | EJ36: 1666.3541 | EK36: 1841.025 | EL36: 2159.7312 | EM36: 1953.5054 | EN36: 1655.535 | EO36: 1523.7297 | EP36: 5124.5939 | EQ36: 881.05674 | ER36: 1222.2721 | ES36: 1864.3417 | ET36: 1737.7869 | EU36: 1932.0345 | EV36: 1763.8808 | EW36: 1907.1676 | EX36: 2464.0962 | EY36: 1869.4348 | EZ36: 2182.349 | FA36: 2336.8684 | FB36: 5128.2868 | FC36: 1114.7966 | FD36: 1507.6944 | FE36: 1466.3747 | FF36: 1585.4954 | FG36: 1587.7986 | FH36: 1578.7381 | FI36: 1948.5209 | FJ36: 1965.3782 | FK36: 1851.2831 | FL36: 1925.681 | FM36: 2343.1025 | FN36: 5300.5997 | FO36: 941.13175 | FP36: 1093.8745 | FQ36: 1709.2143 | FR36: 1772.1886 | FS36: 1370.593 | FT36: 1967.1772 | FU36: 2037.5378 | FV36: 2315.4122 | FW36: 1816.5305 | FX36: 1851.359 | FY36: 1602.7836 | FZ36: 4670.8934 | GA36: 875.67209 | GB36: 759.92043 | GC36: 1401.0034 | GD36: 1143.8509 | GE36: 1517.6687 | GF36: 2130.1578 | GG36: 1580.4922 | GH36: 1893.4874 | GI36: 1773.9084 | GJ36: 1535.6704 | GK36: 1716.0669 | GL36: 4043.5222 | GM36: 809.02467 | GN36: 1279.3108 | GO36: 1596.7577 | GP36: 1364.6862 | GQ36: 1910.895 | GR36: 2522.0456 | GS36: 1805.7965 | GT36: 2288.6043 | GU36: 1932.7109 | GV36: 1620.0302 | GW36: 2050.4606 | GX36: 4541.9139 | GY36: 1491.5927 | GZ36: 1177.9831 | HA36: 1735.7719 | HB36: 1699.7078 | HC36: 2361.3939 | HD36: 2670.1195 | HE36: 2673.2463 | HF36: 2870.0981 | HG36: 2437.5465 | HH36: 2971.2396 | HI36: 3065.0881 | HJ36: 4989.2091 | HK36: 1897.8947 | HL36: 2163.3002 | HM36: 2131.8309 | HN36: 2895.805 | HO36: 2431.5417 | HP36: 2914.1436 | HQ36: 3305.6691 | HR36: 3027.7726 | HS36: 2616.2675 | HT36: 3247.1498 | HU36: 2749.0187 | HV36: 5725.6183 | HW36: 1263.7126 | HX36: 1924.968 | HY36: 2238.0161 | HZ36: 2915.5514 | IA36: 2573.0562 | IB36: 2468.9595 | IC36: 3343.418 | ID36: 2701.544 | IE36: 3026.356 | IF36: 2773.3124 | IG36: 2640.2379 | IH36: 6393.4739 | II36: 1647.5157 | IJ36: 1729.5395 | IK36: 3437.1562 | IL36: 2785.8625 | IM36: 3211.992 | IN36: 3402.8707 | IO36: 3812.8157 | IP36: 3656.8782
A37: 2. | B37: Gross operating balance - GOB (1-2+23) | C37: -2298.8905 | D37: -4251.5985 | E37: 965.52234 | F37: 4404.4303 | G37: -5715.0662 | H37: -7580.4404 | I37: -2653.9201 | J37: -5464.5636 | K37: -5210.2689 | L37: -1307.7825 | M37: -9729.1592 | N37: -15522.439 | O37: 6625.3611 | P37: -4354.519 | Q37: 2590.7689 | R37: 1851.3654 | S37: -5257.2765 | T37: -8947.0098 | U37: -1544.6169 | V37: -4364.7077 | W37: -3179.4723 | X37: 6054.6422 | Y37: -5232.1613 | Z37: 3773.0451 | AA37: 7456.4249 | AB37: 3263.9054 | AC37: 2198.6699 | AD37: 4686.6028 | AE37: -5963.9684 | AF37: -2333.1075 | AG37: 1735.1649 | AH37: -8459.5635 | AI37: 3011.4714 | AJ37: 16622.113 | AK37: -21513.595 | AL37: -17399.103 | AM37: -4627.6901 | AN37: -13233.748 | AO37: -5362.3617 | AP37: -2020.8987 | AQ37: -11249.857 | AR37: -14548.688 | AS37: -10527.689 | AT37: -2679.5757 | AU37: -26281.01 | AV37: 2093.6185 | AW37: -14338.011 | AX37: -67.491449 | AY37: 5751.0108 | AZ37: -11594.985 | BA37: -11379.443 | BB37: 6687.7921 | BC37: -12166.931 | BD37: -11639.621 | BE37: -8999.5861 | BF37: -14164.209 | BG37: 2530.5698 | BH37: -812.52748 | BI37: -21451.539 | BJ37: 11845.261 | BK37: 5391.3855 | BL37: -14998.938 | BM37: -2422.0144 | BN37: 92.206788 | BO37: -16137.729 | BP37: -12200.062 | BQ37: -1377.447 | BR37: -23520.305 | BS37: -495.27752 | BT37: 1018.5559 | BU37: -26277.701 | BV37: -5479.1824 | BW37: 6825.8932 | BX37: -8053.0081 | BY37: -12052.272 | BZ37: 1020.2873 | CA37: -15103.809 | CB37: -10433.866 | CC37: 13483.099 | CD37: -18996.54 | CE37: 2126.0841 | CF37: 1998.7293 | CG37: -34562.681 | CH37: 8486.3287 | CI37: 12984.183 | CJ37: -25737.561 | CK37: -10805.889 | CL37: -974.5529 | CM37: -22294.979 | CN37: -14244.671 | CO37: -7060.4394 | CP37: -34687.896 | CQ37: -8221.3749 | CR37: -2696.0789 | CS37: -28984.433 | CT37: 20903.383 | CU37: 8308.3204 | CV37: -29468.643 | CW37: -5665.7001 | CX37: 5867.3001 | CY37: -26396.482 | CZ37: -18737.593 | DA37: -26058.724 | DB37: -43188.062 | DC37: -45152.546 | DD37: -18297.699 | DE37: -52175.562 | DF37: -26444.326 | DG37: 13384.593 | DH37: -65486.614 | DI37: -61220.117 | DJ37: 15100.853 | DK37: -46815.188 | DL37: -31416.601 | DM37: -51273.328 | DN37: -44795.145 | DO37: -84962.115 | DP37: -1632.2022 | DQ37: -52169.163 | DR37: -48170.96 | DS37: -29676.936 | DT37: -41263.755 | DU37: 4430.8097 | DV37: -8860.4547 | DW37: -49917.761 | DX37: -24985.661 | DY37: -38431.781 | DZ37: -64298.629 | EA37: -41705.74 | EB37: 7180.8225 | EC37: -86814.329 | ED37: -48177.849 | EE37: -11687.028 | EF37: -49749.944 | EG37: -47930.029 | EH37: -17408.804 | EI37: -65262.674 | EJ37: -53439.848 | EK37: -37762.278 | EL37: -64568.249 | EM37: -34706.906 | EN37: -26252.685 | EO37: -46257.799 | EP37: -41953.903 | EQ37: 4087.6658 | ER37: -44742.152 | ES37: -54328.34 | ET37: -22189.121 | EU37: -52137.453 | EV37: -68267.848 | EW37: -25070.195 | EX37: -91024.849 | EY37: -15827.033 | EZ37: -6281.4842 | FA37: -66598.854 | FB37: -14808.457 | FC37: 11814.313 | FD37: -52856.959 | FE37: -59035.453 | FF37: -26555.315 | FG37: -44020.677 | FH37: -33830.468 | FI37: -23787.597 | FJ37: -55811.409 | FK37: -21534.501 | FL37: -10883.132 | FM37: -60376.227 | FN37: -2286.6577 | FO37: 16796.787 | FP37: -40867.09 | FQ37: -40242.118 | FR37: -107654.25 | FS37: -139975.59 | FT37: -177821.89 | FU37: -113765.56 | FV37: -103623.88 | FW37: -82329.972 | FX37: -35551.653 | FY37: -58013.71 | FZ37: -50652.526 | GA37: 21487.36 | GB37: -42594.424 | GC37: -28413.665 | GD37: -3545.4162 | GE37: -67341.772 | GF37: -111754.22 | GG37: -22994.647 | GH37: -41988.838 | GI37: -34513.372 | GJ37: -16267.395 | GK37: -35993.23 | GL37: -15564.155 | GM37: 38145.028 | GN37: -59469.872 | GO37: -61189.025 | GP37: -37981.152 | GQ37: -81525.687 | GR37: -12445.764 | GS37: -5211.2713 | GT37: -74215.122 | GU37: -15579.088 | GV37: -5940.4835 | GW37: -61755.427 | GX37: -58090.58 | GY37: 32832.24 | GZ37: -80020.213 | HA37: -56438.687 | HB37: -26550.104 | HC37: -111708.51 | HD37: -89328.249 | HE37: -39235.358 | HF37: -71754.247 | HG37: -29081.381 | HH37: -22506.855 | HI37: -85044.859 | HJ37: -151901.18 | HK37: 25656.648 | HL37: -108256.53 | HM37: -44995.352 | HN37: -59937.412 | HO37: -99983.845 | HP37: -72017.384 | HQ37: -50330.059 | HR37: -75320.118 | HS37: -52141.194 | HT37: -22013.828 | HU37: -67246.09 | HV37: -20115.782 | HW37: 24150.515 | HX37: -98675.886 | HY37: -64028.665 | HZ37: -72800.208 | IA37: -119285.1 | IB37: -77496.961 | IC37: -126891.84 | ID37: -85117.22 | IE37: -83121.371 | IF37: -42797.968 | IG37: -90713.257 | IH37: -52802.086 | II37: 14053.577 | IJ37: -99362.656 | IK37: -157557.58 | IL37: -87458.05 | IM37: -135442.57 | IN37: -99982.404 | IO37: -65581.161 | IP37: -88493.384
A38: 3. | B38: Net operating balance - NOB (1-2) | C38: -3326.7772 | D38: -5138.1694 | E38: 65.091223 | F38: 3558.062 | G38: -6619.8607 | H38: -8499.7964 | I38: -3623.7004 | J38: -6402.531 | K38: -6194.5253 | L38: -2285.7305 | M38: -10776.456 | N38: -16760.063 | O38: 5542.7647 | P38: -5288.278 | Q38: 1642.4119 | R38: 959.94886 | S38: -6210.2291 | T38: -9915.2989 | U38: -2566.0142 | V38: -5352.5989 | W38: -4216.1162 | X38: 5024.6426 | Y38: -6335.2012 | Z38: 2469.5483 | AA38: 6241.4142 | AB38: 2215.9368 | AC38: 1134.3177 | AD38: 3686.1556 | AE38: -7033.4783 | AF38: -3419.8297 | AG38: 588.83872 | AH38: -9568.2853 | AI38: 1848.0338 | AJ38: 15466.132 | AK38: -22751.55 | AL38: -18862.033 | AM38: -5955.8616 | AN38: -14379.32 | AO38: -6525.8429 | AP38: -3114.5232 | AQ38: -12418.976 | AR38: -15736.623 | AS38: -11780.779 | AT38: -3891.559 | AU38: -27552.805 | AV38: 829.9748 | AW38: -15691.263 | AX38: -1666.6721 | AY38: 4140.4298 | AZ38: -12984.14 | BA38: -12790.315 | BB38: 5253.7822 | BC38: -13699.933 | BD38: -13197.295 | BE38: -10541.877 | BF38: -15655.906 | BG38: 965.25658 | BH38: -2202.7511 | BI38: -22940.348 | BJ38: 10085.889 | BK38: 3644.0629 | BL38: -16506.036 | BM38: -3952.673 | BN38: -1468.2727 | BO38: -17805.931 | BP38: -13895.111 | BQ38: -3054.5152 | BR38: -25142.358 | BS38: -2197.3797 | BT38: -493.22311 | BU38: -27896.685 | BV38: -7392.3861 | BW38: 4969.4134 | BX38: -9654.2555 | BY38: -13678.553 | BZ38: -629.5657 | CA38: -16867.554 | CB38: -12225.996 | CC38: 11705.447 | CD38: -20715.877 | CE38: 321.89684 | CF38: 398.19685 | CG38: -36276.712 | CH38: 6460.8047 | CI38: 11016.286 | CJ38: -27434.907 | CK38: -12529.771 | CL38: -2725.9656 | CM38: -24167.295 | CN38: -16147.12 | CO38: -8950.4561 | CP38: -36515.912 | CQ38: -10139.604 | CR38: -4400.1194 | CS38: -30809.312 | CT38: 18746.867 | CU38: 6091.3226 | CV38: -31380.844 | CW38: -7607.7952 | CX38: 3897.6281 | CY38: -28502.124 | CZ38: -20877.122 | DA38: -28176.528 | DB38: -45236.393 | DC38: -47301.963 | DD38: -20204.204 | DE38: -54217.264 | DF38: -28857.069 | DG38: 11618.312 | DH38: -67796.894 | DI38: -63895.183 | DJ38: 13094.609 | DK38: -49087.045 | DL38: -34031.005 | DM38: -53613.97 | DN38: -46853.251 | DO38: -87618.691 | DP38: -3476.9846 | DQ38: -54157.076 | DR38: -51492.807 | DS38: -31951.915 | DT38: -44495.007 | DU38: 2556.6432 | DV38: -11310.83 | DW38: -52442.586 | DX38: -27543.827 | DY38: -40691.993 | DZ38: -66923.951 | EA38: -44463.478 | EB38: 4675.4141 | EC38: -89520.953 | ED38: -50640.809 | EE38: -14809.452 | EF38: -51904.405 | EG38: -50788.4 | EH38: -19957.632 | EI38: -68034.701 | EJ38: -56340.575 | EK38: -40579.002 | EL38: -67466.967 | EM38: -37390.519 | EN38: -28946.223 | EO38: -49097.389 | EP38: -44867.643 | EQ38: 2266.2328 | ER38: -46670.55 | ES38: -58909.457 | ET38: -25170.593 | EU38: -54919.91 | EV38: -70929.583 | EW38: -27927.661 | EX38: -93922.381 | EY38: -18647.403 | EZ38: -8798.575 | FA38: -69003.052 | FB38: -18657.702 | FC38: 8884.9863 | FD38: -55062.756 | FE38: -63144.512 | FF38: -29234.422 | FG38: -46831.31 | FH38: -37424.506 | FI38: -26797.884 | FJ38: -58822.838 | FK38: -24695.7 | FL38: -13812.557 | FM38: -63518.28 | FN38: -5577.3048 | FO38: 12187.968 | FP38: -43458.763 | FQ38: -42166.036 | FR38: -110671.36 | FS38: -143381.19 | FT38: -180637.61 | FU38: -116864.95 | FV38: -106769.21 | FW38: -85576.176 | FX38: -38392.246 | FY38: -61435.312 | FZ38: -54276.581 | GA38: 17905.562 | GB38: -45699.137 | GC38: -31772.995 | GD38: -6960.8492 | GE38: -71123.362 | GF38: -115086.39 | GG38: -26576.177 | GH38: -45933.385 | GI38: -37867.687 | GJ38: -20178.428 | GK38: -40012.382 | GL38: -18710.536 | GM38: 34192.965 | GN38: -62414.65 | GO38: -64662.492 | GP38: -41227.272 | GQ38: -84896.982 | GR38: -16573.299 | GS38: -9843.9026 | GT38: -79089.775 | GU38: -17082.409 | GV38: -9344.2316 | GW38: -66095.07 | GX38: -61404.169 | GY38: 29275.959 | GZ38: -83859.908 | HA38: -60257.807 | HB38: -30816.136 | HC38: -115163.45 | HD38: -92917.884 | HE38: -42339.196 | HF38: -74973.299 | HG38: -34168.154 | HH38: -25265.553 | HI38: -91395.894 | HJ38: -154245.83 | HK38: 21763.694 | HL38: -111630.96 | HM38: -49586.002 | HN38: -63426.211 | HO38: -104289.99 | HP38: -76245.547 | HQ38: -54127.795 | HR38: -79389.379 | HS38: -56046.608 | HT38: -26066.097 | HU38: -71305.555 | HV38: -23945.041 | HW38: 20411.357 | HX38: -102677.73 | HY38: -68067.255 | HZ38: -76521.909 | IA38: -123270.89 | IB38: -81714.489 | IC38: -130838.51 | ID38: -89352.524 | IE38: -87070.036 | IF38: -47312.118 | IG38: -94526.218 | IH38: -56693.527 | II38: 11311.942 | IJ38: -102077.96 | IK38: -160628.61 | IL38: -90136.393 | IM38: -139068.98 | IN38: -102386.86 | IO38: -67831.198 | IP38: -90907.973
A40: Source: STN, IBGE, IPEA e BCB
A41: n.d.: Data not available
A42: Obs.1: Data subject to change.
A43: Obs.2: The presented data are compiled according to the Government Finance Statistics Manual – GFSM 2014, produced by the IMF.
A44: 1/ Source: SIAFI (Integrated System of Financial Administration). Includes all institutional units from the Fiscal and Social Security Budget, except the Central Bank.
A45: 2/ Revenue is compiled on a cash basis, except interest, which is compiled on accrual basis.
A46: 3/ Source: Central Bank. Until 2019, it includes nominal interest on transactions with foreign exchange reserves and transactions with foreign exchange derivatives carried out by the Central Bank, in accordance with the equalization of losses/gains (Law No. 11,803/2008). As of 2020, according to Law 13,820/2019, the result of these operations does not affect the nominal interest of the National Treasury.
A47: 4/ Expenditure compiled on a accrual basis, except Grants (263), compiled on a cash basis for the consolidation process. From 2010 to 2014, it includes payments from the Central Government to the Banco do Brasil, BNDES and FGTS, whose cashflow is recorded in 2015. In 2015, those payments are not recorded on a accrual basis.
A48: 5/ Source: IBGE. Consumption of Fixed Capital is an internal transaction that reflects the decrease in the value of fixed assets due to their use in the production process by an institutional unit. As a result, it is recorded as an expense and at the same time as a transaction that reduces the value of the respective fixed asset so that there is no impact on net lending/borrowing.
A49: 6/ The amount of fixed assets excludes the consumption of fixed assets.

Sheet 1.2
A1: Table 1.2. Budgetary Central Government Revenue - Brazil - Time Series - Monthly
A2: R$ Million - Current Prices
A4: Revenue - Budgetary Central Government 1/ | C4: 38718 | D4: 38749 | E4: 38777 | F4: 38808 | G4: 38838 | H4: 38869 | I4: 38899 | J4: 38930 | K4: 38961 | L4: 38991 | M4: 39022 | N4: 39052 | O4: 39083 | P4: 39114 | Q4: 39142 | R4: 39173 | S4: 39203 | T4: 39234 | U4: 39264 | V4: 39295 | W4: 39326 | X4: 39356 | Y4: 39387 | Z4: 39417 | AA4: 39448 | AB4: 39479 | AC4: 39508 | AD4: 39539 | AE4: 39569 | AF4: 39600 | AG4: 39630 | AH4: 39661 | AI4: 39692 | AJ4: 39722 | AK4: 39753 | AL4: 39783 | AM4: 39814 | AN4: 39845 | AO4: 39873 | AP4: 39904 | AQ4: 39934 | AR4: 39965 | AS4: 39995 | AT4: 40026 | AU4: 40057 | AV4: 40087 | AW4: 40118 | AX4: 40148 | AY4: 40179 | AZ4: 40210 | BA4: 40238 | BB4: 40269 | BC4: 40299 | BD4: 40330 | BE4: 40360 | BF4: 40391 | BG4: 40422 | BH4: 40452 | BI4: 40483 | BJ4: 40513 | BK4: 40544 | BL4: 40575 | BM4: 40603 | BN4: 40634 | BO4: 40664 | BP4: 40695 | BQ4: 40725 | BR4: 40756 | BS4: 40787 | BT4: 40817 | BU4: 40848 | BV4: 40878 | BW4: 40909 | BX4: 40940 | BY4: 40969 | BZ4: 41000 | CA4: 41030 | CB4: 41061 | CC4: 41091 | CD4: 41122 | CE4: 41153 | CF4: 41183 | CG4: 41214 | CH4: 41244 | CI4: 41275 | CJ4: 41306 | CK4: 41334 | CL4: 41365 | CM4: 41395 | CN4: 41426 | CO4: 41456 | CP4: 41487 | CQ4: 41518 | CR4: 41548 | CS4: 41579 | CT4: 41609 | CU4: 41640 | CV4: 41671 | CW4: 41699 | CX4: 41730 | CY4: 41760 | CZ4: 41791 | DA4: 41821 | DB4: 41852 | DC4: 41883 | DD4: 41913 | DE4: 41944 | DF4: 41974 | DG4: 42005 | DH4: 42036 | DI4: 42064 | DJ4: 42095 | DK4: 42125 | DL4: 42156 | DM4: 42186 | DN4: 42217 | DO4: 42248 | DP4: 42278 | DQ4: 42309 | DR4: 42339 | DS4: 42370 | DT4: 42401 | DU4: 42430 | DV4: 42461 | DW4: 42491 | DX4: 42522 | DY4: 42552 | DZ4: 42583 | EA4: 42614 | EB4: 42644 | EC4: 42675 | ED4: 42705 | EE4: 42736 | EF4: 42767 | EG4: 42795 | EH4: 42826 | EI4: 42856 | EJ4: 42887 | EK4: 42917 | EL4: 42948 | EM4: 42979 | EN4: 43009 | EO4: 43040 | EP4: 43070 | EQ4: 43101 | ER4: 43132 | ES4: 43160 | ET4: 43191 | EU4: 43221 | EV4: 43252 | EW4: 43282 | EX4: 43313 | EY4: 43344 | EZ4: 43374 | FA4: 43405 | FB4: 43435 | FC4: 43466 | FD4: 43497 | FE4: 43525 | FF4: 43556 | FG4: 43586 | FH4: 43617 | FI4: 43647 | FJ4: 43678 | FK4: 43709 | FL4: 43739 | FM4: 43770 | FN4: 43800 | FO4: 43831 | FP4: 43862 | FQ4: 43891 | FR4: 43922 | FS4: 43952 | FT4: 43983 | FU4: 44013 | FV4: 44044 | FW4: 44075 | FX4: 44105 | FY4: 44136 | FZ4: 44166 | GA4: 44197 | GB4: 44228 | GC4: 44256 | GD4: 44287 | GE4: 44317 | GF4: 44348 | GG4: 44378 | GH4: 44409 | GI4: 44440 | GJ4: 44470 | GK4: 44501 | GL4: 44531 | GM4: 44562 | GN4: 44593 | GO4: 44621 | GP4: 44652 | GQ4: 44682 | GR4: 44713 | GS4: 44743 | GT4: 44774 | GU4: 44805 | GV4: 44835 | GW4: 44866 | GX4: 44896 | GY4: 44927 | GZ4: 44958 | HA4: 44986 | HB4: 45017 | HC4: 45047 | HD4: 45078 | HE4: 45108 | HF4: 45139 | HG4: 45170 | HH4: 45200 | HI4: 45231 | HJ4: 45261 | HK4: 45292 | HL4: 45323 | HM4: 45352 | HN4: 45383 | HO4: 45413 | HP4: 45444 | HQ4: 45474 | HR4: 45505 | HS4: 45536 | HT4: 45566 | HU4: 45597 | HV4: 45627 | HW4: 45658 | HX4: 45689 | HY4: 45717 | HZ4: 45748 | IA4: 45778 | IB4: 45809 | IC4: 45839 | ID4: 45870 | IE4: 45901 | IF4: 45931 | IG4: 45962 | IH4: 45992 | II4: 46023 | IJ4: 46054 | IK4: 46082 | IL4: 46113 | IM4: 46143 | IN4: 46174 | IO4: 46204 | IP4: 46235
A5: 1 | B5: Revenue 2/ | C5: 51583.138 | D5: 46610.786 | E5: 51184.126 | F5: 53091.496 | G5: 50678.202 | H5: 49593.103 | I5: 52549.236 | J5: 51026.967 | K5: 55034.145 | L5: 53751.91 | M5: 51938.27 | N5: 68748.274 | O5: 58506.412 | P5: 51542.301 | Q5: 56217.26 | R5: 60606.323 | S5: 52261.693 | T5: 57918.853 | U5: 57767.1 | V5: 58183.093 | W5: 60725.012 | X5: 63695.747 | Y5: 62546.573 | Z5: 88098.279 | AA5: 76128.005 | AB5: 59252.303 | AC5: 67830.874 | AD5: 70877.021 | AE5: 63842.718 | AF5: 70363.374 | AG5: 76820.806 | AH5: 71251.406 | AI5: 70278.229 | AJ5: 86048.609 | AK5: 69945.842 | AL5: 75150.157 | AM5: 69675.709 | AN5: 56544.888 | AO5: 63934.774 | AP5: 65365.302 | AQ5: 61215.777 | AR5: 63557.921 | AS5: 66745.723 | AT5: 67524.845 | AU5: 56810.137 | AV5: 76850.094 | AW5: 79741.923 | AX5: 88573.011 | AY5: 82709.211 | AZ5: 68345.286 | BA5: 77944.694 | BB5: 88647.432 | BC5: 78528.746 | BD5: 75943.062 | BE5: 79549.498 | BF5: 80326.229 | BG5: 84550.317 | BH5: 88474.272 | BI5: 85607.025 | BJ5: 116155.02 | BK5: 107075.73 | BL5: 80511.147 | BM5: 90457.323 | BN5: 102107.62 | BO5: 88540.647 | BP5: 88255.485 | BQ5: 98835.078 | BR5: 84594.485 | BS5: 92446.56 | BT5: 101720.31 | BU5: 91923.467 | BV5: 111753.08 | BW5: 115287.22 | BX5: 91237.286 | BY5: 97444.585 | BZ5: 110509.68 | CA5: 98518.721 | CB5: 97217.767 | CC5: 123247.35 | CD5: 100556.55 | CE5: 101021.99 | CF5: 106700.04 | CG5: 96463.061 | CH5: 132161.6 | CI5: 135033.31 | CJ5: 91935.908 | CK5: 95626.4 | CL5: 115654.37 | CM5: 104483.79 | CN5: 104575.72 | CO5: 113088.14 | CP5: 100125.39 | CQ5: 101998.07 | CR5: 118309.74 | CS5: 122770.32 | CT5: 153218.21 | CU5: 142976.77 | CV5: 104698.29 | CW5: 115265.66 | CX5: 130512.51 | CY5: 105630.75 | CZ5: 103562.51 | DA5: 108806.95 | DB5: 107155.34 | DC5: 102576.85 | DD5: 116066.18 | DE5: 114427.44 | DF5: 138155.06 | DG5: 144991.94 | DH5: 110353.21 | DI5: 121740.15 | DJ5: 159912.78 | DK5: 121284.15 | DL5: 116734.98 | DM5: 125701.83 | DN5: 117949.92 | DO5: 115069.62 | DP5: 137887.97 | DQ5: 124182.32 | DR5: 152401.82 | DS5: 164950.34 | DT5: 118747.99 | DU5: 157992.11 | DV5: 135636.17 | DW5: 119623.54 | DX5: 136782.13 | DY5: 136706.36 | DZ5: 111621.37 | EA5: 116467.89 | EB5: 167723.24 | EC5: 122662.23 | ED5: 152613.6 | EE5: 161208.28 | EF5: 115755.83 | EG5: 127654.89 | EH5: 141252.41 | EI5: 116990.56 | EJ5: 123403.68 | EK5: 124299.86 | EL5: 124504.4 | EM5: 123777.74 | EN5: 139834.04 | EO5: 146401.86 | EP5: 155863.75 | EQ5: 175241.5 | ER5: 125177.38 | ES5: 128497.69 | ET5: 155355.01 | EU5: 137152.67 | EV5: 128686.13 | EW5: 151377.5 | EX5: 141743.87 | EY5: 140523.39 | EZ5: 163043.7 | FA5: 148044.35 | FB5: 171391.75 | FC5: 188435.5 | FD5: 133682.5 | FE5: 137567.25 | FF5: 163135.47 | FG5: 137146.24 | FH5: 134010.59 | FI5: 153167.84 | FJ5: 137871.05 | FK5: 138320.7 | FL5: 154093.36 | FM5: 149164.24 | FN5: 258059.52 | FO5: 196796.71 | FP5: 135888.26 | FQ5: 134473.5 | FR5: 117667.15 | FS5: 90555.752 | FT5: 94716.502 | FU5: 130069.02 | FV5: 133182.97 | FW5: 135835.01 | FX5: 167997.92 | FY5: 157996.87 | FZ5: 190039.48 | GA5: 208580.43 | GB5: 148370.99 | GC5: 166826.39 | GD5: 184594.36 | GE5: 166670.98 | GF5: 152300.14 | GG5: 189214.11 | GH5: 177266.7 | GI5: 175585.06 | GJ5: 206086.77 | GK5: 197025.3 | GL5: 243874.06 | GM5: 267782.77 | GN5: 194165.79 | GO5: 200355.51 | GP5: 236090.43 | GQ5: 208859.25 | GR5: 259020.34 | GS5: 235841.94 | GT5: 205857.28 | GU5: 205344.6 | GV5: 231866.48 | GW5: 205933.58 | GX5: 259795.16 | GY5: 292296.15 | GZ5: 188679.33 | HA5: 219794.23 | HB5: 239151.86 | HC5: 223911.44 | HD5: 213009.84 | HE5: 227298.29 | HF5: 205279.59 | HG5: 234132.11 | HH5: 245404.96 | HI5: 214397.95 | HJ5: 269564.19 | HK5: 312416.7 | HL5: 222257.34 | HM5: 240644.4 | HN5: 261361.84 | HO5: 247150.46 | HP5: 240234.28 | HQ5: 256898.82 | HR5: 230744.02 | HS5: 233143.39 | HT5: 280313.03 | HU5: 253287.85 | HV5: 331519.12 | HW5: 340447.95 | HX5: 242432.37 | HY5: 260248.68 | HZ5: 295717.42 | IA5: 266555.76 | IB5: 263825.25 | IC5: 285902.04 | ID5: 260074.01 | IE5: 258060.99 | IF5: 313126.66 | IG5: 269885.21 | IH5: 353033.79 | II5: 377013.28 | IJ5: 261393.87 | IK5: 280640.74 | IL5: 325691.08 | IM5: 307205.46 | IN5: 303294.37 | IO5: 317731.54 | IP5: 282658.95
A6: 11 | B6: Taxes | C6: 31868.529 | D6: 27123.089 | E6: 29981.444 | F6: 32596.08 | G6: 27962.585 | H6: 32218.418 | I6: 29928.851 | J6: 29314.209 | K6: 30082.029 | L6: 31688.324 | M6: 29439.191 | N6: 37893.15 | O6: 36316.319 | P6: 30501.359 | Q6: 33756.322 | R6: 38155.658 | S6: 33211.044 | T6: 35928.966 | U6: 35165.067 | V6: 33976.012 | W6: 34188.59 | X6: 38039.343 | Y6: 37311.977 | Z6: 44056.842 | AA6: 46767.193 | AB6: 34493.686 | AC6: 39075.925 | AD6: 42676.233 | AE6: 36068.39 | AF6: 38391.955 | AG6: 42496.777 | AH6: 37392.203 | AI6: 39227.597 | AJ6: 44928.548 | AK6: 37858.045 | AL6: 42433.117 | AM6: 45588.061 | AN6: 31054.178 | AO6: 39376.255 | AP6: 40819.723 | AQ6: 33660.074 | AR6: 36570.657 | AS6: 38924.079 | AT6: 33842.277 | AU6: 36279.117 | AV6: 45411.073 | AW6: 41040.519 | AX6: 43572.261 | AY6: 52732.169 | AZ6: 36328 | BA6: 43851.318 | BB6: 50405.949 | BC6: 41850.895 | BD6: 41509.376 | BE6: 44775.774 | BF6: 42622.609 | BG6: 43641.088 | BH6: 50042.93 | BI6: 45799.974 | BJ6: 60156.638 | BK6: 67917.132 | BL6: 43721.451 | BM6: 52491.642 | BN6: 59817.99 | BO6: 48918.24 | BP6: 51452.7 | BQ6: 60822.442 | BR6: 47729.733 | BS6: 48626.354 | BT6: 59592.523 | BU6: 50986.014 | BV6: 57873.346 | BW6: 74785.984 | BX6: 49043.207 | BY6: 57932.52 | BZ6: 64825.798 | CA6: 51439.989 | CB6: 53393.228 | CC6: 63387.019 | CD6: 48567.364 | CE6: 50705.856 | CF6: 58976.339 | CG6: 54301.216 | CH6: 62712.677 | CI6: 86187.197 | CJ6: 50187.156 | CK6: 53774.281 | CL6: 69077.187 | CM6: 59902.82 | CN6: 54399.733 | CO6: 61347.719 | CP6: 53282.444 | CQ6: 54283.498 | CR6: 65549.273 | CS6: 58014.814 | CT6: 87101.362 | CU6: 90407.734 | CV6: 54856.603 | CW6: 63093.976 | CX6: 72577.429 | CY6: 58503.317 | CZ6: 59563.297 | DA6: 63522.699 | DB6: 58084.306 | DC6: 56619.59 | DD6: 66930.993 | DE6: 62982.368 | DF6: 72442.754 | DG6: 91199.839 | DH6: 61894.853 | DI6: 69022.553 | DJ6: 76896.109 | DK6: 62923.513 | DL6: 64406.058 | DM6: 66806.158 | DN6: 58452.942 | DO6: 62937.154 | DP6: 69259.865 | DQ6: 60067.74 | DR6: 73336.761 | DS6: 96684.123 | DT6: 58275.215 | DU6: 69592.975 | DV6: 80171.283 | DW6: 64842.59 | DX6: 63986.734 | DY6: 71552.178 | DZ6: 57442.271 | EA6: 60325.271 | EB6: 93190.734 | EC6: 65120.499 | ED6: 78368.014 | EE6: 102087.86 | EF6: 62055.864 | EG6: 70077.835 | EH6: 82242.962 | EI6: 63681.039 | EJ6: 68295.958 | EK6: 70330.574 | EL6: 65088.747 | EM6: 66143.496 | EN6: 77620.44 | EO6: 81947.986 | EP6: 81837.474 | EQ6: 111240.7 | ER6: 71159.681 | ES6: 73223.164 | ET6: 91782.244 | EU6: 74896.449 | EV6: 71164.361 | EW6: 80863.381 | EX6: 70559.537 | EY6: 75794.931 | EZ6: 82433.278 | FA6: 78117.836 | FB6: 90350.437 | FC6: 117578.25 | FD6: 77620.016 | FE6: 75638.028 | FF6: 93465.932 | FG6: 74822.568 | FH6: 73773.06 | FI6: 87369.63 | FJ6: 77422.796 | FK6: 71453.045 | FL6: 86937.71 | FM6: 82300.603 | FN6: 91649.143 | FO6: 125744.23 | FP6: 75354.605 | FQ6: 73831.424 | FR6: 68713.255 | FS6: 49698.964 | FT6: 55189.07 | FU6: 72468.663 | FV6: 74785.974 | FW6: 77394.987 | FX6: 99698.818 | FY6: 90984.16 | FZ6: 99629.286 | GA6: 134278.99 | GB6: 86565.556 | GC6: 98125.214 | GD6: 106949.05 | GE6: 93933.58 | GF6: 87152.297 | GG6: 109365.75 | GH6: 95662.8 | GI6: 101783.56 | GJ6: 120031.1 | GK6: 106657.77 | GL6: 129074.05 | GM6: 172901.47 | GN6: 100888.71 | GO6: 115918.22 | GP6: 128337.52 | GQ6: 107903.08 | GR6: 121015.95 | GS6: 125954.31 | GT6: 110081.28 | GU6: 110233.38 | GV6: 134016.51 | GW6: 116504.36 | GX6: 135411.59 | GY6: 182381.82 | GZ6: 102938.39 | HA6: 116237.72 | HB6: 137590.8 | HC6: 112720.11 | HD6: 119055.38 | HE6: 125624.69 | HF6: 108511.02 | HG6: 115676.47 | HH6: 140429.12 | HI6: 118861.4 | HJ6: 151367.18 | HK6: 205004.96 | HL6: 128108.03 | HM6: 133964.33 | HN6: 159896.42 | HO6: 136671.08 | HP6: 137753.79 | HQ6: 153597.9 | HR6: 128276.74 | HS6: 140231.89 | HT6: 169228.46 | HU6: 140799.81 | HV6: 175865.77 | HW6: 227157.82 | HX6: 137899.65 | HY6: 145444.27 | HZ6: 174642.43 | IA6: 153637.75 | IB6: 149926.71 | IC6: 171111.43 | ID6: 140642.2 | IE6: 147143.33 | IF6: 188041.13 | IG6: 152754.54 | IH6: 194894.4 | II6: 243575.36 | IJ6: 144050.26 | IK6: 161491.46 | IL6: 194520.13 | IM6: 175570.15 | IN6: 173659.34 | IO6: 189782.01 | IP6: 155956.6
A7: 111 | B7: Taxes on income, profits, and capital gains | C7: 13973.32 | D7: 11802.118 | E7: 12969.923 | F7: 16008.025 | G7: 11524.045 | H7: 15339.476 | I7: 13265.999 | J7: 11553.453 | K7: 11420.932 | L7: 13339.858 | M7: 10935.571 | N7: 17819.909 | O7: 16428.675 | P7: 13714.008 | Q7: 15795.976 | R7: 18060.729 | S7: 13781.364 | T7: 16175.578 | U7: 15863.182 | V7: 13219.828 | W7: 12919.783 | X7: 17107.501 | Y7: 15568.674 | Z7: 21841.681 | AA7: 25571.54 | AB7: 15739.279 | AC7: 18770.607 | AD7: 22458.012 | AE7: 16445.862 | AF7: 18119.94 | AG7: 21543.515 | AH7: 16241.424 | AI7: 16595.857 | AJ7: 22090.596 | AK7: 16022.582 | AL7: 23363.369 | AM7: 26451.471 | AN7: 15148.735 | AO7: 20722.901 | AP7: 22739.403 | AQ7: 16915.972 | AR7: 18227.802 | AS7: 19724.465 | AT7: 14683.778 | AU7: 16118.665 | AV7: 23995.813 | AW7: 17906.425 | AX7: 19934.806 | AY7: 28910.603 | AZ7: 15843.57 | BA7: 19971.895 | BB7: 27484.248 | BC7: 18797.809 | BD7: 17579.351 | BE7: 21247.618 | BF7: 18461.257 | BG7: 17742.193 | BH7: 23071.372 | BI7: 19577.182 | BJ7: 29797.508 | BK7: 38940.461 | BL7: 19036.632 | BM7: 23882.396 | BN7: 32762.062 | BO7: 22188.575 | BP7: 24034.781 | BQ7: 33084.349 | BR7: 18953.744 | BS7: 18999.323 | BT7: 29921.553 | BU7: 21874.679 | BV7: 30319.541 | BW7: 43126.11 | BX7: 23278.994 | BY7: 28339.641 | BZ7: 34633.877 | CA7: 22268.429 | CB7: 24563.487 | CC7: 24702.671 | CD7: 18971.234 | CE7: 20839.44 | CF7: 28631.432 | CG7: 24596.053 | CH7: 30984.087 | CI7: 50887.848 | CJ7: 23919.976 | CK7: 24762.325 | CL7: 36225.053 | CM7: 28179.252 | CN7: 24236.19 | CO7: 29492.432 | CP7: 21587.868 | CQ7: 22303.015 | CR7: 33040.987 | CS7: 25420.99 | CT7: 40704.109 | CU7: 53830.623 | CV7: 24652.239 | CW7: 28568.397 | CX7: 40888.374 | CY7: 27146.586 | CZ7: 28029.696 | DA7: 31870.891 | DB7: 26411.506 | DC7: 23359.905 | DD7: 32564.999 | DE7: 27850.376 | DF7: 36979.478 | DG7: 53221.067 | DH7: 29662.877 | DI7: 33119.198 | DJ7: 42384.06 | DK7: 30061.671 | DL7: 31035.841 | DM7: 32118.989 | DN7: 24022.646 | DO7: 26351.245 | DP7: 34545.444 | DQ7: 25573.049 | DR7: 39025.399 | DS7: 57859.367 | DT7: 27234.468 | DU7: 32860.31 | DV7: 47193.178 | DW7: 30713.834 | DX7: 31937.604 | DY7: 37650.261 | DZ7: 25420.411 | EA7: 27475.348 | EB7: 59687.668 | EC7: 31825.759 | ED7: 43338.471 | EE7: 64828.707 | EF7: 31978.84 | EG7: 35745.337 | EH7: 48548.738 | EI7: 31226.01 | EJ7: 35512.689 | EK7: 37319.384 | EL7: 29687.124 | EM7: 28379.351 | EN7: 39740.821 | EO7: 31329.68 | EP7: 44384.796 | EQ7: 67647.023 | ER7: 35232.869 | ES7: 37135.915 | ET7: 50839.303 | EU7: 36498.146 | EV7: 33724.563 | EW7: 41840.822 | EX7: 28769.223 | EY7: 32113.629 | EZ7: 40359.792 | FA7: 37503.637 | FB7: 49074.94 | FC7: 73366.496 | FD7: 41331.375 | FE7: 38889.869 | FF7: 54044.557 | FG7: 37568.721 | FH7: 34769.076 | FI7: 49216.49 | FJ7: 35636.075 | FK7: 31278.044 | FL7: 47272.91 | FM7: 41310.344 | FN7: 50893.159 | FO7: 82210.916 | FP7: 40400.625 | FQ7: 37247.595 | FR7: 45290.527 | FS7: 32139.275 | FT7: 36307.709 | FU7: 37860.131 | FV7: 28175.088 | FW7: 36261.29 | FX7: 51795.054 | FY7: 44440.196 | FZ7: 54447.536 | GA7: 87704.13 | GB7: 44253.184 | GC7: 51040.682 | GD7: 61393.919 | GE7: 52561.489 | GF7: 45838.506 | GG7: 62750.695 | GH7: 46166.603 | GI7: 49014.395 | GJ7: 69776.016 | GK7: 54496.514 | GL7: 73125.329 | GM7: 121013.54 | GN7: 55858.834 | GO7: 66842.276 | GP7: 83932.645 | GQ7: 64051.583 | GR7: 76208.079 | GS7: 81087.139 | GT7: 61420.86 | GU7: 57432.344 | GV7: 83067.954 | GW7: 72335.789 | GX7: 85797.832 | GY7: 131831.37 | GZ7: 63412.039 | HA7: 68732.915 | HB7: 92888.052 | HC7: 67523.797 | HD7: 68125.672 | HE7: 76927.954 | HF7: 57075.395 | HG7: 59007.852 | HH7: 88415.484 | HI7: 70725.606 | HJ7: 95305.201 | HK7: 144498.84 | HL7: 76734.177 | HM7: 75266.671 | HN7: 98397.653 | HO7: 82227.241 | HP7: 75836.785 | HQ7: 92595.761 | HR7: 65397.857 | HS7: 68403.008 | HT7: 103093.23 | HU7: 75151.098 | HV7: 107428.54 | HW7: 156705.99 | HX7: 77976.739 | HY7: 82613.849 | HZ7: 111484.58 | IA7: 92841.711 | IB7: 83524.649 | IC7: 104797.88 | ID7: 71027.707 | IE7: 71531.179 | IF7: 114005.35 | IG7: 82347.456 | IH7: 118604.29 | II7: 168337.78 | IJ7: 78399.626 | IK7: 90085.35 | IL7: 120918.08 | IM7: 103267.15 | IN7: 91016.219 | IO7: 118362.56 | IP7: 75146.635
A8: 1111 | B8: Payable by individuals (IRPF) | C8: 2904.5977 | D8: 3626.9441 | E8: 4138.354 | F8: 5827.941 | G8: 4538.4559 | H8: 3054.8516 | I8: 3841.0568 | J8: 4316.6512 | K8: 3262.1393 | L8: 2968.5159 | M8: 3946.0053 | N8: 6341.3886 | O8: 3537.1499 | P8: 4639.0554 | Q8: 5094.5194 | R8: 6846.4267 | S8: 5840.7237 | T8: 4053.2426 | U8: 4377.6983 | V8: 3795.6465 | W8: 4308.1196 | X8: 3782.9428 | Y8: 4656.1121 | Z8: 6880.7228 | AA8: 6078.4607 | AB8: 5603.351 | AC8: 6350.9996 | AD8: 8431.701 | AE8: 6412.9869 | AF8: 4414.0372 | AG8: 5269.2483 | AH8: 4606.9855 | AI8: 5857.8212 | AJ8: 4660.3502 | AK8: 5382.286 | AL8: 7897.2633 | AM8: 7562.6043 | AN8: 4932.7775 | AO8: 6125.1659 | AP8: 8753.866 | AQ8: 6502.1001 | AR8: 4792.4433 | AS8: 4470.5242 | AT8: 5745.4259 | AU8: 5862.7506 | AV8: 5376.4267 | AW8: 5630.6695 | AX8: 5694.4585 | AY8: 7657.4957 | AZ8: 6395.1155 | BA8: 7531.5999 | BB8: 10714.464 | BC8: 7927.321 | BD8: 5828.9197 | BE8: 5583.0882 | BF8: 6302.4722 | BG8: 6503.4952 | BH8: 5191.7386 | BI8: 8606.4135 | BJ8: 9694.7465 | BK8: 9639.5689 | BL8: 7924.6323 | BM8: 9335.0569 | BN8: 12820.927 | BO8: 9982.3356 | BP8: 7214.3166 | BQ8: 6803.7399 | BR8: 6788.7051 | BS8: 7542.2439 | BT8: 6904.6616 | BU8: 8514.1955 | BV8: 10989.624 | BW8: 11440.122 | BX8: 8957.3713 | BY8: 10420.2 | BZ8: 14415.313 | CA8: 10794.701 | CB8: 8218.7917 | CC8: 8157.3848 | CD8: 7510.3334 | CE8: 7970.471 | CF8: 7788.1033 | CG8: 11061.876 | CH8: 11565.226 | CI8: 12198.16 | CJ8: 9634.7775 | CK8: 10587.976 | CL8: 16155.88 | CM8: 11860.017 | CN8: 8537.6162 | CO8: 9225.6154 | CP8: 9145.236 | CQ8: 8806.291 | CR8: 8960.3525 | CS8: 10738.623 | CT8: 10830.271 | CU8: 13910.532 | CV8: 10800.767 | CW8: 12739.924 | CX8: 16857.628 | CY8: 12646.794 | CZ8: 10491.99 | DA8: 10571.935 | DB8: 10421.689 | DC8: 9392.672 | DD8: 8902.8206 | DE8: 11434.459 | DF8: 12456.048 | DG8: 14504.142 | DH8: 12308.753 | DI8: 13555.406 | DJ8: 19275.611 | DK8: 13998.322 | DL8: 11254.361 | DM8: 10166.36 | DN8: 9944.5721 | DO8: 9641.6559 | DP8: 10314.678 | DQ8: 10739.005 | DR8: 13209.683 | DS8: 15600.622 | DT8: 11952.843 | DU8: 13922.575 | DV8: 19771.252 | DW8: 15223.369 | DX8: 11540.832 | DY8: 11587.381 | DZ8: 10628.14 | EA8: 10392.544 | EB8: 11118.619 | EC8: 14416.707 | ED8: 15716.603 | EE8: 18370.941 | EF8: 13043.1 | EG8: 15329.029 | EH8: 22131.903 | EI8: 16488.091 | EJ8: 12954.934 | EK8: 12016.641 | EL8: 12529.656 | EM8: 12120.517 | EN8: 12015.627 | EO8: 14699.153 | EP8: 16006.307 | EQ8: 19213.747 | ER8: 14709.11 | ES8: 16219.485 | ET8: 25029.912 | EU8: 17989.026 | EV8: 12260.274 | EW8: 11745.727 | EX8: 14028.897 | EY8: 13389.85 | EZ8: 13621.49 | FA8: 16937.207 | FB8: 21093.241 | FC8: 21127.072 | FD8: 16341.638 | FE8: 17567.203 | FF8: 26580.978 | FG8: 19094.958 | FH8: 15775.749 | FI8: 13358.69 | FJ8: 15230.809 | FK8: 14802.643 | FL8: 15588.673 | FM8: 20124.493 | FN8: 23792.63 | FO8: 22406.183 | FP8: 17631.389 | FQ8: 20044.019 | FR8: 20626.114 | FS8: 15304.95 | FT8: 18536.002 | FU8: 14459.861 | FV8: 13960.168 | FW8: 15708.604 | FX8: 20275.587 | FY8: 21993.959 | FZ8: 25893.809 | GA8: 23956.005 | GB8: 18969.799 | GC8: 20554.837 | GD8: 23705.901 | GE8: 23588.028 | GF8: 17236.183 | GG8: 17837.176 | GH8: 17907.199 | GI8: 22684.878 | GJ8: 21934.992 | GK8: 23370.881 | GL8: 30261.937 | GM8: 26285.612 | GN8: 21157.654 | GO8: 26436.365 | GP8: 26062.391 | GQ8: 30496.772 | GR8: 22085.046 | GS8: 19378.932 | GT8: 19477.726 | GU8: 24396.319 | GV8: 27567.456 | GW8: 26758.62 | GX8: 33822.922 | GY8: 31570.862 | GZ8: 23677.794 | HA8: 27335.752 | HB8: 29930.217 | HC8: 31782.851 | HD8: 21944.802 | HE8: 21916.344 | HF8: 20451.345 | HG8: 26818.818 | HH8: 29879.697 | HI8: 29421.129 | HJ8: 38771.837 | HK8: 35781.691 | HL8: 26820.655 | HM8: 30373.028 | HN8: 33751.065 | HO8: 41158.245 | HP8: 24518.062 | HQ8: 24101.706 | HR8: 26425.788 | HS8: 30587.982 | HT8: 32745.603 | HU8: 32601.961 | HV8: 42879.043 | HW8: 39312.176 | HX8: 31541.362 | HY8: 36083.961 | HZ8: 35913.348 | IA8: 46492.762 | IB8: 27481.717 | IC8: 26509.553 | ID8: 33394.69 | IE8: 34799.303 | IF8: 36254.621 | IG8: 35851.802 | IH8: 48380.004 | II8: 44116.698 | IJ8: 30795.944 | IK8: 36745.111 | IL8: 36827.112 | IM8: 48309.637 | IN8: 22705.32 | IO8: 33930.507 | IP8: 36930.893
A9: 1112 | B9: Payable by corporations and other entreprises | C9: 8421.1716 | D9: 6572.3405 | E9: 7120.5604 | F9: 8145.9163 | G9: 5102.1026 | H9: 6569.341 | I9: 7640.4606 | J9: 5358.5194 | K9: 5864.0611 | L9: 7726.7151 | M9: 5051.457 | N9: 5062.8913 | O9: 10048.141 | P9: 7349.6064 | Q9: 8887.0136 | R9: 9182.4109 | S9: 5973.4092 | T9: 6532.2838 | U9: 9324.9045 | V9: 7244.7621 | W9: 6644.3455 | X9: 10622.23 | Y9: 8914.9484 | Z9: 8363.4524 | AA9: 16032.309 | AB9: 8120.5876 | AC9: 10095.759 | AD9: 11274.539 | AE9: 7721.6299 | AF9: 8538.2284 | AG9: 13603.898 | AH9: 9121.6965 | AI9: 8161.7596 | AJ9: 13768.719 | AK9: 7381.5902 | AL9: 7666.2241 | AM9: 14024.81 | AN9: 7939.2889 | AO9: 12236.014 | AP9: 11727.661 | AQ9: 7787.4508 | AR9: 8260.1732 | AS9: 12168.836 | AT9: 6820.9284 | AU9: 8035.9072 | AV9: 15318.351 | AW9: 9556.9792 | AX9: 7784.3701 | AY9: 17215.582 | AZ9: 7364.3056 | BA9: 9900.9343 | BB9: 14008.801 | BC9: 7466.2224 | BD9: 6317.3328 | BE9: 12945.854 | BF9: 9592.3916 | BG9: 8445.5972 | BH9: 14296.22 | BI9: 8172.5869 | BJ9: 12354.158 | BK9: 23571.644 | BL9: 8183.4999 | BM9: 11772.456 | BN9: 15925.447 | BO9: 8752.1801 | BP9: 9427.0172 | BQ9: 22410.364 | BR9: 8698.913 | BS9: 8319.2537 | BT9: 17746.363 | BU9: 9460.9065 | BV9: 9497.5748 | BW9: 26397.735 | BX9: 11230.97 | BY9: 14479.041 | BZ9: 15765.57 | CA9: 7623.369 | CB9: 8351.6037 | CC9: 12667.701 | CD9: 8009.7542 | CE9: 9621.9214 | CF9: 16831.062 | CG9: 9623.6048 | CH9: 9991.9962 | CI9: 33026.806 | CJ9: 10966.131 | CK9: 9925.2535 | CL9: 15010.299 | CM9: 11612.546 | CN9: 9531.038 | CO9: 16605.052 | CP9: 7837.0644 | CQ9: 8291.2602 | CR9: 18883.658 | CS9: 10373.275 | CT9: 19015.576 | CU9: 33362.556 | CV9: 9672.1357 | CW9: 11390.143 | CX9: 17823.044 | CY9: 10242.18 | CZ9: 9930.9232 | DA9: 16759.806 | DB9: 11266.702 | DC9: 8863.7094 | DD9: 18282.667 | DE9: 11418.644 | DF9: 12571.04 | DG9: 30833.232 | DH9: 12971.819 | DI9: 13149.367 | DJ9: 16372.415 | DK9: 9894.7702 | DL9: 8715.3901 | DM9: 16472.52 | DN9: 8730.0451 | DO9: 10624.402 | DP9: 17998.872 | DQ9: 8302.4263 | DR9: 10018.596 | DS9: 33532.922 | DT9: 9824.8835 | DU9: 13091.889 | DV9: 20816.177 | DW9: 9597.4887 | DX9: 8233.9116 | DY9: 19666.018 | DZ9: 9256.5172 | EA9: 10823.36 | EB9: 41625.015 | EC9: 11145.045 | ED9: 10358.563 | EE9: 36716.009 | EF9: 13285.022 | EG9: 13695.611 | EH9: 18914.51 | EI9: 8760.2896 | EJ9: 9668.4668 | EK9: 18818.308 | EL9: 11095.25 | EM9: 9636.6903 | EN9: 21296.296 | EO9: 10454.652 | EP9: 12200.007 | EQ9: 38162.284 | ER9: 14644.481 | ES9: 13872.626 | ET9: 19734.331 | EU9: 12692.055 | EV9: 10505.813 | EW9: 22956.912 | EX9: 7115.428 | EY9: 12255.511 | EZ9: 19490.229 | FA9: 12719.714 | FB9: 10686.896 | FC9: 40052.178 | FD9: 18123.657 | FE9: 13892.401 | FF9: 20425.4 | FG9: 10306.854 | FH9: 6449.1623 | FI9: 27860.542 | FJ9: 13318.595 | FK9: 9738.2206 | FL9: 24675.437 | FM9: 12969.782 | FN9: 9719.9114 | FO9: 47954.855 | FP9: 15607.733 | FQ9: 9384.963 | FR9: 16924.937 | FS9: 10283.419 | FT9: 8990.2848 | FU9: 15889.12 | FV9: 7761.6824 | FW9: 13934.695 | FX9: 23228.645 | FY9: 15351.851 | FZ9: 14739.288 | GA9: 52646.582 | GB9: 18396.495 | GC9: 24139.473 | GD9: 29447.487 | GE9: 21291.516 | GF9: 17329.845 | GG9: 36879.426 | GH9: 19559.623 | GI9: 18611.91 | GJ9: 39346.096 | GK9: 22288.16 | GL9: 22613.354 | GM9: 81882.799 | GN9: 25176.279 | GO9: 30697.873 | GP9: 46562.603 | GQ9: 23192.294 | GR9: 32146.857 | GS9: 50083.45 | GT9: 29986.35 | GU9: 21332.78 | GV9: 40679.377 | GW9: 34367.645 | GX9: 21321.32 | GY9: 79663.18 | GZ9: 28511.963 | HA9: 28507.723 | HB9: 49044.003 | HC9: 22699.418 | HD9: 21955.527 | HE9: 39605.333 | HF9: 25285.781 | HG9: 17614.249 | HH9: 42922.684 | HI9: 25814.277 | HJ9: 17526.596 | HK9: 84351.171 | HL9: 33232.032 | HM9: 27924.379 | HN9: 48623.869 | HO9: 25460.024 | HP9: 21518.925 | HQ9: 50365.582 | HR9: 19867.766 | HS9: 20971.795 | HT9: 53705.263 | HU9: 25162.299 | HV9: 24554.068 | HW9: 94754.721 | HX9: 29046.747 | HY9: 28546.73 | HZ9: 57413.866 | IA9: 25342.571 | IB9: 20814.194 | IC9: 59082.201 | ID9: 19427.695 | IE9: 16668.362 | IF9: 56632.951 | IG9: 27412.81 | IH9: 20936.46 | II9: 96653.432 | IJ9: 28402.787 | IK9: 34050.899 | IL9: 60198.152 | IM9: 34409.606 | IN9: 27943.184 | IO9: 60449.586 | IP9: 13055.445
A10: 1112.1 | B10: Revenue tax on corporations - IRPJ | C10: 5455.7768 | D10: 4491.9887 | E10: 4931.5203 | F10: 5474.0993 | G10: 3321.8844 | H10: 4529.5232 | I10: 4933.7854 | J10: 3530.9149 | K10: 3877.5491 | L10: 4922.4322 | M10: 3237.7501 | N10: 3248.9564 | O10: 6680.3785 | P10: 4900.2893 | Q10: 6099.1035 | R10: 6220.1096 | S10: 3997.8679 | T10: 4380.1496 | U10: 5950.2097 | V10: 4744.5276 | W10: 4212.0604 | X10: 6895.2954 | Y10: 6103.7611 | Z10: 5540.0144 | AA10: 10908.175 | AB10: 5471.8831 | AC10: 7143.6906 | AD10: 7417.3739 | AE10: 5112.038 | AF10: 5093.9072 | AG10: 9095.7659 | AH10: 5974.3838 | AI10: 5312.0473 | AJ10: 8527.8836 | AK10: 4616.5424 | AL10: 4823.4766 | AM10: 9012.557 | AN10: 4995.723 | AO10: 7799.4515 | AP10: 7443.6183 | AQ10: 4941.7687 | AR10: 5519.9215 | AS10: 7863.6005 | AT10: 4258.4922 | AU10: 4678.1768 | AV10: 10649.882 | AW10: 6167.2809 | AX10: 5217.6337 | AY10: 10908.069 | AZ10: 4490.7808 | BA10: 6541.7156 | BB10: 9122.8125 | BC10: 4595.7959 | BD10: 3713.9597 | BE10: 8337.9993 | BF10: 6386.5796 | BG10: 5658.1072 | BH10: 9349.6261 | BI10: 5183.796 | BJ10: 8305.1013 | BK10: 15590.594 | BL10: 4955.0384 | BM10: 7541.6157 | BN10: 10584.692 | BO10: 5610.3618 | BP10: 6051.8255 | BQ10: 11646.493 | BR10: 5133.0271 | BS10: 5396.9398 | BT10: 11903.699 | BU10: 5953.2586 | BV10: 6133.2498 | BW10: 17501.04 | BX10: 6605.8575 | BY10: 9436.1827 | BZ10: 10764.118 | CA10: 4738.64 | CB10: 5001.2168 | CC10: 5325.463 | CD10: 4828.2185 | CE10: 5865.1419 | CF10: 10885.586 | CG10: 6354.3863 | CH10: 6427.9072 | CI10: 21849.05 | CJ10: 6920.3643 | CK10: 6670.2104 | CL10: 9364.3444 | CM10: 6938.2822 | CN10: 6597.1845 | CO10: 10536.776 | CP10: 4247.3758 | CQ10: 4983.1432 | CR10: 11682.637 | CS10: 7019.6323 | CT10: 12246.701 | CU10: 21822.972 | CV10: 6280.052 | CW10: 7301.3999 | CX10: 11100.111 | CY10: 6530.0701 | CZ10: 6049.5892 | DA10: 10361.533 | DB10: 6787.3695 | DC10: 5444.2841 | DD10: 11664.421 | DE10: 6860.6581 | DF10: 8799.8842 | DG10: 19643.733 | DH10: 8314.7842 | DI10: 8236.3644 | DJ10: 10280.78 | DK10: 6474.0145 | DL10: 5298.0099 | DM10: 10467.045 | DN10: 5671.2601 | DO10: 7465.9478 | DP10: 11755.412 | DQ10: 4902.5249 | DR10: 6400.3565 | DS10: 21308.382 | DT10: 6027.3064 | DU10: 7539.724 | DV10: 13115.296 | DW10: 5417.3523 | DX10: 4928.2707 | DY10: 11776.032 | DZ10: 5902.0902 | EA10: 6909.1157 | EB10: 34883.324 | EC10: 6974.9209 | ED10: 6398.8547 | EE10: 22335.311 | EF10: 8880.7106 | EG10: 8355.8975 | EH10: 12125.076 | EI10: 5441.8015 | EJ10: 5916.7421 | EK10: 12333.759 | EL10: 6880.4677 | EM10: 5325.3452 | EN10: 14277.371 | EO10: 4235.0614 | EP10: 7707.607 | EQ10: 23535.943 | ER10: 9331.3524 | ES10: 8564.2216 | ET10: 12622.384 | EU10: 8034.7804 | EV10: 6566.1352 | EW10: 15050.47 | EX10: 2281.6489 | EY10: 7344.4816 | EZ10: 12357.016 | FA10: 7529.6474 | FB10: 5844.8307 | FC10: 25173.412 | FD10: 11688.93 | FE10: 8710.9171 | FF10: 12589.187 | FG10: 6070.4833 | FH10: 1703.3336 | FI10: 17938.121 | FJ10: 7571.5031 | FK10: 5861.5828 | FL10: 15875.8 | FM10: 8082.101 | FN10: 5864.9666 | FO10: 30724.898 | FP10: 10291.697 | FQ10: 5221.4878 | FR10: 9606.942 | FS10: 6509.2591 | FT10: 5657.5211 | FU10: 9585.9964 | FV10: 4146.0965 | FW10: 8924.7964 | FX10: 14040.449 | FY10: 9401.7317 | FZ10: 8568.6083 | GA10: 34111.498 | GB10: 12048.106 | GC10: 16689.316 | GD10: 19115.482 | GE10: 14116.629 | GF10: 11784.717 | GG10: 24111.879 | GH10: 12076.554 | GI10: 11584.817 | GJ10: 25405.952 | GK10: 14588.29 | GL10: 14424.792 | GM10: 49956.913 | GN10: 16425.292 | GO10: 20001.761 | GP10: 31258.666 | GQ10: 14868.833 | GR10: 21248.464 | GS10: 32920.108 | GT10: 19279.416 | GU10: 13353.554 | GV10: 26447.188 | GW10: 22246.223 | GX10: 13257.992 | GY10: 52177.081 | GZ10: 18009.33 | HA10: 18632.36 | HB10: 32174.386 | HC10: 14483.976 | HD10: 13265.1 | HE10: 24806.764 | HF10: 15738.656 | HG10: 10181.17 | HH10: 27847.676 | HI10: 15979.51 | HJ10: 10790.874 | HK10: 53105.511 | HL10: 21600.002 | HM10: 17864.304 | HN10: 31268.586 | HO10: 16084.881 | HP10: 12773.408 | HQ10: 31843.227 | HR10: 10511.47 | HS10: 12978.037 | HT10: 34235.593 | HU10: 15192.531 | HV10: 15091.078 | HW10: 59938.559 | HX10: 18644.36 | HY10: 17822.964 | HZ10: 37115.744 | IA10: 15695.331 | IB10: 12565.62 | IC10: 38045.122 | ID10: 11147.666 | IE10: 8820.9276 | IF10: 35408.823 | IG10: 16737.483 | IH10: 11678.243 | II10: 59722.996 | IJ10: 18477.843 | IK10: 21455.21 | IL10: 38783.759 | IM10: 20682.927 | IN10: 17437.511 | IO10: 37188.39 | IP10: 3682.8548
A11: 1112.2 | B11: Social contribution on net profit - CSLL | C11: 2960.783 | D11: 2079.8262 | E11: 2188.6081 | F11: 2667.7996 | G11: 1780.1397 | H11: 2039.5551 | I11: 2706.3172 | J11: 1827.2522 | K11: 1986.2114 | L11: 2798.2068 | M11: 1813.4137 | N11: 1813.899 | O11: 3364.1543 | P11: 2447.1495 | Q11: 2787.7999 | R11: 2959.3903 | S11: 1972.7635 | T11: 2149.524 | U11: 3370.8188 | V11: 2496.3793 | W11: 2428.4934 | X11: 3725.7606 | Y11: 2807.6673 | Z11: 2821.134 | AA11: 5120.4708 | AB11: 2644.8676 | AC11: 2948.4313 | AD11: 3854.9308 | AE11: 2608.7053 | AF11: 3443.4543 | AG11: 4501.7026 | AH11: 3141.6835 | AI11: 2844.103 | AJ11: 5239.3526 | AK11: 2764.3832 | AL11: 2842.0964 | AM11: 5012.173 | AN11: 2943.5321 | AO11: 4436.1965 | AP11: 4283.661 | AQ11: 2845.6673 | AR11: 2740.244 | AS11: 4303.9429 | AT11: 2561.8554 | AU11: 3357.712 | AV11: 4668.3996 | AW11: 3389.6783 | AX11: 2566.7257 | AY11: 6298.8103 | AZ11: 2869.4275 | BA11: 3353.4214 | BB11: 4883.0812 | BC11: 2869.1408 | BD11: 2577.9303 | BE11: 4599.0009 | BF11: 3200.7088 | BG11: 2783.621 | BH11: 4936.4472 | BI11: 2964.4895 | BJ11: 4017.3227 | BK11: 7975.5043 | BL11: 3227.8372 | BM11: 4225.3191 | BN11: 5340.073 | BO11: 3139.2403 | BP11: 3349.2478 | BQ11: 10750.832 | BR11: 3550.5593 | BS11: 2909.655 | BT11: 5797.6277 | BU11: 3491.5662 | BV11: 3351.101 | BW11: 8885.8166 | BX11: 4624.4161 | BY11: 5037.1158 | BZ11: 4998.4619 | CA11: 2880.1727 | CB11: 3311.947 | CC11: 7328.5387 | CD11: 3163.1907 | CE11: 3701.031 | CF11: 5909.5746 | CG11: 3241.7131 | CH11: 3558.6599 | CI11: 11170.501 | CJ11: 4039.5655 | CK11: 3251.1389 | CL11: 5643.7905 | CM11: 4669.7988 | CN11: 2890.4171 | CO11: 6048.9179 | CP11: 3559.956 | CQ11: 3268.347 | CR11: 7165.0926 | CS11: 3343.3792 | CT11: 6764.3893 | CU11: 11535.197 | CV11: 3387.4889 | CW11: 4083.2816 | CX11: 6720.5252 | CY11: 3706.547 | CZ11: 3880.197 | DA11: 6329.2969 | DB11: 4463.7886 | DC11: 3527.4085 | DD11: 6618.1931 | DE11: 4557.9861 | DF11: 3771.1556 | DG11: 11188.115 | DH11: 4655.7989 | DI11: 4910.5648 | DJ11: 6087.0782 | DK11: 3419.5165 | DL11: 3416.5733 | DM11: 6004.9942 | DN11: 3056.7092 | DO11: 3156.9378 | DP11: 6234.6034 | DQ11: 3398.5174 | DR11: 3617.4807 | DS11: 12217.894 | DT11: 3795.5977 | DU11: 5542.3494 | DV11: 7699.486 | DW11: 4179.0496 | DX11: 3304.6601 | DY11: 7888.5432 | DZ11: 3352.9248 | EA11: 3913.7103 | EB11: 6740.6554 | EC11: 4167.7368 | ED11: 3957.3833 | EE11: 14374.287 | EF11: 4403.189 | EG11: 5337.0775 | EH11: 6786.5831 | EI11: 3316.3925 | EJ11: 3750.7448 | EK11: 6483.0247 | EL11: 4212.9712 | EM11: 4307.0308 | EN11: 7017.567 | EO11: 6217.7451 | EP11: 4479.6132 | EQ11: 14622.645 | ER11: 5311.8475 | ES11: 5306.632 | ET11: 7110.7823 | EU11: 4655.1411 | EV11: 3939.1852 | EW11: 7902.6629 | EX11: 4833.1417 | EY11: 4907.8734 | EZ11: 7131.4792 | FA11: 5188.0064 | FB11: 4841.3421 | FC11: 14876.556 | FD11: 6433.1503 | FE11: 5176.2441 | FF11: 7834.5745 | FG11: 4234.4943 | FH11: 4741.626 | FI11: 9916.5665 | FJ11: 5746.3749 | FK11: 3876.0149 | FL11: 8798.673 | FM11: 4886.5085 | FN11: 3853.5254 | FO11: 17228.223 | FP11: 5314.1175 | FQ11: 4161.6257 | FR11: 7316.0252 | FS11: 3773.2005 | FT11: 3332.3943 | FU11: 6302.3608 | FV11: 3609.2732 | FW11: 5007.6938 | FX11: 9187.4112 | FY11: 5949.3319 | FZ11: 6170.4774 | GA11: 18533.943 | GB11: 6347.1507 | GC11: 7443.1738 | GD11: 10330.601 | GE11: 7174.1664 | GF11: 5544.3088 | GG11: 12765.687 | GH11: 7482.0916 | GI11: 7025.9365 | GJ11: 13936.505 | GK11: 7698.09 | GL11: 8187.1558 | GM11: 31923.388 | GN11: 8749.3899 | GO11: 10683.481 | GP11: 15302.18 | GQ11: 8322.8627 | GR11: 10896.193 | GS11: 17160.782 | GT11: 10703.882 | GU11: 7977.0779 | GV11: 14215.391 | GW11: 12100.459 | GX11: 8058.2578 | GY11: 27482.72 | GZ11: 10499.619 | HA11: 9872.8668 | HB11: 16851.159 | HC11: 8213.8612 | HD11: 8688.4844 | HE11: 14796.831 | HF11: 9542.9077 | HG11: 7430.4874 | HH11: 15064.115 | HI11: 9826.0301 | HJ11: 6733.8701 | HK11: 31243.827 | HL11: 11629.454 | HM11: 10055.081 | HN11: 17349.576 | HO11: 9371.1555 | HP11: 8742.5037 | HQ11: 18520.954 | HR11: 9345.7403 | HS11: 7985.1386 | HT11: 19467.792 | HU11: 9934.1853 | HV11: 9451.8437 | HW11: 34810.949 | HX11: 10380.795 | HY11: 10719.972 | HZ11: 20295.282 | IA11: 9643.2768 | IB11: 8246.5857 | IC11: 21031.01 | ID11: 8270.3501 | IE11: 7847.1517 | IF11: 21222.569 | IG11: 10674.942 | IH11: 9253.8104 | II11: 36925.465 | IJ11: 9915.6808 | IK11: 12592.626 | IL11: 21318.21 | IM11: 13714.958 | IN11: 10501.488 | IO11: 23240.062 | IP11: 9363.9431
A12: 1112.3 | B12: Other taxes payable by corporations | C12: 4.6117903 | D12: 0.52566913 | E12: 0.43200712 | F12: 4.0173164 | G12: 0.07851379 | H12: 0.2627044 | I12: 0.35801261 | J12: 0.35224252 | K12: 0.30066298 | L12: 6.0760433 | M12: 0.29316897 | N12: 0.03598567 | O12: 3.60823 | P12: 2.1675984 | Q12: 0.11023119 | R12: 2.9110695 | S12: 2.7778243 | T12: 2.610178 | U12: 3.8760396 | V12: 3.8552254 | W12: 3.7917059 | X12: 1.1738723 | Y12: 3.5199727 | Z12: 2.3040246 | AA12: 3.6628356 | AB12: 3.836962 | AC12: 3.6367206 | AD12: 2.234181 | AE12: 0.8865671 | AF12: 0.86692547 | AG12: 6.4298672 | AH12: 5.6292317 | AI12: 5.6091918 | AJ12: 1.4833631 | AK12: 0.66462165 | AL12: 0.65113267 | AM12: 0.08045951 | AN12: 0.03382931 | AO12: 0.36634768 | AP12: 0.38150283 | AQ12: 0.01475014 | AR12: 0.0076651 | AS12: 1.2925631 | AT12: 0.58078186 | AU12: 0.01835207 | AV12: 0.06899947 | AW12: 0.02000235 | AX12: 0.01067482 | AY12: 8.7023651 | AZ12: 4.0973332 | BA12: 5.7972753 | BB12: 2.9077301 | BC12: 1.2857099 | BD12: 25.442819 | BE12: 8.8539606 | BF12: 5.103231 | BG12: 3.8690253 | BH12: 10.146199 | BI12: 24.30137 | BJ12: 31.733616 | BK12: 5.5457581 | BL12: 0.62428887 | BM12: 5.5217055 | BN12: 0.68256691 | BO12: 2.5780261 | BP12: 25.94388 | BQ12: 13.038579 | BR12: 15.326671 | BS12: 12.6589 | BT12: 45.036085 | BU12: 16.081718 | BV12: 13.224032 | BW12: 10.878439 | BX12: 0.69622552 | BY12: 5.7426941 | BZ12: 2.9899764 | CA12: 4.5562501 | CB12: 38.439886 | CC12: 13.698949 | CD12: 18.344951 | CE12: 55.748516 | CF12: 35.902161 | CG12: 27.505382 | CH12: 5.4290546 | CI12: 7.255132 | CJ12: 6.2012227 | CK12: 3.9041703 | CL12: 2.1643956 | CM12: 4.4646629 | CN12: 43.436453 | CO12: 19.358127 | CP12: 29.732643 | CQ12: 39.769929 | CR12: 35.928475 | CS12: 10.263366 | CT12: 4.4850692 | CU12: 4.3871142 | CV12: 4.5948108 | CW12: 5.4615781 | CX12: 2.4075208 | CY12: 5.5628367 | CZ12: 1.1369728 | DA12: 68.976237 | DB12: 15.54371 | DC12: -107.98317 | DD12: 0.05262417 | DE12: 7.36e-06 | DF12: 0 | DG12: 1.3835473 | DH12: 1.2356774 | DI12: 2.4376299 | DJ12: 4.5565103 | DK12: 1.2391831 | DL12: 0.80690078 | DM12: 0.48029413 | DN12: 2.075826 | DO12: 1.5163829 | DP12: 8.8570795 | DQ12: 1.3840388 | DR12: 0.75831993 | DS12: 6.6456126 | DT12: 1.979449 | DU12: 9.8159058 | DV12: 1.3949436 | DW12: 1.0867515 | DX12: 0.98075675 | DY12: 1.4428829 | DZ12: 1.5022314 | EA12: 0.53414384 | EB12: 1.0363622 | EC12: 2.3869685 | ED12: 2.3253251 | EE12: 6.41089 | EF12: 1.1222022 | EG12: 2.6363856 | EH12: 2.851007 | EI12: 2.0955783 | EJ12: 0.97989108 | EK12: 1.5240301 | EL12: 1.811427 | EM12: 4.3143176 | EN12: 1.3575797 | EO12: 1.8455869 | EP12: 12.787171 | EQ12: 3.695732 | ER12: 1.2806583 | ES12: 1.7721038 | ET12: 1.1642829 | EU12: 2.1333477 | EV12: 0.49272984 | EW12: 3.7786365 | EX12: 0.63741232 | EY12: 3.155434 | EZ12: 1.7332037 | FA12: 2.0597841 | FB12: 0.72349802 | FC12: 2.2099972 | FD12: 1.5766284 | FE12: 5.2400781 | FF12: 1.6379304 | FG12: 1.8762429 | FH12: 4.2026463 | FI12: 5.8541721 | FJ12: 0.71751541 | FK12: 0.62288461 | FL12: 0.96461076 | FM12: 1.1721449 | FN12: 1.4193243 | FO12: 1.7338454 | FP12: 1.9187715 | FQ12: 1.8494928 | FR12: 1.9694012 | FS12: 0.95955575 | FT12: 0.36933954 | FU12: 0.76255396 | FV12: 6.3126839 | FW12: 2.2046709 | FX12: 0.78452789 | FY12: 0.78748765 | FZ12: 0.20283649 | GA12: 1.1417638 | GB12: 1.2378394 | GC12: 6.9824241 | GD12: 1.4034737 | GE12: 0.72077126 | GF12: 0.8194823 | GG12: 1.8595262 | GH12: 0.9780865 | GI12: 1.1573687 | GJ12: 3.6386288 | GK12: 1.7795522 | GL12: 1.4063042 | GM12: 2.498758 | GN12: 1.5970259 | GO12: 12.630574 | GP12: 1.7573593 | GQ12: 0.59853862 | GR12: 2.2004005 | GS12: 2.5599715 | GT12: 3.0516807 | GU12: 2.1482952 | GV12: 16.797272 | GW12: 20.963456 | GX12: 5.0699486 | GY12: 3.3798718 | GZ12: 3.0137153 | HA12: 2.4955607 | HB12: 18.458165 | HC12: 1.5814247 | HD12: 1.9432415 | HE12: 1.7383177 | HF12: 4.217649 | HG12: 2.5923741 | HH12: 10.893864 | HI12: 8.7370224 | HJ12: 1.8521727 | HK12: 1.8333681 | HL12: 2.5760548 | HM12: 4.9943467 | HN12: 5.7071022 | HO12: 3.9874672 | HP12: 3.0131143 | HQ12: 1.4011991 | HR12: 10.555547 | HS12: 8.6190504 | HT12: 1.8782487 | HU12: 35.582898 | HV12: 11.14615 | HW12: 5.2126358 | HX12: 21.592468 | HY12: 3.7944563 | HZ12: 2.8404437 | IA12: 3.9634926 | IB12: 1.9886093 | IC12: 6.0683788 | ID12: 9.6787575 | IE12: 0.2826161 | IF12: 1.5586421 | IG12: 0.38511329 | IH12: 4.4071098 | II12: 4.9714953 | IJ12: 9.2631729 | IK12: 3.0631768 | IL12: 96.183112 | IM12: 11.720858 | IN12: 4.1841186 | IO12: 21.134373 | IP12: 8.6468821
A13: 1113 | B13: Other taxes on income, profits, and capital gains | C13: 2647.5503 | D13: 1602.8334 | E13: 1711.0081 | F13: 2034.1676 | G13: 1883.4863 | H13: 5715.2833 | I13: 1784.4813 | J13: 1878.2823 | K13: 2294.7317 | L13: 2644.6274 | M13: 1938.1083 | N13: 6415.6286 | O13: 2843.3842 | P13: 1725.3463 | Q13: 1814.4432 | R13: 2031.8909 | S13: 1967.2306 | T13: 5590.0517 | U13: 2160.5788 | V13: 2179.4195 | W13: 1967.3178 | X13: 2702.3287 | Y13: 1997.6133 | Z13: 6597.5059 | AA13: 3460.7708 | AB13: 2015.3407 | AC13: 2323.8491 | AD13: 2751.7718 | AE13: 2311.2449 | AF13: 5167.6749 | AG13: 2670.3679 | AH13: 2512.742 | AI13: 2576.2764 | AJ13: 3661.526 | AK13: 3258.7061 | AL13: 7799.882 | AM13: 4864.056 | AN13: 2276.6683 | AO13: 2361.7207 | AP13: 2257.8764 | AQ13: 2626.4209 | AR13: 5175.186 | AS13: 3085.1051 | AT13: 2117.424 | AU13: 2220.0077 | AV13: 3301.0355 | AW13: 2718.7759 | AX13: 6455.9777 | AY13: 4037.5257 | AZ13: 2084.1485 | BA13: 2539.3611 | BB13: 2760.9829 | BC13: 3404.2659 | BD13: 5433.0981 | BE13: 2718.6762 | BF13: 2566.3928 | BG13: 2793.1008 | BH13: 3583.4141 | BI13: 2798.1815 | BJ13: 7748.6033 | BK13: 5729.2483 | BL13: 2928.5001 | BM13: 2774.8827 | BN13: 4015.6882 | BO13: 3454.0588 | BP13: 7393.4476 | BQ13: 3870.2452 | BR13: 3466.1261 | BS13: 3137.8256 | BT13: 5270.5286 | BU13: 3899.5768 | BV13: 9832.3424 | BW13: 5288.253 | BX13: 3090.6527 | BY13: 3440.4006 | BZ13: 4452.9944 | CA13: 3850.3588 | CB13: 7993.0912 | CC13: 3877.5859 | CD13: 3451.1465 | CE13: 3247.0481 | CF13: 4012.2665 | CG13: 3910.5715 | CH13: 9426.8648 | CI13: 5662.8821 | CJ13: 3319.0678 | CK13: 4249.0953 | CL13: 5058.8733 | CM13: 4706.6891 | CN13: 6167.5358 | CO13: 3661.7647 | CP13: 4605.5681 | CQ13: 5205.4635 | CR13: 5196.9773 | CS13: 4309.0928 | CT13: 10858.263 | CU13: 6557.5352 | CV13: 4179.3365 | CW13: 4438.3304 | CX13: 6207.7026 | CY13: 4257.6116 | CZ13: 7606.7827 | DA13: 4539.15 | DB13: 4723.1153 | DC13: 5103.5233 | DD13: 5379.5115 | DE13: 4997.2729 | DF13: 11952.39 | DG13: 7883.6932 | DH13: 4382.3046 | DI13: 6414.4256 | DJ13: 6736.0338 | DK13: 6168.5785 | DL13: 11066.09 | DM13: 5480.11 | DN13: 5348.0283 | DO13: 6085.1875 | DP13: 6231.8935 | DQ13: 6531.6176 | DR13: 15797.12 | DS13: 8725.8228 | DT13: 5456.7421 | DU13: 5845.8458 | DV13: 6605.7495 | DW13: 5892.9761 | DX13: 12162.86 | DY13: 6396.8629 | DZ13: 5535.754 | EA13: 6259.4439 | EB13: 6944.0343 | EC13: 6264.0074 | ED13: 17263.304 | EE13: 9741.7572 | EF13: 5650.7182 | EG13: 6720.6969 | EH13: 7502.3245 | EI13: 5977.6297 | EJ13: 12889.288 | EK13: 6484.4354 | EL13: 6062.2175 | EM13: 6622.1437 | EN13: 6428.8981 | EO13: 6175.875 | EP13: 16178.481 | EQ13: 10270.992 | ER13: 5879.2781 | ES13: 7043.8048 | ET13: 6075.0601 | EU13: 5817.0651 | EV13: 10958.476 | EW13: 7138.1834 | EX13: 7624.8982 | EY13: 6468.2683 | EZ13: 7248.0728 | FA13: 7846.7172 | FB13: 17294.803 | FC13: 12187.245 | FD13: 6866.0805 | FE13: 7430.2652 | FF13: 7038.1795 | FG13: 8166.9085 | FH13: 12544.165 | FI13: 7997.2586 | FJ13: 7086.6711 | FK13: 6737.1804 | FL13: 7008.7996 | FM13: 8216.0692 | FN13: 17380.618 | FO13: 11849.878 | FP13: 7161.5022 | FQ13: 7818.6133 | FR13: 7739.4766 | FS13: 6550.905 | FT13: 8781.4221 | FU13: 7511.1502 | FV13: 6453.2384 | FW13: 6617.9905 | FX13: 8290.822 | FY13: 7094.3859 | FZ13: 13814.438 | GA13: 11101.543 | GB13: 6886.8903 | GC13: 6346.373 | GD13: 8240.5308 | GE13: 7681.9447 | GF13: 11272.478 | GG13: 8034.094 | GH13: 8699.7799 | GI13: 7717.6063 | GJ13: 8494.9282 | GK13: 8837.4738 | GL13: 20250.037 | GM13: 12845.128 | GN13: 9524.9006 | GO13: 9708.0381 | GP13: 11307.65 | GQ13: 10362.517 | GR13: 21976.177 | GS13: 11624.757 | GT13: 11956.784 | GU13: 11703.245 | GV13: 14821.122 | GW13: 11209.524 | GX13: 30653.59 | GY13: 20597.331 | GZ13: 11222.282 | HA13: 12889.441 | HB13: 13913.832 | HC13: 13041.528 | HD13: 24225.343 | HE13: 15406.276 | HF13: 11338.269 | HG13: 14574.785 | HH13: 15613.103 | HI13: 15490.2 | HJ13: 39006.768 | HK13: 24365.979 | HL13: 16681.49 | HM13: 16969.264 | HN13: 16022.719 | HO13: 15608.973 | HP13: 29799.797 | HQ13: 18128.474 | HR13: 19104.303 | HS13: 16843.231 | HT13: 16642.363 | HU13: 17386.839 | HV13: 39995.428 | HW13: 22639.093 | HX13: 17388.629 | HY13: 17983.158 | HZ13: 18157.363 | IA13: 21006.377 | IB13: 35228.738 | IC13: 19206.13 | ID13: 18205.322 | IE13: 20063.514 | IF13: 21117.779 | IG13: 19082.845 | IH13: 49287.831 | II13: 27567.648 | IJ13: 19200.895 | IK13: 19289.34 | IL13: 23892.816 | IM13: 20547.905 | IN13: 40367.716 | IO13: 23982.472 | IP13: 25160.297
A14: 112 | B14: Taxes on payroll & workforce | C14: 826.55875 | D14: 556.6854 | E14: 576.5828 | F14: 562.83294 | G14: 577.94048 | H14: 614.5757 | I14: 603.82675 | J14: 715.70301 | K14: 631.91103 | L14: 633.78619 | M14: 667.62192 | N14: 945.14789 | O14: 932.13454 | P14: 407.72906 | Q14: 626.53418 | R14: 677.28167 | S14: 640.52453 | T14: 649.43577 | U14: 648.28973 | V14: 895.30623 | W14: 672.10152 | X14: 686.66742 | Y14: 724.85237 | Z14: 709.67033 | AA14: 1246.6408 | AB14: 718.81531 | AC14: 731.96203 | AD14: 743.44624 | AE14: 749.65139 | AF14: 786.90356 | AG14: 840.87987 | AH14: 813.14021 | AI14: 943.34686 | AJ14: 806.03023 | AK14: 814.61905 | AL14: 875.3549 | AM14: 1406.3973 | AN14: 815.94426 | AO14: 801.12608 | AP14: 833.6558 | AQ14: 834.84038 | AR14: 846.24358 | AS14: 953.92835 | AT14: 872.90411 | AU14: 905.02344 | AV14: 848.61493 | AW14: 882.35138 | AX14: 905.35212 | AY14: 1577.8118 | AZ14: 923.83809 | BA14: 917.10999 | BB14: 943.30078 | BC14: 1172.6358 | BD14: 982.29297 | BE14: 949.56307 | BF14: 973.51472 | BG14: 1033.7741 | BH14: 990.63682 | BI14: 1016.3005 | BJ14: 1050.2536 | BK14: 1869.4665 | BL14: 1135.6698 | BM14: 1080.2516 | BN14: 1178.1671 | BO14: 1104.1022 | BP14: 1115.3672 | BQ14: 1111.3906 | BR14: 1147.86 | BS14: 1443.9563 | BT14: 1167.4745 | BU14: 1175.409 | BV14: 1315.4917 | BW14: 2130.2535 | BX14: 1262.7887 | BY14: 1237.8735 | BZ14: 1372.7927 | CA14: 1272.0948 | CB14: 1277.674 | CC14: 1495.4611 | CD14: 1359.9231 | CE14: 1263.4431 | CF14: 1314.1371 | CG14: 1343.3429 | CH14: 1357.8122 | CI14: 2357.9233 | CJ14: 1436.1913 | CK14: 1385.8333 | CL14: 1407.2212 | CM14: 1554.9124 | CN14: 1477.1352 | CO14: 1656.2795 | CP14: 1471.6679 | CQ14: 1473.1082 | CR14: 1497.5136 | CS14: 1508.7424 | CT14: 1498.8277 | CU14: 2691.1781 | CV14: 1522.0721 | CW14: 1577.9532 | CX14: 1575.918 | CY14: 1713.3101 | CZ14: 1602.1638 | DA14: 1832.0508 | DB14: 1601.0352 | DC14: 1637.7892 | DD14: 1629.7367 | DE14: 1634.8419 | DF14: 1701.2682 | DG14: 2882.8122 | DH14: 1695.1631 | DI14: 1660.8034 | DJ14: 1785.5329 | DK14: 1696.809 | DL14: 1706.5936 | DM14: 1978.8134 | DN14: 1575.0567 | DO14: 1729.635 | DP14: 1631.6391 | DQ14: 1574.2367 | DR14: 1670.0453 | DS14: 2915.4471 | DT14: 1733.4183 | DU14: 1697.59 | DV14: 1926.8614 | DW14: 1713.3539 | DX14: 1730.7081 | DY14: 1984.1758 | DZ14: 1685.1726 | EA14: 1708.0725 | EB14: 1681.2573 | EC14: 1683.4314 | ED14: 1730.6708 | EE14: 3011.2838 | EF14: 1744.7216 | EG14: 1717.3859 | EH14: 1912.4824 | EI14: 1724.0638 | EJ14: 1809.9623 | EK14: 2015.7266 | EL14: 1757.3477 | EM14: 1773.8862 | EN14: 1732.0937 | EO14: 1755.0644 | EP14: 1778.246 | EQ14: 3113.765 | ER14: 1789.3935 | ES14: 1771.2748 | ET14: 1749.4768 | EU14: 1766.0823 | EV14: 1759.2339 | EW14: 1830.2214 | EX14: 1761.4406 | EY14: 2715.3058 | EZ14: 1768.1065 | FA14: 1815.2721 | FB14: 2565.7043 | FC14: 2401.7676 | FD14: 1862.0729 | FE14: 1821.2954 | FF14: 1819.2836 | FG14: 2158.8488 | FH14: 1837.7803 | FI14: 1820.1746 | FJ14: 1884.4 | FK14: 1853.6364 | FL14: 1857.8716 | FM14: 1861.5304 | FN14: 3059.9236 | FO14: 2168.5087 | FP14: 1856.5125 | FQ14: 1871.7033 | FR14: 1712.9478 | FS14: 1750.0626 | FT14: 1672.2405 | FU14: 1752.5774 | FV14: 1783.9994 | FW14: 1793.1099 | FX14: 1852.3944 | FY14: 1910.7411 | FZ14: 3144.1975 | GA14: 2136.0216 | GB14: 1958.655 | GC14: 1925.7161 | GD14: 2001.0881 | GE14: 1916.5681 | GF14: 1970.0623 | GG14: 1995.7745 | GH14: 2027.4452 | GI14: 2049.2228 | GJ14: 2073.9274 | GK14: 2456.3288 | GL14: 3710.9366 | GM14: 2335.9343 | GN14: 2234.8547 | GO14: 2242.3034 | GP14: 2254.1089 | GQ14: 2288.0649 | GR14: 2341.7184 | GS14: 2344.6527 | GT14: 2388.8952 | GU14: 2372.0753 | GV14: 2555.8166 | GW14: 2287.851 | GX14: 4141.6421 | GY14: 2577.1288 | GZ14: 2593.6607 | HA14: 2554.8073 | HB14: 2519.5863 | HC14: 2616.5837 | HD14: 2767.225 | HE14: 2587.1872 | HF14: 2591.6556 | HG14: 2627.3682 | HH14: 2707.878 | HI14: 2674.328 | HJ14: 4733.0748 | HK14: 2823.4005 | HL14: 2675.324 | HM14: 2676.0113 | HN14: 2763.8232 | HO14: 2619.1376 | HP14: 2770.1439 | HQ14: 2810.5505 | HR14: 3067.295 | HS14: 2780.215 | HT14: 2826.3564 | HU14: 2978.707 | HV14: 4877.3399 | HW14: 3046.9589 | HX14: 3057.2303 | HY14: 3017.181 | HZ14: 3018.6657 | IA14: 3080.627 | IB14: 3181.394 | IC14: 2942.4777 | ID14: 2907.7817 | IE14: 3109.6638 | IF14: 3042.2816 | IG14: 3017.1233 | IH14: 5636.139 | II14: 3288.7042 | IJ14: 3376.2331 | IK14: 3317.9939 | IL14: 3311.4309 | IM14: 3316.1328 | IN14: 3289.1894 | IO14: 3291.1019 | IP14: 3578.7322
